Workbook
Name OLE_LINK1: 'Annex 3 Preserved charges'!#REF!

Sheet Overview
A2: Company and Licence name, charging year, effective from, status
B3: Company and Licence name | C3: Year | D3: Effective From | E3: Status
A4: Company and Licence name, charging year, effective from, status | B4: Eastern Power Networks | C4: 2026/27 | D4: 1 April 2026 | E4: Final
A6: List of data tables in this workbook
A7: Worksheet | B7: Information
A8: Annex 1 LV, HV and Unmetered Supplies charges | B8: Annex 1 contains the charges to LV and HV Designated Properties and Unmetered Supplies.
A9: Annex 2 Designated EHV charges | B9: ="Annex 2 contains the charges to Designated EHV Properties and charges applied to LDNOs with Designated EHV Properties/end-users embedded in networks within the " &B4 &" Licence area." -> Annex 2 contains the charges to Designated EHV Properties and charges applied to LDNOs with Designated EHV Properties/end-users embedded in networks within the Eastern Power Networks Licence area.
A10: Annex 3 Preserved charges | B10: Annex 3 contains details of any preserved and additional charges that are valid at this time.
A11: Annex 4 LDNO charges | B11: ="Annex 4 contains charges that are levied on the owner of an embedded network within the "&B4&" Licence area. "&"Electricity suppliers and consumers who have properties connected to an embedded network should contact the embedded network owner to determine their distribution charges."&" The charges listed in this table are not payable by domestic consumers, business consumers or electricity suppliers." -> Annex 4 contains charges that are levied on the owner of an embedded network within the Eastern Power Networks Licence area. Electricity suppliers and consumers who have properties connected to an embedded network should contact the embedded network owner to determine their distribution charges. The charges listed in this table are not payable by domestic consumers, business consumers or electricity suppliers.
A12: Annex 5 LLFs | B12: Annex 5 has been intentionally left blank as this charging statement is published a complete year before the LLFs have been audited. The line loss factors that are approved by the BSC Panel for the applicable year and consequently published on the Elexon website will take precedence and be used in Settlement. This annex will be re-published with these values once they are available.
A13: Annex 6 Charges for New or Amended Designated EHV Properties | B13: ="Annex 6 contains the charges for new or amended Designated EHV Properties and charges applied to LDNOs with new or amended Designated EHV Properties/end-users embedded in networks within the " &B4 &" Licence area." -> Annex 6 contains the charges for new or amended Designated EHV Properties and charges applied to LDNOs with new or amended Designated EHV Properties/end-users embedded in networks within the Eastern Power Networks Licence area.
A14: Annex 7 Fixed adders for Supplier of Last Resort and Eligible Bad Debt pass-through costs | B14: Annex 7 contains the fixed adders to recover Supplier of Last Resort and Eligible Bad Debt pass-through costs. The Excess Supplier of Last Resort fixed adder relates to an increase to previously published charges only.
A15: Nodal prices | B15: Contains the underlying nodal costs used to calculate the current EDCM charges.
A16: SSC unit rate lookup | B16: Contains a mapping of Standard Settlement Configurations to common decodings
A17: Residual Charging Bandings | B17: Contains the four Residual charging band allocation for Customers
A18: TNUoS Mapping | B18: Contains a mapping of DUoS Tariffs to TNUoS Site Charging Bands
A19: Charge calculator | B19: Charge calculator is a tool to help you estimate your distribution charges using current consumption data and forecast consumption data.
A21: Notes to users of this spreadsheet
A23: Please use this spreadsheet with reference to the LC14 use of system charging statement.
A25: Notes to DNOs populating this spreadsheet
A27: DNOs must endeavour to maintain consistency in the structure of this spreadsheet. Any changes to the structure must be noted in the 'Notes to users of this spreadsheet'
A28: The drop down list on the charge calculator can be expanded by unprotecting the charge calculator sheet and selecting 'data', 'data validation...' and then expanding the 'source' data range. The sheet can then be protected.

Sheet Annex 1 LV, HV and UMS charges
A1: Back to Overview
A2: =Overview!B4& " - Effective from "&Overview!D4&" - "&Overview!E4&" LV and HV charges" -> Eastern Power Networks - Effective from 1 April 2026 - Final LV and HV charges
A4: Time Bands for LV and HV Designated Properties | G4: Time Bands for Unmetered Properties
A5: Time periods | B5: Red Time Band | C5: Amber Time Band | E5: Green Time Band | I5: Black Time Band | J5: Yellow Time Band | K5: Green Time Band
A6: Monday to Friday (Including Bank Holidays) All Year | B6: 16:00 - 19:00 | C6: 07:00 - 16:00 19:00 - 23:00 | E6: 00:00 - 07:00 23:00 - 24:00 | G6: Monday to Friday (Including Bank Holidays) November to February Inclusive | I6: 16:00 - 19:00 | J6: 07:00 - 16:00 19:00 - 23:00 | K6: 00:00 - 07:00 23:00 - 24:00
A7: Saturday and Sunday All Year | E7: 00:00 - 24:00 | G7: Monday to Friday (Including Bank Holidays) March to October Inclusive | J7: 07:00 - 23:00 | K7: 00:00 - 07:00 23:00 - 24:00
A8: Notes | B8: All the above times are in UK Clock time | G8: Saturday and Sunday All Year | K8: 00:00 - 24:00
G9: Notes | I9: All the above times are in UK Clock time
A12: Tariff name | B12: Open LLFCs/ DUoS Tariff IDs | C12: PCs | D12: Red/black unit charge p/kWh | E12: Amber/yellow unit charge p/kWh | F12: Green unit charge p/kWh | G12: Fixed charge p/MPAN/day | H12: Capacity charge p/kVA/day | I12: Exceeded capacity charge p/kVA/day | J12: Reactive power charge p/kVArh | K12: Closed LLFCs/ DUoS Tariff IDs
A13: Domestic Aggregated or CT with Residual | B13: 1 | C13: 0, 1, 2 | D13: 15.491 | E13: 1.907 | F13: 0.244 | G13: 9.05 | K13: 3, 7
A14: Domestic Aggregated (Related MPAN) | B14: 2 | C14: 2 | D14: 15.491 | E14: 1.907 | F14: 0.244
A15: Non-Domestic Aggregated or CT No Residual | B15: 199 | C15: 0, 3, 4, 5-8 | D15: 11.716 | E15: 1.442 | F15: 0.184 | G15: 9.42
A16: Non-Domestic Aggregated or CT Band 1 | B16: 201, N01 | C16: 0, 3, 4, 5-8 | D16: 11.716 | E16: 1.442 | F16: 0.184 | G16: 9.65
A17: Non-Domestic Aggregated or CT Band 2 | B17: 202, N02 | C17: 0, 3, 4, 5-8 | D17: 11.716 | E17: 1.442 | F17: 0.184 | G17: 10.08
A18: Non-Domestic Aggregated or CT Band 3 | B18: 203, N03 | C18: 0, 3, 4, 5-8 | D18: 11.716 | E18: 1.442 | F18: 0.184 | G18: 10.82
A19: Non-Domestic Aggregated or CT Band 4 | B19: 204, N04 | C19: 0, 3, 4, 5-8 | D19: 11.716 | E19: 1.442 | F19: 0.184 | G19: 13.03
A20: Non-Domestic Aggregated (related MPAN) | B20: 200 | C20: 4 | D20: 11.716 | E20: 1.442 | F20: 0.184
A21: LV Site Specific No Residual | B21: 70 | C21: 0 | D21: 8.149 | E21: 0.937 | F21: 0.108 | G21: 21.5 | H21: 8.04 | I21: 8.04 | J21: 0.369
A22: LV Site Specific Band 1 | B22: 71 | C22: 0 | D22: 8.149 | E22: 0.937 | F22: 0.108 | G22: 28.67 | H22: 8.04 | I22: 8.04 | J22: 0.369
A23: LV Site Specific Band 2 | B23: 72 | C23: 0 | D23: 8.149 | E23: 0.937 | F23: 0.108 | G23: 33.09 | H23: 8.04 | I23: 8.04 | J23: 0.369
A24: LV Site Specific Band 3 | B24: 73 | C24: 0 | D24: 8.149 | E24: 0.937 | F24: 0.108 | G24: 37.45 | H24: 8.04 | I24: 8.04 | J24: 0.369
A25: LV Site Specific Band 4 | B25: 74 | C25: 0 | D25: 8.149 | E25: 0.937 | F25: 0.108 | G25: 66.66 | H25: 8.04 | I25: 8.04 | J25: 0.369
A26: LV Sub Site Specific No Residual | B26: 80 | C26: 0 | D26: 5.506 | E26: 0.563 | F26: 0.052 | G26: 17.95 | H26: 6.06 | I26: 6.06 | J26: 0.22
A27: LV Sub Site Specific Band 1 | B27: 81 | C27: 0 | D27: 5.506 | E27: 0.563 | F27: 0.052 | G27: 25.12 | H27: 6.06 | I27: 6.06 | J27: 0.22
A28: LV Sub Site Specific Band 2 | B28: 82 | C28: 0 | D28: 5.506 | E28: 0.563 | F28: 0.052 | G28: 29.54 | H28: 6.06 | I28: 6.06 | J28: 0.22
A29: LV Sub Site Specific Band 3 | B29: 83 | C29: 0 | D29: 5.506 | E29: 0.563 | F29: 0.052 | G29: 33.9 | H29: 6.06 | I29: 6.06 | J29: 0.22
A30: LV Sub Site Specific Band 4 | B30: 84 | C30: 0 | D30: 5.506 | E30: 0.563 | F30: 0.052 | G30: 63.12 | H30: 6.06 | I30: 6.06 | J30: 0.22
A31: HV Site Specific No Residual | B31: 90 | C31: 0 | D31: 4.837 | E31: 0.457 | F31: 0.038 | G31: 181.7 | H31: 5.31 | I31: 5.31 | J31: 0.183
A32: HV Site Specific Band 1 | B32: 91 | C32: 0 | D32: 4.837 | E32: 0.457 | F32: 0.038 | G32: 240.75 | H32: 5.31 | I32: 5.31 | J32: 0.183
... A35: HV Site Specific Band 4 | B35: 94 | C35: 0 | D35: 4.837 | E35: 0.457 | F35: 0.038 | G35: 855.53 | H35: 5.31 | I35: 5.31 | J35: 0.183
A36: Unmetered Supplies | B36: 100, 101, 102, 103, 350 | C36: 0, 1 or 8 | D36: 39.967 | E36: 3.385 | F36: 2.051 | K36: 110, 111, 112, 113, 150, 151, 152, 153, 160, 161, 162, 163
A37: LV Generation Aggregated | B37: 932 | C37: 0, 8 | D37: -9.135 | E37: -1.124 | F37: -0.144 | G37: 0
A38: LV Sub Generation Aggregated | C38: 0 | D38: -7.369 | E38: -0.865 | F38: -0.103 | G38: 0
A39: LV Generation Site Specific | B39: 980 | C39: 0 | D39: -9.135 | E39: -1.124 | F39: -0.144 | G39: 0 | J39: 0.459
A40: LV Generation Site Specific no RP charge | B40: 981 | C40: 0 | D40: -9.135 | E40: -1.124 | F40: -0.144 | G40: 0
A41: LV Sub Generation Site Specific | B41: 984 | C41: 0 | D41: -7.369 | E41: -0.865 | F41: -0.103 | G41: 0 | J41: 0.328
A42: LV Sub Generation Site Specific no RP charge | B42: 985 | C42: 0 | D42: -7.369 | E42: -0.865 | F42: -0.103 | G42: 0
A43: HV Generation Site Specific | B43: 988 | C43: 0 | D43: -5.466 | E43: -0.559 | F43: -0.052 | G43: 12.88 | J43: 0.277
A44: HV Generation Site Specific no RP charge | B44: 989 | C44: 0 | D44: -5.466 | E44: -0.559 | F44: -0.052 | G44: 12.88

Sheet Annex 2 Designated EHV charges
A1: Back to Overview | C1: Note: The DNO reserves the right to apply the listed charges to any other MPANs/MSIDs associated with the site. This includes reallocating charges to a traded MPAN at the same site where another MPAN has been disconnected or de-energised.
A2: =Overview!B4& " - Effective from "&Overview!D4&" - "&Overview!E4&" Designated EHV charges" -> Eastern Power Networks - Effective from 1 April 2026 - Final Designated EHV charges
A4: Time Periods for Designated EHV Properties
A5: Time periods | D5: Super Red Time Band
A6: Monday to Friday (Including Bank Holidays) November to February Inclusive | D6: 16:00 - 19:00
A7: Notes | D7: All the above times are in UK Clock time
A9: Import Unique Identifier | B9: LLFC/ DUoS Tariff ID | C9: Import MPANs/MSIDs | D9: Export Unique Identifier | E9: LLFC/ DUoS Tariff ID | F9: Export MPANs/MSIDs | G9: Name | H9: Residual Charging Band | I9: Import Super Red unit charge (p/kWh) | J9: Import fixed charge (p/day) | K9: Import capacity charge (p/kVA/day) | L9: Import exceeded capacity charge (p/kVA/day) | M9: Export Super Red unit charge (p/kWh) | N9: Export fixed charge (p/day) | O9: Export capacity charge (p/kVA/day) | P9: Export exceeded capacity charge (p/kVA/day)
A10: 3VALSW | B10: 585 | C10: 1014569699836 | G10: 3VALSW | H10: 1 | I10: 0 | J10: 10539.44 | K10: 5.82 | L10: 5.82
A11: ADBRKS | B11: 586 | C11: 1023529546480 | G11: ADBRKS | H11: 3 | I11: 1.593 | J11: 64163.97 | K11: 3.63 | L11: 3.63
A12: ARAMAN | B12: 800 | C12: 1023483097981 | G12: ARAMAN | H12: 4 | I12: 0.513 | J12: 83703.51 | K12: 1.41 | L12: 1.41
A13: ARKENF | B13: 328 | C13: 1050001901140 | G13: ARKENF | H13: 4 | I13: 0.027 | J13: 80651.81 | K13: 1.34 | L13: 1.34
A14: ARLAFD | B14: 587 | C14: 1030081553176;1030081553404 | D14: ARLAFD | E14: 710 | F14: 1030085114723;1030085114955 | G14: ARLAFD | H14: 2 | I14: 2.143 | J14: 24761.92 | K14: 1.35 | L14: 1.35 | M14: -2.057 | N14: 146.58 | O14: 0.05 | P14: 0.05
A15: AW_GRA | B15: 588 | C15: 1014571445536;1023477037942 | D15: AW_GRA | E15: 400 | F15: 1050001872410;1050001872400 | G15: AW_GRA | H15: 2 | I15: 1.567 | J15: 24426.14 | K15: 5.81 | L15: 5.81 | M15: 0 | N15: 91.48 | O15: 0.05 | P15: 0.05
A16: AWOUSE | B16: 589 | C16: 1014571965793;1023475403798 | G16: AWOUSE | H16: 1 | I16: 0.739 | J16: 5403.87 | K16: 3.51 | L16: 3.51
A17: BERMAT | B17: 590 | C17: 1014571751895 | G17: BERMAT | H17: 1 | I17: 0 | J17: 5208.44 | K17: 4.04 | L17: 4.04
A18: BOCTHA | B18: 803 | C18: 1014572608412 | G18: BOCTHA | H18: 2 | I18: 1.772 | J18: 26055.93 | K18: 6.86 | L18: 6.86
A19: BPA_CO | B19: 804 | C19: 1014572578282 | G19: BPA_CO | H19: 1 | I19: 0.299 | J19: 6004.06 | K19: 3.3 | L19: 3.3
A20: BPTLTD | B20: 591 | C20: 1014572502380;1023475256360 | G20: BPTLTD | H20: 2 | I20: 2.288 | J20: 24713.06 | K20: 1.97 | L20: 1.97
A21: BREFC2 | B21: 333 | C21: 1050002055558 | D21: BREFC2 | E21: 410 | F21: 1050002055567 | G21: BREFC2 | H21: 1 | I21: 0 | J21: 5292.29 | K21: 4.5 | L21: 4.5 | M21: 0 | N21: 41.89 | O21: 0.05 | P21: 0.05
A22: BTLCOM | B22: 592 | C22: 1014572546086;1023545733475;1050000169030 | G22: BTLCOM | H22: 2 | I22: 2.519 | J22: 25103.94 | K22: 3.96 | L22: 3.96
A23: BUNCDC | C23: ENET | G23: BUNCDC | H23: 4 | I23: 0 | J23: 68693.98 | K23: 2.56 | L23: 2.56
A24: CEMXUK | B24: 593 | C24: 1014571132500;1023474247588 | G24: CEMXUK | H24: 1 | I24: 6.584 | J24: 5403.87 | K24: 2.83 | L24: 2.83
A25: CMRODC | B25: 594 | C25: 1050001068050;1050001068069 | G25: CMRODC | H25: 1 | I25: 2.422 | J25: 5455.54 | K25: 1.34 | L25: 1.34
A26: CROWNP | B26: 335 | C26: 1050001472920 | D26: CROWNP | E26: 413 | F26: 1050002018370 | G26: CROWNP | H26: 1 | I26: 0 | J26: 5932.54 | K26: 1.62 | L26: 1.62 | M26: 0 | N26: 1114.6 | O26: 0.05 | P26: 0.05
A27: DELTAP | C27: ENET | G27: DELTAP | H27: 2 | I27: 1.212 | J27: 22775.05 | K27: 1.75 | L27: 1.75
A28: DGRLTY | B28: 595 | C28: 1030050289278;1030050289506 | G28: DGRLTY | H28: 4 | I28: 1.115 | J28: 91914.86 | K28: 1.3 | L28: 1.3
A29: DRABED | B29: 809 | C29: 1014572509517 | G29: DRABED | H29: 1 | I29: 0.614 | J29: 18484.81 | K29: 1.56 | L29: 1.56
A30: EMR_TI | B30: 813 | C30: 1014572805060;1023475632649 | G30: EMR_TI | H30: 2 | I30: 0.159 | J30: 25481.04 | K30: 1.49 | L30: 1.49
A31: ESWMID | B31: 596 | C31: 1014572640842;1014572641075 | D31: ESWMID | E31: 432 | F31: 1023518907371;1023518908064 | G31: ESWMID | H31: 1 | I31: 4.499 | J31: 5377.82 | K31: 3.26 | L31: 3.26 | M31: -4.41 | N31: 26.06 | O31: 0.05 | P31: 0.05
A32: ESWWIX | B32: 597 | C32: 1014572713989 | G32: ESWWIX | H32: 1 | I32: 10.697 | J32: 10853.38 | K32: 2.1 | L32: 2.1
A33: FORD_D | B33: 818 | C33: 1015684515819 | G33: FORD_D | H33: 4 | I33: 0.044 | J33: 117066.52 | K33: 2.24 | L33: 2.24
A34: FRDHVS | B34: 598 | C34: 1014572810813 | G34: FRDHVS | H34: 3 | I34: 3.445 | J34: 59223.84 | K34: 3.36 | L34: 3.36
A35: FUJISL | B35: 599 | C35: 1023526590750;1023526590982;1023526591211 | G35: FUJISL | H35: 2 | I35: 2.763 | J35: 24908.5 | K35: 2.09 | L35: 2.09
A36: FXDFAG | B36: 474 | C36: 1014572633250;1023479907422 | G36: FXDFAG | H36: 2 | I36: 1.317 | J36: 29406.09 | K36: 3.13 | L36: 3.13
A37: FXDOYS | B37: 475 | C37: 1023482441566;1023492579962 | G37: FXDOYS | H37: 2 | I37: 1.314 | J37: 29406.09 | K37: 2.74 | L37: 2.74
A38: GLXOST | B38: 476 | C38: 1014569657748;1014569657970 | G38: GLXOST | H38: 3 | I38: 1.585 | J38: 58637.53 | K38: 2.63 | L38: 2.63
A39: GLXOW2 | B39: 477 | C39: 1023475634488;1023475635409 | G39: GLXOW2 | H39: 2 | I39: 4.705 | J39: 24713.06 | K39: 3.29 | L39: 3.29
A40: GLXOWR | B40: 478 | C40: 1014570677103;1023475633563;1023475634256;1023475634948;1023484819994 | D40: GLXOWR | E40: 433 | F40: 1030074763118;1030074763340 | G40: GLXOWR | H40: 2 | I40: 4.705 | J40: 24713.06 | K40: 2.8 | L40: 2.8
A41: HEINZF | B41: 479 | C41: 1014573127752 | G41: HEINZF | H41: 1 | I41: 2.702 | J41: 5208.44 | K41: 4.47 | L41: 4.47
A42: HRLWDC | B42: 480 | C42: 1050001003372;1050001003381;1050001003390 | G42: HRLWDC | H42: 2 | I42: 0.349 | J42: 49145.12 | K42: 1.44 | L42: 1.44
A43: HS2_AT | B43: 319 | C43: 1050002167017;1050002167026;1050002167035;1050002167044 | G43: HS2_AT | H43: 4 | I43: 3.057 | J43: 77108.39 | K43: 1.22 | L43: 1.22
A44: HS2WRU | B44: 318 | C44: 1050002218665;1050002218656 | G44: HS2WRU | H44: 3 | I44: 0.767 | J44: 77748.46 | K44: 1.78 | L44: 1.78
A45: HTFD_L | B45: 820 | C45: 1014569896484 | G45: HTFD_L | H45: 1 | I45: 0.192 | J45: 5555.46 | K45: 1.68 | L45: 1.68
A46: INFSSE | C46: ENET | G46: INFSSE | H46: 4 | I46: 2.776 | J46: 70464.13 | K46: 1.25 | L46: 1.25
A47: KLYN33 | C47: MSID: 7044 | G47: KLYN33 | I47: 0 | J47: 442.54 | K47: 1.32 | L47: 1.32
A48: LAKENH | B48: 482 | C48: 1023504932800;1050002056960;1050001791601 | G48: LAKENH | H48: 2 | I48: 1.206 | J48: 25103.94 | K48: 5.35 | L48: 5.35
A49: LBARPS | C49: MSID: 7409 | G49: LBARPS | I49: 0 | J49: 442.54 | K49: 1.48 | L49: 1.48
A50: LS&E_N | B50: 823 | C50: 1014568599280;1023477604661 | G50: LS&E_N | H50: 1 | I50: 0.919 | J50: 7391.86 | K50: 2.02 | L50: 2.02
A51: LU_FIN | B51: 825 | C51: 1023478728447;1023478728907 | G51: LU_FIN | H51: 3 | I51: 0 | J51: 59231.65 | K51: 2.88 | L51: 2.88
A52: LU_MHO | B52: 864 | C52: 1030059686387;1030060990025;1030060990257;1030060990489 | G52: LU_MHO | H52: 4 | I52: 0.006 | J52: 149395.53 | K52: 2.51 | L52: 2.51
A53: LU_NEA | B53: 431 | C53: 1050000907391;1050000907407;1050000907416;1050000907443 | G53: LU_NEA | H53: 4 | I53: 0.254 | J53: 143150.86 | K53: 2.61 | L53: 2.61
A54: MAXWDC | C54: ENET | G54: MAXWDC | H54: 2 | I54: 0.012 | J54: 23702.12 | K54: 1.16 | L54: 1.16
A55: MLVLCM | B55: 484 | C55: 1030062915127 | G55: MLVLCM | H55: 1 | I55: 0.114 | J55: 5208.44 | K55: 1.42 | L55: 1.42
A56: MSDHOD | B56: 828 | C56: 1023533706269;1023533706490 | G56: MSDHOD | H56: 1 | I56: 0 | J56: 11293.67 | K56: 2.98 | L56: 2.98
A57: NEWHOL | B57: 807 | C57: 1014569560220 | G57: NEWHOL | H57: 2 | I57: 2.133 | J57: 27945.03 | K57: 2.67 | L57: 2.67
A58: NEWSIL | B58: 829 | C58: 1030022814396;1030022814624;1030022814856;1030022815089 | G58: NEWSIL | H58: 3 | I58: 0.008 | J58: 59028.4 | K58: 1.58 | L58: 1.58
A59: NR_BAS | B59: 840 | C59: 1023478020044 | D59: NR_BAS | E59: 722 | F59: 1023545945010 | G59: NR_BAS | H59: 2 | I59: 0 | J59: 37489.53 | K59: 3.07 | L59: 3.07
A60: NR_COL | B60: 842 | C60: 1014572898446;1030076303426 | D60: NR_COL | E60: 720 | F60: 1023545945047;1030077668707 | G60: NR_COL | H60: 2 | I60: 0 | J60: 36886.09 | K60: 3.93 | L60: 3.93 | M60: 0 | N60: 3426.52 | O60: 0.05 | P60: 0.05
A61: NR_CRW | B61: 843 | C61: 1014572578742 | D61: NR_CRW | E61: 721 | F61: 1023545945029 | G61: NR_CRW | H61: 3 | I61: 1.336 | J61: 70528.92 | K61: 4.08 | L61: 4.08
A62: NR_GRA | B62: 844 | C62: 1014573096936 | G62: NR_GRA | H62: 2 | I62: 0.34 | J62: 30463.32 | K62: 1.41 | L62: 1.41
A63: NR_HOR | B63: 845 | C63: 1014572986535 | G63: NR_HOR | H63: 3 | I63: 0.849 | J63: 64830.33 | K63: 3.55 | L63: 3.55
A64: NR_KNG | B64: 846 | C64: 1014572901666 | D64: NR_KNG | E64: 472 | F64: 1050000419767 | G64: NR_KNG | H64: 1 | I64: 0 | J64: 11596.67 | K64: 2.33 | L64: 2.33
A65: NR_LBR | B65: 847 | C65: 1014572780683 | G65: NR_LBR | H65: 3 | I65: 0.059 | J65: 74806.16 | K65: 2.77 | L65: 2.77
A66: NR_MAN | B66: 848 | C66: 1014572821160 | D66: NR_MAN | E66: 723 | F66: 1023545947499 | G66: NR_MAN | H66: 2 | I66: 0 | J66: 50819.32 | K66: 2.5 | L66: 2.5
A67: NR_MIL | B67: 849 | C67: 1014573017580 | D67: NR_MIL | E67: 473 | F67: 1050000419785 | G67: NR_MIL | H67: 3 | I67: 0.563 | J67: 72097.48 | K67: 2.99 | L67: 2.99
A68: NR_NRW | B68: 850 | C68: 1014572876363 | D68: NR_NRW | E68: 724 | F68: 1023545944902 | G68: NR_NRW | H68: 1 | I68: 0.131 | J68: 11154.13 | K68: 4.31 | L68: 4.31
A69: NR_PET | B69: 851 | C69: 1014573170075 | G69: NR_PET | H69: 2 | I69: 0.849 | J69: 30905.86 | K69: 3.31 | L69: 3.31
A70: NR_RAY | B70: 852 | C70: 1014573010682 | D70: NR_RAY | E70: 725 | F70: 1023545944911 | G70: NR_RAY | H70: 2 | I70: 0.773 | J70: 37207.81 | K70: 2.14 | L70: 2.14
A71: NR_RYE | B71: 853 | C71: 1014572632104 | D71: NR_RYE | E71: 405 | F71: 1050000419837 | G71: NR_RYE | H71: 3 | I71: 0 | J71: 71414 | K71: 2.7 | L71: 2.7
A72: NR_SED | B72: 855 | C72: 1014572682017 | D72: NR_SED | E72: 727 | F72: 1023545944920 | G72: NR_SED | H72: 3 | I72: 1.738 | J72: 70528.92 | K72: 4.34 | L72: 4.34
A73: NR_SHN | B73: 854 | C73: 1023478597119 | D73: NR_SHN | E73: 726 | F73: 1023545945056 | G73: NR_SHN | H73: 3 | I73: 0.954 | J73: 71414 | K73: 3.02 | L73: 3.02
A74: NR_SPR | B74: 856 | C74: 1014572602660 | D74: NR_SPR | E74: 728 | F74: 1023545944930 | G74: NR_SPR | H74: 3 | I74: 0 | J74: 72378.92 | K74: 3 | L74: 3
A75: NR_STW | B75: 857 | C75: 1014572719730 | D75: NR_STW | E75: 729 | F75: 1023545947968 | G75: NR_STW | H75: 2 | I75: 0.442 | J75: 36604.46 | K75: 3.36 | L75: 3.36
A76: NR_TOT | B76: 859 | C76: 1014573142245 | G76: NR_TOT | H76: 3 | I76: 0.001 | J76: 74275.45 | K76: 2.46 | L76: 2.46
A77: NR_UGL | B77: 860 | C77: 1014573113954 | G77: NR_UGL | H77: 2 | I77: 0 | J77: 30463.32 | K77: 2.9 | L77: 2.9
A78: NR_WEL | B78: 861 | C78: 1014572501466 | G78: NR_WEL | H78: 3 | I78: 1.676 | J78: 71414 | K78: 4.25 | L78: 4.25
A79: NRAUTH | B79: 486 | C79: 1014572907871;1023484600573 | G79: NRAUTH | H79: 2 | I79: 4.159 | J79: 24713.06 | K79: 1.38 | L79: 1.38
A80: NYSEIB | B80: 487 | C80: 1030062357607;1030062357839 | G80: NYSEIB | H80: 3 | I80: 2.728 | J80: 68229.45 | K80: 1.85 | L80: 1.85
A81: PLMPPR | B81: 831 | C81: 1030062872341;1030062872573 | D81: PLMPPR | E81: 434 | F81: 1050001450466;1050001450475 | G81: PLMPPR | H81: 4 | I81: 0 | J81: 78657.22 | K81: 1.4 | L81: 1.4 | M81: 0 | N81: 1294.77 | O81: 0.05 | P81: 0.05
A82: PP_COR | B82: 832 | C82: 1014569523654 | G82: PP_COR | H82: 2 | I82: 0 | J82: 26092.34 | K82: 1.41 | L82: 1.41
A83: PRECIS | B83: 488 | C83: 1014572632790;1015685836242 | G83: PRECIS | H83: 1 | I83: 3.176 | J83: 5403.87 | K83: 5.47 | L83: 5.47
A84: PRMFDS | B84: 489 | C84: 1014572860726;1023479474560 | G84: PRMFDS | H84: 1 | I84: 2.568 | J84: 5403.87 | K84: 3.01 | L84: 3.01
A85: PRSTDC | C85: ENET | G85: PRSTDC | H85: 4 | I85: 0 | J85: 69136.52 | K85: 1.34 | L85: 1.34
A86: QNETIC | B86: 490 | C86: 1014572722956 | G86: QNETIC | H86: 1 | I86: 2.522 | J86: 13268.43 | K86: 3.23 | L86: 3.23
A87: RAINDC | B87: 483 | C87: 1050001877738;1050001878244 | G87: RAINDC | H87: 4 | I87: 0 | J87: 124567.79 | K87: 2.07 | L87: 2.07
A88: RANJAC | B88: 492 | C88: 1014712345991 | G88: RANJAC | H88: 1 | I88: 0.13 | J88: 5208.44 | K88: 3.19 | L88: 3.19
A89: RNDMHS | B89: 493 | C89: 1014571768453 | G89: RNDMHS | H89: 1 | I89: 0.443 | J89: 5208.44 | K89: 1.26 | L89: 1.26
A90: RPRLTD | B90: 494 | C90: 1014569969627 | G90: RPRLTD | H90: 1 | I90: 3.587 | J90: 5403.87 | K90: 4.49 | L90: 4.49
A91: SEN1&2 | C91: ENET | G91: SEN1&2 | H91: 3 | I91: 0.074 | J91: 58098.95 | K91: 2.13 | L91: 2.13
A92: SHELL_ | B92: 837 | C92: 1030083272428;1050001161751 | G92: SHELL_ | H92: 4 | I92: 1.158 | J92: 77211.72 | K92: 1.56 | L92: 1.56
A93: STANS2 | B93: 802 | C93: 1030047519845;1030047520070;1050001977780 | G93: STANS2 | H93: 2 | I93: 0.776 | J93: 54069.47 | K93: 4.58 | L93: 4.58
A94: STANS3 | B94: 801 | C94: 1015685338293;1050002261340;1050002261369;1050002261378;1050002261387 | G94: STANS3 | H94: 2 | I94: 0 | J94: 24322.19 | K94: 2.91 | L94: 2.91
A95: STMFRD | C95: MSID: 2035 | G95: STMFRD | H95: 4 | I95: 0 | J95: 76326.64 | K95: 2.85 | L95: 2.85
A96: TILBUR | B96: 833 | C96: 1023478133661;1023525728718;1023525729172 | D96: TILBUR | E96: 733 | F96: 1030084129409;1030084129630;1030084129862 | G96: TILBUR | H96: 4 | I96: 0.258 | J96: 80340.09 | K96: 2.69 | L96: 2.69 | M96: 0 | N96: 2608.74 | O96: 0.05 | P96: 0.05
A97: TILBEM | B97: 833 | C97: 1050001279560;1030082588170;1050000414848;1050000423105;1050003172045;1050003172054;1050003172063;1050003172081;1050003172115;1050003172142;1050003027339;1050003418260 | G97: TILBEM | I97: 0.258 | J97: 0 | K97: 0 | L97: 0
A98: UB_EYE | B98: 495 | C98: 1014573052317;1023470683505 | G98: UB_EYE | H98: 2 | I98: 1.477 | J98: 24713.06 | K98: 3.14 | L98: 3.14
A99: UBS_UK | B99: 496 | C99: 1030065428330;1030065428562 | G99: UBS_UK | H99: 2 | I99: 1.357 | J99: 34844.54 | K99: 1.15 | L99: 1.15
A100: VXHALL | B100: 497 | C100: 1014571158953;1014571159186;1014571159414 | G100: VXHALL | H100: 3 | I100: 0.361 | J100: 67529.38 | K100: 3.22 | L100: 3.22
A101: WARNER | B101: 498 | C101: 1030076325049;1030076325270 | G101: WARNER | H101: 2 | I101: 2.815 | J101: 33836.56 | K101: 3.71 | L101: 3.71
A102: WILLIA | B102: 819 | C102: 1030027859903 | G102: WILLIA | H102: 1 | I102: 0.902 | J102: 7139.96 | K102: 2.99 | L102: 2.99
...

Sheet Annex 2a Import
A1: Note: The list of MPANs / MSIDs provided may be incomplete; the DNO reserves the right to apply the listed charges to any other MPANs / MSIDs associated with the site. Note: This table is automatically populated based on the content of the tab entitled 'Annex 2 EHV Charges'. The timebands are as shown in Annex 2.
A2: =Overview!B4& " - Effective from "&Overview!D4&" - "&Overview!E4&" Designated EHV import charges" -> Eastern Power Networks - Effective from 1 April 2026 - Final Designated EHV import charges
A4: Import Unique Identifier | B4: LLFC/ DUoS Tariff ID | C4: Import MPANs/MSIDs | D4: Name | E4: ='Annex 2 Designated EHV charges'!I9 -> Import Super Red unit charge (p/kWh) | F4: ='Annex 2 Designated EHV charges'!J9 -> Import fixed charge (p/day) | G4: ='Annex 2 Designated EHV charges'!K9 -> Import capacity charge (p/kVA/day) | H4: ='Annex 2 Designated EHV charges'!L9 -> Import exceeded capacity charge (p/kVA/day)
A5: {=IFERROR(INDEX('Annex 2 Designated EHV charges'!$A$10:$A$400, MATCH(0, IF(ISBLANK('Annex 2 Designated EHV charges'!$A$10:$A$400),1, COUNTIF(A$4:$A4, 'Annex 2 Designated EHV charges'!$A$10:$A$400)), 0)),"")} -> 3VALSW | B5: =IF($A5="","",VLOOKUP($A5,'Annex 2 Designated EHV charges'!$A:$O,2,0)) -> 585 | C5: =IF($A5="","",VLOOKUP($A5,'Annex 2 Designated EHV charges'!$A:$O,3,0)) -> 1014569699836 | D5: =IF($A5="","",VLOOKUP($A5,'Annex 2 Designated EHV charges'!$A:$O,7,0)) -> 3VALSW | E5: =IFERROR(IF(VLOOKUP($A5,'Annex 2 Designated EHV charges'!$A:$O,9,FALSE)=0,"",VLOOKUP($A5,'Annex 2 Designated EHV charges'!$A:$O,9,FALSE)),"") | F5: =IFERROR(IF(VLOOKUP($A5,'Annex 2 Designated EHV charges'!$A:$O,10,FALSE)=0,"",VLOOKUP($A5,'Annex 2 Designated EHV charges'!$A:$O,10,FALSE)),"") -> 10539.44 | G5: =IFERROR(IF(VLOOKUP($A5,'Annex 2 Designated EHV charges'!$A:$O,11,FALSE)=0,"",VLOOKUP($A5,'Annex 2 Designated EHV charges'!$A:$O,11,FALSE)),"") -> 5.82 | H5: =IFERROR(IF(VLOOKUP($A5,'Annex 2 Designated EHV charges'!$A:$O,12,FALSE)=0,"",VLOOKUP($A5,'Annex 2 Designated EHV charges'!$A:$O,12,FALSE)),"") -> 5.82
A6: {=IFERROR(INDEX('Annex 2 Designated EHV charges'!$A$10:$A$400, MATCH(0, IF(ISBLANK('Annex 2 Designated EHV charges'!$A$10:$A$400),1, COUNTIF(A$4:$A5, 'Annex 2 Designated EHV charges'!$A$10:$A$400)), 0)),"")} -> ADBRKS | B6: =IF($A6="","",VLOOKUP($A6,'Annex 2 Designated EHV charges'!$A:$O,2,0)) -> 586 | C6: =IF($A6="","",VLOOKUP($A6,'Annex 2 Designated EHV charges'!$A:$O,3,0)) -> 1023529546480 | D6: =IF($A6="","",VLOOKUP($A6,'Annex 2 Designated EHV charges'!$A:$O,7,0)) -> ADBRKS | E6: =IFERROR(IF(VLOOKUP($A6,'Annex 2 Designated EHV charges'!$A:$O,9,FALSE)=0,"",VLOOKUP($A6,'Annex 2 Designated EHV charges'!$A:$O,9,FALSE)),"") -> 1.593 | F6: =IFERROR(IF(VLOOKUP($A6,'Annex 2 Designated EHV charges'!$A:$O,10,FALSE)=0,"",VLOOKUP($A6,'Annex 2 Designated EHV charges'!$A:$O,10,FALSE)),"") -> 64163.97 | G6: =IFERROR(IF(VLOOKUP($A6,'Annex 2 Designated EHV charges'!$A:$O,11,FALSE)=0,"",VLOOKUP($A6,'Annex 2 Designated EHV charges'!$A:$O,11,FALSE)),"") -> 3.63 | H6: =IFERROR(IF(VLOOKUP($A6,'Annex 2 Designated EHV charges'!$A:$O,12,FALSE)=0,"",VLOOKUP($A6,'Annex 2 Designated EHV charges'!$A:$O,12,FALSE)),"") -> 3.63
A7: {=IFERROR(INDEX('Annex 2 Designated EHV charges'!$A$10:$A$400, MATCH(0, IF(ISBLANK('Annex 2 Designated EHV charges'!$A$10:$A$400),1, COUNTIF(A$4:$A6, 'Annex 2 Designated EHV charges'!$A$10:$A$400)), 0)),"")} -> ARAMAN | B7: =IF($A7="","",VLOOKUP($A7,'Annex 2 Designated EHV charges'!$A:$O,2,0)) -> 800 | C7: =IF($A7="","",VLOOKUP($A7,'Annex 2 Designated EHV charges'!$A:$O,3,0)) -> 1023483097981 | D7: =IF($A7="","",VLOOKUP($A7,'Annex 2 Designated EHV charges'!$A:$O,7,0)) -> ARAMAN | E7: =IFERROR(IF(VLOOKUP($A7,'Annex 2 Designated EHV charges'!$A:$O,9,FALSE)=0,"",VLOOKUP($A7,'Annex 2 Designated EHV charges'!$A:$O,9,FALSE)),"") -> 0.513 | F7: =IFERROR(IF(VLOOKUP($A7,'Annex 2 Designated EHV charges'!$A:$O,10,FALSE)=0,"",VLOOKUP($A7,'Annex 2 Designated EHV charges'!$A:$O,10,FALSE)),"") -> 83703.51 | G7: =IFERROR(IF(VLOOKUP($A7,'Annex 2 Designated EHV charges'!$A:$O,11,FALSE)=0,"",VLOOKUP($A7,'Annex 2 Designated EHV charges'!$A:$O,11,FALSE)),"") -> 1.41 | H7: =IFERROR(IF(VLOOKUP($A7,'Annex 2 Designated EHV charges'!$A:$O,12,FALSE)=0,"",VLOOKUP($A7,'Annex 2 Designated EHV charges'!$A:$O,12,FALSE)),"") -> 1.41
A8: {=IFERROR(INDEX('Annex 2 Designated EHV charges'!$A$10:$A$400, MATCH(0, IF(ISBLANK('Annex 2 Designated EHV charges'!$A$10:$A$400),1, COUNTIF(A$4:$A7, 'Annex 2 Designated EHV charges'!$A$10:$A$400)), 0)),"")} -> ARKENF | B8: =IF($A8="","",VLOOKUP($A8,'Annex 2 Designated EHV charges'!$A:$O,2,0)) -> 328 | C8: =IF($A8="","",VLOOKUP($A8,'Annex 2 Designated EHV charges'!$A:$O,3,0)) -> 1050001901140 | D8: =IF($A8="","",VLOOKUP($A8,'Annex 2 Designated EHV charges'!$A:$O,7,0)) -> ARKENF | E8: =IFERROR(IF(VLOOKUP($A8,'Annex 2 Designated EHV charges'!$A:$O,9,FALSE)=0,"",VLOOKUP($A8,'Annex 2 Designated EHV charges'!$A:$O,9,FALSE)),"") -> 0.027 | F8: =IFERROR(IF(VLOOKUP($A8,'Annex 2 Designated EHV charges'!$A:$O,10,FALSE)=0,"",VLOOKUP($A8,'Annex 2 Designated EHV charges'!$A:$O,10,FALSE)),"") -> 80651.81 | G8: =IFERROR(IF(VLOOKUP($A8,'Annex 2 Designated EHV charges'!$A:$O,11,FALSE)=0,"",VLOOKUP($A8,'Annex 2 Designated EHV charges'!$A:$O,11,FALSE)),"") -> 1.34 | H8: =IFERROR(IF(VLOOKUP($A8,'Annex 2 Designated EHV charges'!$A:$O,12,FALSE)=0,"",VLOOKUP($A8,'Annex 2 Designated EHV charges'!$A:$O,12,FALSE)),"") -> 1.34
A9: {=IFERROR(INDEX('Annex 2 Designated EHV charges'!$A$10:$A$400, MATCH(0, IF(ISBLANK('Annex 2 Designated EHV charges'!$A$10:$A$400),1, COUNTIF(A$4:$A8, 'Annex 2 Designated EHV charges'!$A$10:$A$400)), 0)),"")} -> ARLAFD | B9: =IF($A9="","",VLOOKUP($A9,'Annex 2 Designated EHV charges'!$A:$O,2,0)) -> 587 | C9: =IF($A9="","",VLOOKUP($A9,'Annex 2 Designated EHV charges'!$A:$O,3,0)) -> 1030081553176;1030081553404 | D9: =IF($A9="","",VLOOKUP($A9,'Annex 2 Designated EHV charges'!$A:$O,7,0)) -> ARLAFD | E9: =IFERROR(IF(VLOOKUP($A9,'Annex 2 Designated EHV charges'!$A:$O,9,FALSE)=0,"",VLOOKUP($A9,'Annex 2 Designated EHV charges'!$A:$O,9,FALSE)),"") -> 2.143 | F9: =IFERROR(IF(VLOOKUP($A9,'Annex 2 Designated EHV charges'!$A:$O,10,FALSE)=0,"",VLOOKUP($A9,'Annex 2 Designated EHV charges'!$A:$O,10,FALSE)),"") -> 24761.92 | G9: =IFERROR(IF(VLOOKUP($A9,'Annex 2 Designated EHV charges'!$A:$O,11,FALSE)=0,"",VLOOKUP($A9,'Annex 2 Designated EHV charges'!$A:$O,11,FALSE)),"") -> 1.35 | H9: =IFERROR(IF(VLOOKUP($A9,'Annex 2 Designated EHV charges'!$A:$O,12,FALSE)=0,"",VLOOKUP($A9,'Annex 2 Designated EHV charges'!$A:$O,12,FALSE)),"") -> 1.35
A10: {=IFERROR(INDEX('Annex 2 Designated EHV charges'!$A$10:$A$400, MATCH(0, IF(ISBLANK('Annex 2 Designated EHV charges'!$A$10:$A$400),1, COUNTIF(A$4:$A9, 'Annex 2 Designated EHV charges'!$A$10:$A$400)), 0)),"")} -> AW_GRA | B10: =IF($A10="","",VLOOKUP($A10,'Annex 2 Designated EHV charges'!$A:$O,2,0)) -> 588 | C10: =IF($A10="","",VLOOKUP($A10,'Annex 2 Designated EHV charges'!$A:$O,3,0)) -> 1014571445536;1023477037942 | D10: =IF($A10="","",VLOOKUP($A10,'Annex 2 Designated EHV charges'!$A:$O,7,0)) -> AW_GRA | E10: =IFERROR(IF(VLOOKUP($A10,'Annex 2 Designated EHV charges'!$A:$O,9,FALSE)=0,"",VLOOKUP($A10,'Annex 2 Designated EHV charges'!$A:$O,9,FALSE)),"") -> 1.567 | F10: =IFERROR(IF(VLOOKUP($A10,'Annex 2 Designated EHV charges'!$A:$O,10,FALSE)=0,"",VLOOKUP($A10,'Annex 2 Designated EHV charges'!$A:$O,10,FALSE)),"") -> 24426.14 | G10: =IFERROR(IF(VLOOKUP($A10,'Annex 2 Designated EHV charges'!$A:$O,11,FALSE)=0,"",VLOOKUP($A10,'Annex 2 Designated EHV charges'!$A:$O,11,FALSE)),"") -> 5.81 | H10: =IFERROR(IF(VLOOKUP($A10,'Annex 2 Designated EHV charges'!$A:$O,12,FALSE)=0,"",VLOOKUP($A10,'Annex 2 Designated EHV charges'!$A:$O,12,FALSE)),"") -> 5.81
A11: {=IFERROR(INDEX('Annex 2 Designated EHV charges'!$A$10:$A$400, MATCH(0, IF(ISBLANK('Annex 2 Designated EHV charges'!$A$10:$A$400),1, COUNTIF(A$4:$A10, 'Annex 2 Designated EHV charges'!$A$10:$A$400)), 0)),"")} -> AWOUSE | B11: =IF($A11="","",VLOOKUP($A11,'Annex 2 Designated EHV charges'!$A:$O,2,0)) -> 589 | C11: =IF($A11="","",VLOOKUP($A11,'Annex 2 Designated EHV charges'!$A:$O,3,0)) -> 1014571965793;1023475403798 | D11: =IF($A11="","",VLOOKUP($A11,'Annex 2 Designated EHV charges'!$A:$O,7,0)) -> AWOUSE | E11: =IFERROR(IF(VLOOKUP($A11,'Annex 2 Designated EHV charges'!$A:$O,9,FALSE)=0,"",VLOOKUP($A11,'Annex 2 Designated EHV charges'!$A:$O,9,FALSE)),"") -> 0.739 | F11: =IFERROR(IF(VLOOKUP($A11,'Annex 2 Designated EHV charges'!$A:$O,10,FALSE)=0,"",VLOOKUP($A11,'Annex 2 Designated EHV charges'!$A:$O,10,FALSE)),"") -> 5403.87 | G11: =IFERROR(IF(VLOOKUP($A11,'Annex 2 Designated EHV charges'!$A:$O,11,FALSE)=0,"",VLOOKUP($A11,'Annex 2 Designated EHV charges'!$A:$O,11,FALSE)),"") -> 3.51 | H11: =IFERROR(IF(VLOOKUP($A11,'Annex 2 Designated EHV charges'!$A:$O,12,FALSE)=0,"",VLOOKUP($A11,'Annex 2 Designated EHV charges'!$A:$O,12,FALSE)),"") -> 3.51
A12: {=IFERROR(INDEX('Annex 2 Designated EHV charges'!$A$10:$A$400, MATCH(0, IF(ISBLANK('Annex 2 Designated EHV charges'!$A$10:$A$400),1, COUNTIF(A$4:$A11, 'Annex 2 Designated EHV charges'!$A$10:$A$400)), 0)),"")} -> BERMAT | B12: =IF($A12="","",VLOOKUP($A12,'Annex 2 Designated EHV charges'!$A:$O,2,0)) -> 590 | C12: =IF($A12="","",VLOOKUP($A12,'Annex 2 Designated EHV charges'!$A:$O,3,0)) -> 1014571751895 | D12: =IF($A12="","",VLOOKUP($A12,'Annex 2 Designated EHV charges'!$A:$O,7,0)) -> BERMAT | E12: =IFERROR(IF(VLOOKUP($A12,'Annex 2 Designated EHV charges'!$A:$O,9,FALSE)=0,"",VLOOKUP($A12,'Annex 2 Designated EHV charges'!$A:$O,9,FALSE)),"") | F12: =IFERROR(IF(VLOOKUP($A12,'Annex 2 Designated EHV charges'!$A:$O,10,FALSE)=0,"",VLOOKUP($A12,'Annex 2 Designated EHV charges'!$A:$O,10,FALSE)),"") -> 5208.44 | G12: =IFERROR(IF(VLOOKUP($A12,'Annex 2 Designated EHV charges'!$A:$O,11,FALSE)=0,"",VLOOKUP($A12,'Annex 2 Designated EHV charges'!$A:$O,11,FALSE)),"") -> 4.04 | H12: =IFERROR(IF(VLOOKUP($A12,'Annex 2 Designated EHV charges'!$A:$O,12,FALSE)=0,"",VLOOKUP($A12,'Annex 2 Designated EHV charges'!$A:$O,12,FALSE)),"") -> 4.04
A13: {=IFERROR(INDEX('Annex 2 Designated EHV charges'!$A$10:$A$400, MATCH(0, IF(ISBLANK('Annex 2 Designated EHV charges'!$A$10:$A$400),1, COUNTIF(A$4:$A12, 'Annex 2 Designated EHV charges'!$A$10:$A$400)), 0)),"")} -> BOCTHA | B13: =IF($A13="","",VLOOKUP($A13,'Annex 2 Designated EHV charges'!$A:$O,2,0)) -> 803 | C13: =IF($A13="","",VLOOKUP($A13,'Annex 2 Designated EHV charges'!$A:$O,3,0)) -> 1014572608412 | D13: =IF($A13="","",VLOOKUP($A13,'Annex 2 Designated EHV charges'!$A:$O,7,0)) -> BOCTHA | E13: =IFERROR(IF(VLOOKUP($A13,'Annex 2 Designated EHV charges'!$A:$O,9,FALSE)=0,"",VLOOKUP($A13,'Annex 2 Designated EHV charges'!$A:$O,9,FALSE)),"") -> 1.772 | F13: =IFERROR(IF(VLOOKUP($A13,'Annex 2 Designated EHV charges'!$A:$O,10,FALSE)=0,"",VLOOKUP($A13,'Annex 2 Designated EHV charges'!$A:$O,10,FALSE)),"") -> 26055.93 | G13: =IFERROR(IF(VLOOKUP($A13,'Annex 2 Designated EHV charges'!$A:$O,11,FALSE)=0,"",VLOOKUP($A13,'Annex 2 Designated EHV charges'!$A:$O,11,FALSE)),"") -> 6.86 | H13: =IFERROR(IF(VLOOKUP($A13,'Annex 2 Designated EHV charges'!$A:$O,12,FALSE)=0,"",VLOOKUP($A13,'Annex 2 Designated EHV charges'!$A:$O,12,FALSE)),"") -> 6.86
A14: {=IFERROR(INDEX('Annex 2 Designated EHV charges'!$A$10:$A$400, MATCH(0, IF(ISBLANK('Annex 2 Designated EHV charges'!$A$10:$A$400),1, COUNTIF(A$4:$A13, 'Annex 2 Designated EHV charges'!$A$10:$A$400)), 0)),"")} -> BPA_CO | B14: =IF($A14="","",VLOOKUP($A14,'Annex 2 Designated EHV charges'!$A:$O,2,0)) -> 804 | C14: =IF($A14="","",VLOOKUP($A14,'Annex 2 Designated EHV charges'!$A:$O,3,0)) -> 1014572578282 | D14: =IF($A14="","",VLOOKUP($A14,'Annex 2 Designated EHV charges'!$A:$O,7,0)) -> BPA_CO | E14: =IFERROR(IF(VLOOKUP($A14,'Annex 2 Designated EHV charges'!$A:$O,9,FALSE)=0,"",VLOOKUP($A14,'Annex 2 Designated EHV charges'!$A:$O,9,FALSE)),"") -> 0.299 | F14: =IFERROR(IF(VLOOKUP($A14,'Annex 2 Designated EHV charges'!$A:$O,10,FALSE)=0,"",VLOOKUP($A14,'Annex 2 Designated EHV charges'!$A:$O,10,FALSE)),"") -> 6004.06 | G14: =IFERROR(IF(VLOOKUP($A14,'Annex 2 Designated EHV charges'!$A:$O,11,FALSE)=0,"",VLOOKUP($A14,'Annex 2 Designated EHV charges'!$A:$O,11,FALSE)),"") -> 3.3 | H14: =IFERROR(IF(VLOOKUP($A14,'Annex 2 Designated EHV charges'!$A:$O,12,FALSE)=0,"",VLOOKUP($A14,'Annex 2 Designated EHV charges'!$A:$O,12,FALSE)),"") -> 3.3
A15: {=IFERROR(INDEX('Annex 2 Designated EHV charges'!$A$10:$A$400, MATCH(0, IF(ISBLANK('Annex 2 Designated EHV charges'!$A$10:$A$400),1, COUNTIF(A$4:$A14, 'Annex 2 Designated EHV charges'!$A$10:$A$400)), 0)),"")} -> BPTLTD | B15: =IF($A15="","",VLOOKUP($A15,'Annex 2 Designated EHV charges'!$A:$O,2,0)) -> 591 | C15: =IF($A15="","",VLOOKUP($A15,'Annex 2 Designated EHV charges'!$A:$O,3,0)) -> 1014572502380;1023475256360 | D15: =IF($A15="","",VLOOKUP($A15,'Annex 2 Designated EHV charges'!$A:$O,7,0)) -> BPTLTD | E15: =IFERROR(IF(VLOOKUP($A15,'Annex 2 Designated EHV charges'!$A:$O,9,FALSE)=0,"",VLOOKUP($A15,'Annex 2 Designated EHV charges'!$A:$O,9,FALSE)),"") -> 2.288 | F15: =IFERROR(IF(VLOOKUP($A15,'Annex 2 Designated EHV charges'!$A:$O,10,FALSE)=0,"",VLOOKUP($A15,'Annex 2 Designated EHV charges'!$A:$O,10,FALSE)),"") -> 24713.06 | G15: =IFERROR(IF(VLOOKUP($A15,'Annex 2 Designated EHV charges'!$A:$O,11,FALSE)=0,"",VLOOKUP($A15,'Annex 2 Designated EHV charges'!$A:$O,11,FALSE)),"") -> 1.97 | H15: =IFERROR(IF(VLOOKUP($A15,'Annex 2 Designated EHV charges'!$A:$O,12,FALSE)=0,"",VLOOKUP($A15,'Annex 2 Designated EHV charges'!$A:$O,12,FALSE)),"") -> 1.97
A16: {=IFERROR(INDEX('Annex 2 Designated EHV charges'!$A$10:$A$400, MATCH(0, IF(ISBLANK('Annex 2 Designated EHV charges'!$A$10:$A$400),1, COUNTIF(A$4:$A15, 'Annex 2 Designated EHV charges'!$A$10:$A$400)), 0)),"")} -> BREFC2 | B16: =IF($A16="","",VLOOKUP($A16,'Annex 2 Designated EHV charges'!$A:$O,2,0)) -> 333 | C16: =IF($A16="","",VLOOKUP($A16,'Annex 2 Designated EHV charges'!$A:$O,3,0)) -> 1050002055558 | D16: =IF($A16="","",VLOOKUP($A16,'Annex 2 Designated EHV charges'!$A:$O,7,0)) -> BREFC2 | E16: =IFERROR(IF(VLOOKUP($A16,'Annex 2 Designated EHV charges'!$A:$O,9,FALSE)=0,"",VLOOKUP($A16,'Annex 2 Designated EHV charges'!$A:$O,9,FALSE)),"") | F16: =IFERROR(IF(VLOOKUP($A16,'Annex 2 Designated EHV charges'!$A:$O,10,FALSE)=0,"",VLOOKUP($A16,'Annex 2 Designated EHV charges'!$A:$O,10,FALSE)),"") -> 5292.29 | G16: =IFERROR(IF(VLOOKUP($A16,'Annex 2 Designated EHV charges'!$A:$O,11,FALSE)=0,"",VLOOKUP($A16,'Annex 2 Designated EHV charges'!$A:$O,11,FALSE)),"") -> 4.5 | H16: =IFERROR(IF(VLOOKUP($A16,'Annex 2 Designated EHV charges'!$A:$O,12,FALSE)=0,"",VLOOKUP($A16,'Annex 2 Designated EHV charges'!$A:$O,12,FALSE)),"") -> 4.5
... A413: {=IFERROR(INDEX('Annex 2 Designated EHV charges'!$A$10:$A$400, MATCH(0, IF(ISBLANK('Annex 2 Designated EHV charges'!$A$10:$A$400),1, COUNTIF(A$4:$A412, 'Annex 2 Designated EHV charges'!$A$10:$A$400)), 0)),"")} | B413: =IF($A413="","",VLOOKUP($A413,'Annex 2 Designated EHV charges'!$A:$O,2,0)) | C413: =IF($A413="","",VLOOKUP($A413,'Annex 2 Designated EHV charges'!$A:$O,3,0)) | D413: =IF($A413="","",VLOOKUP($A413,'Annex 2 Designated EHV charges'!$A:$O,7,0)) | E413: =IFERROR(IF(VLOOKUP($A413,'Annex 2 Designated EHV charges'!$A:$O,9,FALSE)=0,"",VLOOKUP($A413,'Annex 2 Designated EHV charges'!$A:$O,9,FALSE)),"") | F413: =IFERROR(IF(VLOOKUP($A413,'Annex 2 Designated EHV charges'!$A:$O,10,FALSE)=0,"",VLOOKUP($A413,'Annex 2 Designated EHV charges'!$A:$O,10,FALSE)),"") | G413: =IFERROR(IF(VLOOKUP($A413,'Annex 2 Designated EHV charges'!$A:$O,11,FALSE)=0,"",VLOOKUP($A413,'Annex 2 Designated EHV charges'!$A:$O,11,FALSE)),"") | H413: =IFERROR(IF(VLOOKUP($A413,'Annex 2 Designated EHV charges'!$A:$O,12,FALSE)=0,"",VLOOKUP($A413,'Annex 2 Designated EHV charges'!$A:$O,12,FALSE)),"")

Sheet Annex 2b Export
A1: Note: The list of MPANs / MSIDs provided may be incomplete; the DNO reserves the right to apply the listed charges to any other MPANs / MSIDs associated with the site. Note: This table is automatically populated based on the content of the tab entitled 'Annex 2 EHV Charges'. The timebands are as shown in Annex 2.
A2: =Overview!B4& " - Effective from "&Overview!D4&" - "&Overview!E4&" Designated EHV export charges" -> Eastern Power Networks - Effective from 1 April 2026 - Final Designated EHV export charges
A4: Export Unique Identifier | B4: LLFC/ DUoS Tariff ID | C4: Export MPANs/MSIDs | D4: Name | E4: ='Annex 2 Designated EHV charges'!M9 -> Export Super Red unit charge (p/kWh) | F4: ='Annex 2 Designated EHV charges'!N9 -> Export fixed charge (p/day) | G4: ='Annex 2 Designated EHV charges'!O9 -> Export capacity charge (p/kVA/day) | H4: ='Annex 2 Designated EHV charges'!P9 -> Export exceeded capacity charge (p/kVA/day)
A5: {=IFERROR(INDEX('Annex 2 Designated EHV charges'!$D$10:$D$400, MATCH(0, IF(ISBLANK('Annex 2 Designated EHV charges'!$D$10:$D$400),1, COUNTIF(A$4:$A4, 'Annex 2 Designated EHV charges'!$D$10:$D$400)), 0)),"")} -> ARLAFD | B5: =IF($A5="","",VLOOKUP($A5,'Annex 2 Designated EHV charges'!$D:$O,2,0)) -> 710 | C5: =IF($A5="","",VLOOKUP($A5,'Annex 2 Designated EHV charges'!$D:$O,3,0)) -> 1030085114723;1030085114955 | D5: =IF($A5="","",VLOOKUP($A5,'Annex 2 Designated EHV charges'!$D:$O,4,0)) -> ARLAFD | E5: =IFERROR(IF(VLOOKUP($A5,'Annex 2 Designated EHV charges'!$D:$P,10,FALSE)=0,"",VLOOKUP($A5,'Annex 2 Designated EHV charges'!$D:$P,10,FALSE)),"") -> -2.057 | F5: =IFERROR(IF(VLOOKUP($A5,'Annex 2 Designated EHV charges'!$D:$P,11,FALSE)=0,"",VLOOKUP($A5,'Annex 2 Designated EHV charges'!$D:$P,11,FALSE)),"") -> 146.58 | G5: =IFERROR(IF(VLOOKUP($A5,'Annex 2 Designated EHV charges'!$D:$P,12,FALSE)=0,"",VLOOKUP($A5,'Annex 2 Designated EHV charges'!$D:$P,12,FALSE)),"") -> 0.05 | H5: =IFERROR(IF(VLOOKUP($A5,'Annex 2 Designated EHV charges'!$D:$P,13,FALSE)=0,"",VLOOKUP($A5,'Annex 2 Designated EHV charges'!$D:$P,13,FALSE)),"") -> 0.05
A6: {=IFERROR(INDEX('Annex 2 Designated EHV charges'!$D$10:$D$400, MATCH(0, IF(ISBLANK('Annex 2 Designated EHV charges'!$D$10:$D$400),1, COUNTIF(A$4:$A5, 'Annex 2 Designated EHV charges'!$D$10:$D$400)), 0)),"")} -> AW_GRA | B6: =IF($A6="","",VLOOKUP($A6,'Annex 2 Designated EHV charges'!$D:$O,2,0)) -> 400 | C6: =IF($A6="","",VLOOKUP($A6,'Annex 2 Designated EHV charges'!$D:$O,3,0)) -> 1050001872410;1050001872400 | D6: =IF($A6="","",VLOOKUP($A6,'Annex 2 Designated EHV charges'!$D:$O,4,0)) -> AW_GRA | E6: =IFERROR(IF(VLOOKUP($A6,'Annex 2 Designated EHV charges'!$D:$P,10,FALSE)=0,"",VLOOKUP($A6,'Annex 2 Designated EHV charges'!$D:$P,10,FALSE)),"") | F6: =IFERROR(IF(VLOOKUP($A6,'Annex 2 Designated EHV charges'!$D:$P,11,FALSE)=0,"",VLOOKUP($A6,'Annex 2 Designated EHV charges'!$D:$P,11,FALSE)),"") -> 91.48 | G6: =IFERROR(IF(VLOOKUP($A6,'Annex 2 Designated EHV charges'!$D:$P,12,FALSE)=0,"",VLOOKUP($A6,'Annex 2 Designated EHV charges'!$D:$P,12,FALSE)),"") -> 0.05 | H6: =IFERROR(IF(VLOOKUP($A6,'Annex 2 Designated EHV charges'!$D:$P,13,FALSE)=0,"",VLOOKUP($A6,'Annex 2 Designated EHV charges'!$D:$P,13,FALSE)),"") -> 0.05
A7: {=IFERROR(INDEX('Annex 2 Designated EHV charges'!$D$10:$D$400, MATCH(0, IF(ISBLANK('Annex 2 Designated EHV charges'!$D$10:$D$400),1, COUNTIF(A$4:$A6, 'Annex 2 Designated EHV charges'!$D$10:$D$400)), 0)),"")} -> BREFC2 | B7: =IF($A7="","",VLOOKUP($A7,'Annex 2 Designated EHV charges'!$D:$O,2,0)) -> 410 | C7: =IF($A7="","",VLOOKUP($A7,'Annex 2 Designated EHV charges'!$D:$O,3,0)) -> 1050002055567 | D7: =IF($A7="","",VLOOKUP($A7,'Annex 2 Designated EHV charges'!$D:$O,4,0)) -> BREFC2 | E7: =IFERROR(IF(VLOOKUP($A7,'Annex 2 Designated EHV charges'!$D:$P,10,FALSE)=0,"",VLOOKUP($A7,'Annex 2 Designated EHV charges'!$D:$P,10,FALSE)),"") | F7: =IFERROR(IF(VLOOKUP($A7,'Annex 2 Designated EHV charges'!$D:$P,11,FALSE)=0,"",VLOOKUP($A7,'Annex 2 Designated EHV charges'!$D:$P,11,FALSE)),"") -> 41.89 | G7: =IFERROR(IF(VLOOKUP($A7,'Annex 2 Designated EHV charges'!$D:$P,12,FALSE)=0,"",VLOOKUP($A7,'Annex 2 Designated EHV charges'!$D:$P,12,FALSE)),"") -> 0.05 | H7: =IFERROR(IF(VLOOKUP($A7,'Annex 2 Designated EHV charges'!$D:$P,13,FALSE)=0,"",VLOOKUP($A7,'Annex 2 Designated EHV charges'!$D:$P,13,FALSE)),"") -> 0.05
A8: {=IFERROR(INDEX('Annex 2 Designated EHV charges'!$D$10:$D$400, MATCH(0, IF(ISBLANK('Annex 2 Designated EHV charges'!$D$10:$D$400),1, COUNTIF(A$4:$A7, 'Annex 2 Designated EHV charges'!$D$10:$D$400)), 0)),"")} -> CROWNP | B8: =IF($A8="","",VLOOKUP($A8,'Annex 2 Designated EHV charges'!$D:$O,2,0)) -> 413 | C8: =IF($A8="","",VLOOKUP($A8,'Annex 2 Designated EHV charges'!$D:$O,3,0)) -> 1050002018370 | D8: =IF($A8="","",VLOOKUP($A8,'Annex 2 Designated EHV charges'!$D:$O,4,0)) -> CROWNP | E8: =IFERROR(IF(VLOOKUP($A8,'Annex 2 Designated EHV charges'!$D:$P,10,FALSE)=0,"",VLOOKUP($A8,'Annex 2 Designated EHV charges'!$D:$P,10,FALSE)),"") | F8: =IFERROR(IF(VLOOKUP($A8,'Annex 2 Designated EHV charges'!$D:$P,11,FALSE)=0,"",VLOOKUP($A8,'Annex 2 Designated EHV charges'!$D:$P,11,FALSE)),"") -> 1114.6 | G8: =IFERROR(IF(VLOOKUP($A8,'Annex 2 Designated EHV charges'!$D:$P,12,FALSE)=0,"",VLOOKUP($A8,'Annex 2 Designated EHV charges'!$D:$P,12,FALSE)),"") -> 0.05 | H8: =IFERROR(IF(VLOOKUP($A8,'Annex 2 Designated EHV charges'!$D:$P,13,FALSE)=0,"",VLOOKUP($A8,'Annex 2 Designated EHV charges'!$D:$P,13,FALSE)),"") -> 0.05
A9: {=IFERROR(INDEX('Annex 2 Designated EHV charges'!$D$10:$D$400, MATCH(0, IF(ISBLANK('Annex 2 Designated EHV charges'!$D$10:$D$400),1, COUNTIF(A$4:$A8, 'Annex 2 Designated EHV charges'!$D$10:$D$400)), 0)),"")} -> ESWMID | B9: =IF($A9="","",VLOOKUP($A9,'Annex 2 Designated EHV charges'!$D:$O,2,0)) -> 432 | C9: =IF($A9="","",VLOOKUP($A9,'Annex 2 Designated EHV charges'!$D:$O,3,0)) -> 1023518907371;1023518908064 | D9: =IF($A9="","",VLOOKUP($A9,'Annex 2 Designated EHV charges'!$D:$O,4,0)) -> ESWMID | E9: =IFERROR(IF(VLOOKUP($A9,'Annex 2 Designated EHV charges'!$D:$P,10,FALSE)=0,"",VLOOKUP($A9,'Annex 2 Designated EHV charges'!$D:$P,10,FALSE)),"") -> -4.41 | F9: =IFERROR(IF(VLOOKUP($A9,'Annex 2 Designated EHV charges'!$D:$P,11,FALSE)=0,"",VLOOKUP($A9,'Annex 2 Designated EHV charges'!$D:$P,11,FALSE)),"") -> 26.06 | G9: =IFERROR(IF(VLOOKUP($A9,'Annex 2 Designated EHV charges'!$D:$P,12,FALSE)=0,"",VLOOKUP($A9,'Annex 2 Designated EHV charges'!$D:$P,12,FALSE)),"") -> 0.05 | H9: =IFERROR(IF(VLOOKUP($A9,'Annex 2 Designated EHV charges'!$D:$P,13,FALSE)=0,"",VLOOKUP($A9,'Annex 2 Designated EHV charges'!$D:$P,13,FALSE)),"") -> 0.05
A10: {=IFERROR(INDEX('Annex 2 Designated EHV charges'!$D$10:$D$400, MATCH(0, IF(ISBLANK('Annex 2 Designated EHV charges'!$D$10:$D$400),1, COUNTIF(A$4:$A9, 'Annex 2 Designated EHV charges'!$D$10:$D$400)), 0)),"")} -> GLXOWR | B10: =IF($A10="","",VLOOKUP($A10,'Annex 2 Designated EHV charges'!$D:$O,2,0)) -> 433 | C10: =IF($A10="","",VLOOKUP($A10,'Annex 2 Designated EHV charges'!$D:$O,3,0)) -> 1030074763118;1030074763340 | D10: =IF($A10="","",VLOOKUP($A10,'Annex 2 Designated EHV charges'!$D:$O,4,0)) -> GLXOWR | E10: =IFERROR(IF(VLOOKUP($A10,'Annex 2 Designated EHV charges'!$D:$P,10,FALSE)=0,"",VLOOKUP($A10,'Annex 2 Designated EHV charges'!$D:$P,10,FALSE)),"") | F10: =IFERROR(IF(VLOOKUP($A10,'Annex 2 Designated EHV charges'!$D:$P,11,FALSE)=0,"",VLOOKUP($A10,'Annex 2 Designated EHV charges'!$D:$P,11,FALSE)),"") | G10: =IFERROR(IF(VLOOKUP($A10,'Annex 2 Designated EHV charges'!$D:$P,12,FALSE)=0,"",VLOOKUP($A10,'Annex 2 Designated EHV charges'!$D:$P,12,FALSE)),"") | H10: =IFERROR(IF(VLOOKUP($A10,'Annex 2 Designated EHV charges'!$D:$P,13,FALSE)=0,"",VLOOKUP($A10,'Annex 2 Designated EHV charges'!$D:$P,13,FALSE)),"")
A11: {=IFERROR(INDEX('Annex 2 Designated EHV charges'!$D$10:$D$400, MATCH(0, IF(ISBLANK('Annex 2 Designated EHV charges'!$D$10:$D$400),1, COUNTIF(A$4:$A10, 'Annex 2 Designated EHV charges'!$D$10:$D$400)), 0)),"")} -> NR_BAS | B11: =IF($A11="","",VLOOKUP($A11,'Annex 2 Designated EHV charges'!$D:$O,2,0)) -> 722 | C11: =IF($A11="","",VLOOKUP($A11,'Annex 2 Designated EHV charges'!$D:$O,3,0)) -> 1023545945010 | D11: =IF($A11="","",VLOOKUP($A11,'Annex 2 Designated EHV charges'!$D:$O,4,0)) -> NR_BAS | E11: =IFERROR(IF(VLOOKUP($A11,'Annex 2 Designated EHV charges'!$D:$P,10,FALSE)=0,"",VLOOKUP($A11,'Annex 2 Designated EHV charges'!$D:$P,10,FALSE)),"") | F11: =IFERROR(IF(VLOOKUP($A11,'Annex 2 Designated EHV charges'!$D:$P,11,FALSE)=0,"",VLOOKUP($A11,'Annex 2 Designated EHV charges'!$D:$P,11,FALSE)),"") | G11: =IFERROR(IF(VLOOKUP($A11,'Annex 2 Designated EHV charges'!$D:$P,12,FALSE)=0,"",VLOOKUP($A11,'Annex 2 Designated EHV charges'!$D:$P,12,FALSE)),"") | H11: =IFERROR(IF(VLOOKUP($A11,'Annex 2 Designated EHV charges'!$D:$P,13,FALSE)=0,"",VLOOKUP($A11,'Annex 2 Designated EHV charges'!$D:$P,13,FALSE)),"")
A12: {=IFERROR(INDEX('Annex 2 Designated EHV charges'!$D$10:$D$400, MATCH(0, IF(ISBLANK('Annex 2 Designated EHV charges'!$D$10:$D$400),1, COUNTIF(A$4:$A11, 'Annex 2 Designated EHV charges'!$D$10:$D$400)), 0)),"")} -> NR_COL | B12: =IF($A12="","",VLOOKUP($A12,'Annex 2 Designated EHV charges'!$D:$O,2,0)) -> 720 | C12: =IF($A12="","",VLOOKUP($A12,'Annex 2 Designated EHV charges'!$D:$O,3,0)) -> 1023545945047;1030077668707 | D12: =IF($A12="","",VLOOKUP($A12,'Annex 2 Designated EHV charges'!$D:$O,4,0)) -> NR_COL | E12: =IFERROR(IF(VLOOKUP($A12,'Annex 2 Designated EHV charges'!$D:$P,10,FALSE)=0,"",VLOOKUP($A12,'Annex 2 Designated EHV charges'!$D:$P,10,FALSE)),"") | F12: =IFERROR(IF(VLOOKUP($A12,'Annex 2 Designated EHV charges'!$D:$P,11,FALSE)=0,"",VLOOKUP($A12,'Annex 2 Designated EHV charges'!$D:$P,11,FALSE)),"") -> 3426.52 | G12: =IFERROR(IF(VLOOKUP($A12,'Annex 2 Designated EHV charges'!$D:$P,12,FALSE)=0,"",VLOOKUP($A12,'Annex 2 Designated EHV charges'!$D:$P,12,FALSE)),"") -> 0.05 | H12: =IFERROR(IF(VLOOKUP($A12,'Annex 2 Designated EHV charges'!$D:$P,13,FALSE)=0,"",VLOOKUP($A12,'Annex 2 Designated EHV charges'!$D:$P,13,FALSE)),"") -> 0.05
A13: {=IFERROR(INDEX('Annex 2 Designated EHV charges'!$D$10:$D$400, MATCH(0, IF(ISBLANK('Annex 2 Designated EHV charges'!$D$10:$D$400),1, COUNTIF(A$4:$A12, 'Annex 2 Designated EHV charges'!$D$10:$D$400)), 0)),"")} -> NR_CRW | B13: =IF($A13="","",VLOOKUP($A13,'Annex 2 Designated EHV charges'!$D:$O,2,0)) -> 721 | C13: =IF($A13="","",VLOOKUP($A13,'Annex 2 Designated EHV charges'!$D:$O,3,0)) -> 1023545945029 | D13: =IF($A13="","",VLOOKUP($A13,'Annex 2 Designated EHV charges'!$D:$O,4,0)) -> NR_CRW | E13: =IFERROR(IF(VLOOKUP($A13,'Annex 2 Designated EHV charges'!$D:$P,10,FALSE)=0,"",VLOOKUP($A13,'Annex 2 Designated EHV charges'!$D:$P,10,FALSE)),"") | F13: =IFERROR(IF(VLOOKUP($A13,'Annex 2 Designated EHV charges'!$D:$P,11,FALSE)=0,"",VLOOKUP($A13,'Annex 2 Designated EHV charges'!$D:$P,11,FALSE)),"") | G13: =IFERROR(IF(VLOOKUP($A13,'Annex 2 Designated EHV charges'!$D:$P,12,FALSE)=0,"",VLOOKUP($A13,'Annex 2 Designated EHV charges'!$D:$P,12,FALSE)),"") | H13: =IFERROR(IF(VLOOKUP($A13,'Annex 2 Designated EHV charges'!$D:$P,13,FALSE)=0,"",VLOOKUP($A13,'Annex 2 Designated EHV charges'!$D:$P,13,FALSE)),"")
A14: {=IFERROR(INDEX('Annex 2 Designated EHV charges'!$D$10:$D$400, MATCH(0, IF(ISBLANK('Annex 2 Designated EHV charges'!$D$10:$D$400),1, COUNTIF(A$4:$A13, 'Annex 2 Designated EHV charges'!$D$10:$D$400)), 0)),"")} -> NR_KNG | B14: =IF($A14="","",VLOOKUP($A14,'Annex 2 Designated EHV charges'!$D:$O,2,0)) -> 472 | C14: =IF($A14="","",VLOOKUP($A14,'Annex 2 Designated EHV charges'!$D:$O,3,0)) -> 1050000419767 | D14: =IF($A14="","",VLOOKUP($A14,'Annex 2 Designated EHV charges'!$D:$O,4,0)) -> NR_KNG | E14: =IFERROR(IF(VLOOKUP($A14,'Annex 2 Designated EHV charges'!$D:$P,10,FALSE)=0,"",VLOOKUP($A14,'Annex 2 Designated EHV charges'!$D:$P,10,FALSE)),"") | F14: =IFERROR(IF(VLOOKUP($A14,'Annex 2 Designated EHV charges'!$D:$P,11,FALSE)=0,"",VLOOKUP($A14,'Annex 2 Designated EHV charges'!$D:$P,11,FALSE)),"") | G14: =IFERROR(IF(VLOOKUP($A14,'Annex 2 Designated EHV charges'!$D:$P,12,FALSE)=0,"",VLOOKUP($A14,'Annex 2 Designated EHV charges'!$D:$P,12,FALSE)),"") | H14: =IFERROR(IF(VLOOKUP($A14,'Annex 2 Designated EHV charges'!$D:$P,13,FALSE)=0,"",VLOOKUP($A14,'Annex 2 Designated EHV charges'!$D:$P,13,FALSE)),"")
A15: {=IFERROR(INDEX('Annex 2 Designated EHV charges'!$D$10:$D$400, MATCH(0, IF(ISBLANK('Annex 2 Designated EHV charges'!$D$10:$D$400),1, COUNTIF(A$4:$A14, 'Annex 2 Designated EHV charges'!$D$10:$D$400)), 0)),"")} -> NR_MAN | B15: =IF($A15="","",VLOOKUP($A15,'Annex 2 Designated EHV charges'!$D:$O,2,0)) -> 723 | C15: =IF($A15="","",VLOOKUP($A15,'Annex 2 Designated EHV charges'!$D:$O,3,0)) -> 1023545947499 | D15: =IF($A15="","",VLOOKUP($A15,'Annex 2 Designated EHV charges'!$D:$O,4,0)) -> NR_MAN | E15: =IFERROR(IF(VLOOKUP($A15,'Annex 2 Designated EHV charges'!$D:$P,10,FALSE)=0,"",VLOOKUP($A15,'Annex 2 Designated EHV charges'!$D:$P,10,FALSE)),"") | F15: =IFERROR(IF(VLOOKUP($A15,'Annex 2 Designated EHV charges'!$D:$P,11,FALSE)=0,"",VLOOKUP($A15,'Annex 2 Designated EHV charges'!$D:$P,11,FALSE)),"") | G15: =IFERROR(IF(VLOOKUP($A15,'Annex 2 Designated EHV charges'!$D:$P,12,FALSE)=0,"",VLOOKUP($A15,'Annex 2 Designated EHV charges'!$D:$P,12,FALSE)),"") | H15: =IFERROR(IF(VLOOKUP($A15,'Annex 2 Designated EHV charges'!$D:$P,13,FALSE)=0,"",VLOOKUP($A15,'Annex 2 Designated EHV charges'!$D:$P,13,FALSE)),"")
A16: {=IFERROR(INDEX('Annex 2 Designated EHV charges'!$D$10:$D$400, MATCH(0, IF(ISBLANK('Annex 2 Designated EHV charges'!$D$10:$D$400),1, COUNTIF(A$4:$A15, 'Annex 2 Designated EHV charges'!$D$10:$D$400)), 0)),"")} -> NR_MIL | B16: =IF($A16="","",VLOOKUP($A16,'Annex 2 Designated EHV charges'!$D:$O,2,0)) -> 473 | C16: =IF($A16="","",VLOOKUP($A16,'Annex 2 Designated EHV charges'!$D:$O,3,0)) -> 1050000419785 | D16: =IF($A16="","",VLOOKUP($A16,'Annex 2 Designated EHV charges'!$D:$O,4,0)) -> NR_MIL | E16: =IFERROR(IF(VLOOKUP($A16,'Annex 2 Designated EHV charges'!$D:$P,10,FALSE)=0,"",VLOOKUP($A16,'Annex 2 Designated EHV charges'!$D:$P,10,FALSE)),"") | F16: =IFERROR(IF(VLOOKUP($A16,'Annex 2 Designated EHV charges'!$D:$P,11,FALSE)=0,"",VLOOKUP($A16,'Annex 2 Designated EHV charges'!$D:$P,11,FALSE)),"") | G16: =IFERROR(IF(VLOOKUP($A16,'Annex 2 Designated EHV charges'!$D:$P,12,FALSE)=0,"",VLOOKUP($A16,'Annex 2 Designated EHV charges'!$D:$P,12,FALSE)),"") | H16: =IFERROR(IF(VLOOKUP($A16,'Annex 2 Designated EHV charges'!$D:$P,13,FALSE)=0,"",VLOOKUP($A16,'Annex 2 Designated EHV charges'!$D:$P,13,FALSE)),"")
... A254: {=IFERROR(INDEX('Annex 2 Designated EHV charges'!$D$10:$D$400, MATCH(0, IF(ISBLANK('Annex 2 Designated EHV charges'!$D$10:$D$400),1, COUNTIF(A$4:$A253, 'Annex 2 Designated EHV charges'!$D$10:$D$400)), 0)),"")} | B254: =IF($A254="","",VLOOKUP($A254,'Annex 2 Designated EHV charges'!$D:$O,2,0)) | C254: =IF($A254="","",VLOOKUP($A254,'Annex 2 Designated EHV charges'!$D:$O,3,0)) | D254: =IF($A254="","",VLOOKUP($A254,'Annex 2 Designated EHV charges'!$D:$O,4,0)) | E254: =IFERROR(IF(VLOOKUP($A254,'Annex 2 Designated EHV charges'!$D:$P,10,FALSE)=0,"",VLOOKUP($A254,'Annex 2 Designated EHV charges'!$D:$P,10,FALSE)),"") | F254: =IFERROR(IF(VLOOKUP($A254,'Annex 2 Designated EHV charges'!$D:$P,11,FALSE)=0,"",VLOOKUP($A254,'Annex 2 Designated EHV charges'!$D:$P,11,FALSE)),"") | G254: =IFERROR(IF(VLOOKUP($A254,'Annex 2 Designated EHV charges'!$D:$P,12,FALSE)=0,"",VLOOKUP($A254,'Annex 2 Designated EHV charges'!$D:$P,12,FALSE)),"") | H254: =IFERROR(IF(VLOOKUP($A254,'Annex 2 Designated EHV charges'!$D:$P,13,FALSE)=0,"",VLOOKUP($A254,'Annex 2 Designated EHV charges'!$D:$P,13,FALSE)),"")
A255: {=IFERROR(INDEX('Annex 2 Designated EHV charges'!$D$10:$D$400, MATCH(0, IF(ISBLANK('Annex 2 Designated EHV charges'!$D$10:$D$400),1, COUNTIF(A$4:$A254, 'Annex 2 Designated EHV charges'!$D$10:$D$400)), 0)),"")}
A256: {=IFERROR(INDEX('Annex 2 Designated EHV charges'!$D$10:$D$400, MATCH(0, IF(ISBLANK('Annex 2 Designated EHV charges'!$D$10:$D$400),1, COUNTIF(A$4:$A255, 'Annex 2 Designated EHV charges'!$D$10:$D$400)), 0)),"")}
A257: {=IFERROR(INDEX('Annex 2 Designated EHV charges'!$D$10:$D$400, MATCH(0, IF(ISBLANK('Annex 2 Designated EHV charges'!$D$10:$D$400),1, COUNTIF(A$4:$A256, 'Annex 2 Designated EHV charges'!$D$10:$D$400)), 0)),"")}
A258: {=IFERROR(INDEX('Annex 2 Designated EHV charges'!$D$10:$D$400, MATCH(0, IF(ISBLANK('Annex 2 Designated EHV charges'!$D$10:$D$400),1, COUNTIF(A$4:$A257, 'Annex 2 Designated EHV charges'!$D$10:$D$400)), 0)),"")}
A259: {=IFERROR(INDEX('Annex 2 Designated EHV charges'!$D$10:$D$400, MATCH(0, IF(ISBLANK('Annex 2 Designated EHV charges'!$D$10:$D$400),1, COUNTIF(A$4:$A258, 'Annex 2 Designated EHV charges'!$D$10:$D$400)), 0)),"")}
A260: {=IFERROR(INDEX('Annex 2 Designated EHV charges'!$D$10:$D$400, MATCH(0, IF(ISBLANK('Annex 2 Designated EHV charges'!$D$10:$D$400),1, COUNTIF(A$4:$A259, 'Annex 2 Designated EHV charges'!$D$10:$D$400)), 0)),"")}
A261: {=IFERROR(INDEX('Annex 2 Designated EHV charges'!$D$10:$D$400, MATCH(0, IF(ISBLANK('Annex 2 Designated EHV charges'!$D$10:$D$400),1, COUNTIF(A$4:$A260, 'Annex 2 Designated EHV charges'!$D$10:$D$400)), 0)),"")}
A262: {=IFERROR(INDEX('Annex 2 Designated EHV charges'!$D$10:$D$400, MATCH(0, IF(ISBLANK('Annex 2 Designated EHV charges'!$D$10:$D$400),1, COUNTIF(A$4:$A261, 'Annex 2 Designated EHV charges'!$D$10:$D$400)), 0)),"")}
A263: {=IFERROR(INDEX('Annex 2 Designated EHV charges'!$D$10:$D$400, MATCH(0, IF(ISBLANK('Annex 2 Designated EHV charges'!$D$10:$D$400),1, COUNTIF(A$4:$A262, 'Annex 2 Designated EHV charges'!$D$10:$D$400)), 0)),"")}
A264: {=IFERROR(INDEX('Annex 2 Designated EHV charges'!$D$10:$D$400, MATCH(0, IF(ISBLANK('Annex 2 Designated EHV charges'!$D$10:$D$400),1, COUNTIF(A$4:$A263, 'Annex 2 Designated EHV charges'!$D$10:$D$400)), 0)),"")}
A265: {=IFERROR(INDEX('Annex 2 Designated EHV charges'!$D$10:$D$400, MATCH(0, IF(ISBLANK('Annex 2 Designated EHV charges'!$D$10:$D$400),1, COUNTIF(A$4:$A264, 'Annex 2 Designated EHV charges'!$D$10:$D$400)), 0)),"")}
A266: {=IFERROR(INDEX('Annex 2 Designated EHV charges'!$D$10:$D$400, MATCH(0, IF(ISBLANK('Annex 2 Designated EHV charges'!$D$10:$D$400),1, COUNTIF(A$4:$A265, 'Annex 2 Designated EHV charges'!$D$10:$D$400)), 0)),"")}
... A446: {=IFERROR(INDEX('Annex 2 Designated EHV charges'!$D$10:$D$400, MATCH(0, IF(ISBLANK('Annex 2 Designated EHV charges'!$D$10:$D$400),1, COUNTIF(A$4:$A445, 'Annex 2 Designated EHV charges'!$D$10:$D$400)), 0)),"")}

Sheet Annex 3 Preserved charges
A1: Back to Overview
A2: =Overview!B4& " - Effective from "&Overview!D4&" - "&Overview!E4&" LV and HV tariffs" -> Eastern Power Networks - Effective from 1 April 2026 - Final LV and HV tariffs
A4: Supercustomer preserved charges/additional LLFCs/ DUoS Tariff IDs
B5: Closed LLFCs/ DUoS Tariff IDs | C5: PCs | D5: Red/black unit charge p/kWh | E5: Amber/yellow unit charge p/kWh | F5: Green unit charge p/kWh | G5: Fixed charge p/MPAN/day
A7: Notes: | B7: Eastern Power Networks has no Preserved NHH Tariffs/Additional LLFCs/DUoS Tariff IDs
A12: Site Specific preserved charges/additional LLFCs/ DUoS Tariff IDs
B13: Closed LLFCs/ DUoS Tariff IDs | C13: PCs | D13: Red/black unit charge p/kWh | E13: Amber/yellow unit charge p/kWh | F13: Green unit charge p/kWh | G13: Fixed charge p/MPAN/day | H13: Capacity charge p/kVA/day | I13: Exceeded capacity charge p/kVA/day | J13: Reactive power charge p/kVArh
A15: Notes: | B15: Eastern Power Networks has no Preserved HH Tariffs/Additional LLFCs/DUoS Tariff IDs

Sheet Annex 4 LDNO charges
A1: Back to Overview
A2: =Overview!B4& " - Effective from "&Overview!D4&" - "&Overview!E4&" LDNO tariffs" -> Eastern Power Networks - Effective from 1 April 2026 - Final LDNO tariffs
A4: Time Bands for LV and HV Designated Properties | F4: Time Bands for Unmetered Properties
A5: Time periods | B5: Red Time Band | C5: Amber Time Band | D5: Green Time Band | H5: Black Time Band | I5: Yellow Time Band | J5: Green Time Band
A6: Monday to Friday (Including Bank Holidays) All Year | B6: 16:00 - 19:00 | C6: 07:00 - 16:00 19:00 - 23:00 | D6: 00:00 - 07:00 23:00 - 24:00 | F6: Monday to Friday (Including Bank Holidays) November to February Inclusive | H6: 16:00 - 19:00 | I6: 07:00 - 16:00 19:00 - 23:00 | J6: 00:00 - 07:00 23:00 - 24:00
A7: Saturday and Sunday All Year | D7: 00:00 - 24:00 | F7: Monday to Friday (Including Bank Holidays) March to October Inclusive | I7: 07:00 - 23:00 | J7: 00:00 - 07:00 23:00 - 24:00
A8: Notes | B8: All the above times are in UK Clock time | F8: Saturday and Sunday All Year | J8: 00:00 - 24:00
F9: Notes | H9: All the above times are in UK Clock time
A11: Tariff name | B11: Unique billing identifier | C11: PCs | D11: Red/black unit charge p/kWh | E11: Amber/yellow unit charge p/kWh | F11: Green unit charge p/kWh | G11: Fixed charge p/MPAN/day | H11: Capacity charge p/kVA/day | I11: Exceeded capacity charge p/kVA/day | J11: Reactive power charge p/kVArh
A12: LDNO LV: Domestic Aggregated or CT with Residual | B12: A00 | C12: 0, 1, 2 | D12: 10.228 | E12: 1.259 | F12: 0.161 | G12: 5.98
A13: LDNO LV: Domestic Aggregated (related MPAN) | B13: B00 | C13: 2 | D13: 10.228 | E13: 1.259 | F13: 0.161
A14: LDNO LV: Non-Domestic Aggregated or CT No Residual | B14: C00 | C14: 0, 3, 4, 5-8 | D14: 7.735 | E14: 0.952 | F14: 0.122 | G14: 6.22
A15: LDNO LV: Non-Domestic Aggregated or CT Band 1 | B15: C01 | C15: 0, 3, 4, 5-8 | D15: 7.735 | E15: 0.952 | F15: 0.122 | G15: 6.37
A16: LDNO LV: Non-Domestic Aggregated or CT Band 2 | B16: C02 | C16: 0, 3, 4, 5-8 | D16: 7.735 | E16: 0.952 | F16: 0.122 | G16: 6.66
A17: LDNO LV: Non-Domestic Aggregated or CT Band 3 | B17: C03 | C17: 0, 3, 4, 5-8 | D17: 7.735 | E17: 0.952 | F17: 0.122 | G17: 7.14
A18: LDNO LV: Non-Domestic Aggregated or CT Band 4 | B18: C04 | C18: 0, 3, 4, 5-8 | D18: 7.735 | E18: 0.952 | F18: 0.122 | G18: 8.61
A19: LDNO LV: Non-Domestic Aggregated (related MPAN) | B19: D00 | C19: 4 | D19: 7.735 | E19: 0.952 | F19: 0.122
A20: LDNO LV: LV Site Specific No Residual | B20: E00 | C20: 0 | D20: 5.38 | E20: 0.619 | F20: 0.071 | G20: 14.19 | H20: 5.31 | I20: 5.31 | J20: 0.244
A21: LDNO LV: LV Site Specific Band 1 | B21: E01 | C21: 0 | D21: 5.38 | E21: 0.619 | F21: 0.071 | G21: 18.93 | H21: 5.31 | I21: 5.31 | J21: 0.244
A22: LDNO LV: LV Site Specific Band 2 | B22: E02 | C22: 0 | D22: 5.38 | E22: 0.619 | F22: 0.071 | G22: 21.85 | H22: 5.31 | I22: 5.31 | J22: 0.244
A23: LDNO LV: LV Site Specific Band 3 | B23: E03 | C23: 0 | D23: 5.38 | E23: 0.619 | F23: 0.071 | G23: 24.72 | H23: 5.31 | I23: 5.31 | J23: 0.244
A24: LDNO LV: LV Site Specific Band 4 | B24: E04 | C24: 0 | D24: 5.38 | E24: 0.619 | F24: 0.071 | G24: 44.01 | H24: 5.31 | I24: 5.31 | J24: 0.244
A25: LDNO LV: Unmetered Supplies | B25: U00 | C25: 0, 1 or 8 | D25: 26.387 | E25: 2.235 | F25: 1.354
A26: LDNO LV: LV Generation Aggregated | B26: F00 | C26: 0, 8 | D26: -9.135 | E26: -1.124 | F26: -0.144 | G26: 0
A27: LDNO LV: LV Generation Site Specific | B27: G00 | C27: 0 | D27: -9.135 | E27: -1.124 | F27: -0.144 | G27: 0 | J27: 0.459
A28: LDNO HV: Domestic Aggregated or CT with Residual | B28: A10 | C28: 0, 1, 2 | D28: 7.848 | E28: 0.966 | F28: 0.123 | G28: 4.59
A29: LDNO HV: Domestic Aggregated (Related MPAN) | B29: B10 | C29: 2 | D29: 7.848 | E29: 0.966 | F29: 0.123
A30: LDNO HV: Non-Domestic Aggregated or CT No Residual | B30: C10 | C30: 0, 3, 4, 5-8 | D30: 5.935 | E30: 0.73 | F30: 0.093 | G30: 4.77
A31: LDNO HV: Non-Domestic Aggregated or CT Band 1 | B31: C11 | C31: 0, 3, 4, 5-8 | D31: 5.935 | E31: 0.73 | F31: 0.093 | G31: 4.89
A32: LDNO HV: Non-Domestic Aggregated or CT Band 2 | B32: C12 | C32: 0, 3, 4, 5-8 | D32: 5.935 | E32: 0.73 | F32: 0.093 | G32: 5.11
A33: LDNO HV: Non-Domestic Aggregated or CT Band 3 | B33: C13 | C33: 0, 3, 4, 5-8 | D33: 5.935 | E33: 0.73 | F33: 0.093 | G33: 5.48
A34: LDNO HV: Non-Domestic Aggregated or CT Band 4 | B34: C14 | C34: 0, 3, 4, 5-8 | D34: 5.935 | E34: 0.73 | F34: 0.093 | G34: 6.6
A35: LDNO HV: Non-Domestic Aggregated (related MPAN) | B35: D10 | C35: 4 | D35: 5.935 | E35: 0.73 | F35: 0.093
A36: LDNO HV: LV Site Specific No Residual | B36: E10 | C36: 0 | D36: 4.128 | E36: 0.475 | F36: 0.055 | G36: 10.89 | H36: 4.07 | I36: 4.07 | J36: 0.187
A37: LDNO HV: LV Site Specific Band 1 | B37: E11 | C37: 0 | D37: 4.128 | E37: 0.475 | F37: 0.055 | G37: 14.52 | H37: 4.07 | I37: 4.07 | J37: 0.187
A38: LDNO HV: LV Site Specific Band 2 | B38: E12 | C38: 0 | D38: 4.128 | E38: 0.475 | F38: 0.055 | G38: 16.76 | H38: 4.07 | I38: 4.07 | J38: 0.187
A39: LDNO HV: LV Site Specific Band 3 | B39: E13 | C39: 0 | D39: 4.128 | E39: 0.475 | F39: 0.055 | G39: 18.97 | H39: 4.07 | I39: 4.07 | J39: 0.187
A40: LDNO HV: LV Site Specific Band 4 | B40: E14 | C40: 0 | D40: 4.128 | E40: 0.475 | F40: 0.055 | G40: 33.77 | H40: 4.07 | I40: 4.07 | J40: 0.187
A41: LDNO HV: LV Sub Site Specific No Residual | B41: J10 | C41: 0 | D41: 4.297 | E41: 0.44 | F41: 0.041 | G41: 14.01 | H41: 4.73 | I41: 4.73 | J41: 0.172
A42: LDNO HV: LV Sub Site Specific Band 1 | B42: J11 | C42: 0 | D42: 4.297 | E42: 0.44 | F42: 0.041 | G42: 19.61 | H42: 4.73 | I42: 4.73 | J42: 0.172
A43: LDNO HV: LV Sub Site Specific Band 2 | B43: J12 | C43: 0 | D43: 4.297 | E43: 0.44 | F43: 0.041 | G43: 23.06 | H43: 4.73 | I43: 4.73 | J43: 0.172
A44: LDNO HV: LV Sub Site Specific Band 3 | B44: J13 | C44: 0 | D44: 4.297 | E44: 0.44 | F44: 0.041 | G44: 26.46 | H44: 4.73 | I44: 4.73 | J44: 0.172
A45: LDNO HV: LV Sub Site Specific Band 4 | B45: J14 | C45: 0 | D45: 4.297 | E45: 0.44 | F45: 0.041 | G45: 49.26 | H45: 4.73 | I45: 4.73 | J45: 0.172
A46: LDNO HV: HV Site Specific No Residual | B46: K10 | C46: 0 | D46: 4.236 | E46: 0.4 | F46: 0.033 | G46: 159.13 | H46: 4.65 | I46: 4.65 | J46: 0.16
A47: LDNO HV: HV Site Specific Band 1 | B47: K11 | C47: 0 | D47: 4.236 | E47: 0.4 | F47: 0.033 | G47: 210.84 | H47: 4.65 | I47: 4.65 | J47: 0.16
... A50: LDNO HV: HV Site Specific Band 4 | B50: K14 | C50: 0 | D50: 4.236 | E50: 0.4 | F50: 0.033 | G50: 749.23 | H50: 4.65 | I50: 4.65 | J50: 0.16
A51: LDNO HV: Unmetered Supplies | B51: U10 | C51: 0, 1 or 8 | D51: 20.247 | E51: 1.715 | F51: 1.039
A52: LDNO HV: LV Generation Aggregated | B52: F10 | C52: 0, 8 | D52: -9.135 | E52: -1.124 | F52: -0.144 | G52: 0
A53: LDNO HV: LV Sub Generation Aggregated | B53: H10 | C53: 0 | D53: -7.369 | E53: -0.865 | F53: -0.103 | G53: 0
A54: LDNO HV: LV Generation Site Specific | B54: G10 | C54: 0 | D54: -9.135 | E54: -1.124 | F54: -0.144 | G54: 0 | J54: 0.459
A55: LDNO HV: LV Sub Generation Site Specific | B55: L10 | C55: 0 | D55: -7.369 | E55: -0.865 | F55: -0.103 | G55: 0 | J55: 0.328
A56: LDNO HV: HV Generation Site Specific | B56: M10 | C56: 0 | D56: -5.466 | E56: -0.559 | F56: -0.052 | G56: 0 | J56: 0.277
A57: LDNO HVplus: Domestic Aggregated or CT with Residual | B57: A20 | C57: 0, 1, 2 | D57: 6.764 | E57: 0.833 | F57: 0.106 | G57: 3.95
A58: LDNO HVplus: Domestic Aggregated (related MPAN) | B58: B20 | C58: 2 | D58: 6.764 | E58: 0.833 | F58: 0.106
A59: LDNO HVplus: Non-Domestic Aggregated or CT No Residual | B59: C20 | C59: 0, 3, 4, 5-8 | D59: 5.116 | E59: 0.63 | F59: 0.08 | G59: 4.11
A60: LDNO HVplus: Non-Domestic Aggregated or CT Band 1 | B60: C21 | C60: 0, 3, 4, 5-8 | D60: 5.116 | E60: 0.63 | F60: 0.08 | G60: 4.21
A61: LDNO HVplus: Non-Domestic Aggregated or CT Band 2 | B61: C22 | C61: 0, 3, 4, 5-8 | D61: 5.116 | E61: 0.63 | F61: 0.08 | G61: 4.4
A62: LDNO HVplus: Non-Domestic Aggregated or CT Band 3 | B62: C23 | C62: 0, 3, 4, 5-8 | D62: 5.116 | E62: 0.63 | F62: 0.08 | G62: 4.72
A63: LDNO HVplus: Non-Domestic Aggregated or CT Band 4 | B63: C24 | C63: 0, 3, 4, 5-8 | D63: 5.116 | E63: 0.63 | F63: 0.08 | G63: 5.69
A64: LDNO HVplus: Non-Domestic Aggregated (related MPAN) | B64: D20 | C64: 4 | D64: 5.116 | E64: 0.63 | F64: 0.08
A65: LDNO HVplus: LV Site Specific No Residual | B65: E20 | C65: 0 | D65: 3.558 | E65: 0.409 | F65: 0.047 | G65: 9.39 | H65: 3.51 | I65: 3.51 | J65: 0.161
A66: LDNO HVplus: LV Site Specific Band 1 | B66: E21 | C66: 0 | D66: 3.558 | E66: 0.409 | F66: 0.047 | G66: 12.52 | H66: 3.51 | I66: 3.51 | J66: 0.161
A67: LDNO HVplus: LV Site Specific Band 2 | B67: E22 | C67: 0 | D67: 3.558 | E67: 0.409 | F67: 0.047 | G67: 14.45 | H67: 3.51 | I67: 3.51 | J67: 0.161
A68: LDNO HVplus: LV Site Specific Band 3 | B68: E23 | C68: 0 | D68: 3.558 | E68: 0.409 | F68: 0.047 | G68: 16.35 | H68: 3.51 | I68: 3.51 | J68: 0.161
A69: LDNO HVplus: LV Site Specific Band 4 | B69: E24 | C69: 0 | D69: 3.558 | E69: 0.409 | F69: 0.047 | G69: 29.11 | H69: 3.51 | I69: 3.51 | J69: 0.161
A70: LDNO HVplus: LV Sub Site Specific No Residual | B70: J20 | C70: 0 | D70: 3.598 | E70: 0.368 | F70: 0.034 | G70: 11.73 | H70: 3.96 | I70: 3.96 | J70: 0.144
A71: LDNO HVplus: LV Sub Site Specific Band 1 | B71: J21 | C71: 0 | D71: 3.598 | E71: 0.368 | F71: 0.034 | G71: 16.42 | H71: 3.96 | I71: 3.96 | J71: 0.144
A72: LDNO HVplus: LV Sub Site Specific Band 2 | B72: J22 | C72: 0 | D72: 3.598 | E72: 0.368 | F72: 0.034 | G72: 19.3 | H72: 3.96 | I72: 3.96 | J72: 0.144
A73: LDNO HVplus: LV Sub Site Specific Band 3 | B73: J23 | C73: 0 | D73: 3.598 | E73: 0.368 | F73: 0.034 | G73: 22.15 | H73: 3.96 | I73: 3.96 | J73: 0.144
A74: LDNO HVplus: LV Sub Site Specific Band 4 | B74: J24 | C74: 0 | D74: 3.598 | E74: 0.368 | F74: 0.034 | G74: 41.24 | H74: 3.96 | I74: 3.96 | J74: 0.144
A75: LDNO HVplus: HV Site Specific No Residual | B75: K20 | C75: 0 | D75: 3.502 | E75: 0.331 | F75: 0.027 | G75: 131.55 | H75: 3.84 | I75: 3.84 | J75: 0.132
A76: LDNO HVplus: HV Site Specific Band 1 | B76: K21 | C76: 0 | D76: 3.502 | E76: 0.331 | F76: 0.027 | G76: 174.31 | H76: 3.84 | I76: 3.84 | J76: 0.132
... A79: LDNO HVplus: HV Site Specific Band 4 | B79: K24 | C79: 0 | D79: 3.502 | E79: 0.331 | F79: 0.027 | G79: 619.41 | H79: 3.84 | I79: 3.84 | J79: 0.132
A80: LDNO HVplus: Unmetered Supplies | B80: U20 | C80: 0, 1 or 8 | D80: 17.451 | E80: 1.478 | F80: 0.895
A81: LDNO HVplus: LV Generation Aggregated | B81: F20 | C81: 0, 8 | D81: -5.969 | E81: -0.735 | F81: -0.094 | G81: 0
A82: LDNO HVplus: LV Sub Generation Aggregated | B82: H20 | C82: 0 | D82: -5.335 | E82: -0.626 | F82: -0.075 | G82: 0
A83: LDNO HVplus: LV Generation Site Specific | B83: G20 | C83: 0 | D83: -5.969 | E83: -0.735 | F83: -0.094 | G83: 0 | J83: 0.3
A84: LDNO HVplus: LV Sub Generation Site Specific | B84: L20 | C84: 0 | D84: -5.335 | E84: -0.626 | F84: -0.075 | G84: 0 | J84: 0.237
A85: LDNO HVplus: HV Generation Site Specific | B85: M20 | C85: 0 | D85: -5.466 | E85: -0.559 | F85: -0.052 | G85: 12.88 | J85: 0.277
A86: LDNO EHV: Domestic Aggregated or CT with Residual | B86: A30 | C86: 0, 1, 2 | D86: 5.165 | E86: 0.636 | F86: 0.081 | G86: 3.02
A87: LDNO EHV: Domestic Aggregated (related MPAN) | B87: B30 | C87: 2 | D87: 5.165 | E87: 0.636 | F87: 0.081
A88: LDNO EHV: Non-Domestic Aggregated or CT No Residual | B88: C30 | C88: 0, 3, 4, 5-8 | D88: 3.906 | E88: 0.481 | F88: 0.061 | G88: 3.14
A89: LDNO EHV: Non-Domestic Aggregated or CT Band 1 | B89: C31 | C89: 0, 3, 4, 5-8 | D89: 3.906 | E89: 0.481 | F89: 0.061 | G89: 3.22
A90: LDNO EHV: Non-Domestic Aggregated or CT Band 2 | B90: C32 | C90: 0, 3, 4, 5-8 | D90: 3.906 | E90: 0.481 | F90: 0.061 | G90: 3.36
A91: LDNO EHV: Non-Domestic Aggregated or CT Band 3 | B91: C33 | C91: 0, 3, 4, 5-8 | D91: 3.906 | E91: 0.481 | F91: 0.061 | G91: 3.61
A92: LDNO EHV: Non-Domestic Aggregated or CT Band 4 | B92: C34 | C92: 0, 3, 4, 5-8 | D92: 3.906 | E92: 0.481 | F92: 0.061 | G92: 4.35
A93: LDNO EHV: Non-Domestic Aggregated (related MPAN) | B93: D30 | C93: 4 | D93: 3.906 | E93: 0.481 | F93: 0.061
A94: LDNO EHV: LV Site Specific No Residual | B94: E30 | C94: 0 | D94: 2.717 | E94: 0.312 | F94: 0.036 | G94: 7.17 | H94: 2.68 | I94: 2.68 | J94: 0.123
A95: LDNO EHV: LV Site Specific Band 1 | B95: E31 | C95: 0 | D95: 2.717 | E95: 0.312 | F95: 0.036 | G95: 9.56 | H95: 2.68 | I95: 2.68 | J95: 0.123
A96: LDNO EHV: LV Site Specific Band 2 | B96: E32 | C96: 0 | D96: 2.717 | E96: 0.312 | F96: 0.036 | G96: 11.03 | H96: 2.68 | I96: 2.68 | J96: 0.123
A97: LDNO EHV: LV Site Specific Band 3 | B97: E33 | C97: 0 | D97: 2.717 | E97: 0.312 | F97: 0.036 | G97: 12.49 | H97: 2.68 | I97: 2.68 | J97: 0.123
A98: LDNO EHV: LV Site Specific Band 4 | B98: E34 | C98: 0 | D98: 2.717 | E98: 0.312 | F98: 0.036 | G98: 22.23 | H98: 2.68 | I98: 2.68 | J98: 0.123
A99: LDNO EHV: LV Sub Site Specific No Residual | B99: J30 | C99: 0 | D99: 2.747 | E99: 0.281 | F99: 0.026 | G99: 8.96 | H99: 3.02 | I99: 3.02 | J99: 0.11
A100: LDNO EHV: LV Sub Site Specific Band 1 | B100: J31 | C100: 0 | D100: 2.747 | E100: 0.281 | F100: 0.026 | G100: 12.54 | H100: 3.02 | I100: 3.02 | J100: 0.11
A101: LDNO EHV: LV Sub Site Specific Band 2 | B101: J32 | C101: 0 | D101: 2.747 | E101: 0.281 | F101: 0.026 | G101: 14.74 | H101: 3.02 | I101: 3.02 | J101: 0.11
A102: LDNO EHV: LV Sub Site Specific Band 3 | B102: J33 | C102: 0 | D102: 2.747 | E102: 0.281 | F102: 0.026 | G102: 16.91 | H102: 3.02 | I102: 3.02 | J102: 0.11
A103: LDNO EHV: LV Sub Site Specific Band 4 | B103: J34 | C103: 0 | D103: 2.747 | E103: 0.281 | F103: 0.026 | G103: 31.49 | H103: 3.02 | I103: 3.02 | J103: 0.11
A104: LDNO EHV: HV Site Specific No Residual | B104: K30 | C104: 0 | D104: 2.674 | E104: 0.253 | F104: 0.021 | G104: 100.46 | H104: 2.93 | I104: 2.93 | J104: 0.101
A105: LDNO EHV: HV Site Specific Band 1 | B105: K31 | C105: 0 | D105: 2.674 | E105: 0.253 | F105: 0.021 | G105: 133.11 | H105: 2.93 | I105: 2.93 | J105: 0.101
... A108: LDNO EHV: HV Site Specific Band 4 | B108: K34 | C108: 0 | D108: 2.674 | E108: 0.253 | F108: 0.021 | G108: 473 | H108: 2.93 | I108: 2.93 | J108: 0.101
...

Sheet Annex 5 LLFs
A1: Back to Overview
A2: These line loss factors are illustrative based on the latest calculated values and are published in good faith. However, the line loss factors that are approved by the BSC Panel for the applicable year and consequently published on the Elexon website will take precedence and will be used in Settlement if they differ from these values.
A3: =Overview!B4& " - Illustrative LLFs for year beginning "&Overview!D4 -> Eastern Power Networks - Illustrative LLFs for year beginning 1 April 2026
A5: Time periods | C5: Period 1 | D5: Period 2 | E5: Period 3 | F5: Period 4 | G5: Period 5
C6: Winter Peak | D6: Summer Peak | E6: Winter Shoulder | F6: Night | G6: Other
A7: Monday to Friday November to February | C7: 16:00 - 20:00 | E7: 07:00 - 16:00
A8: Monday to Friday June to August | D8: 07:00 - 20:00
A9: Monday to Friday March | E9: 07:00 - 20:00
A10: All Year | F10: 00:00 - 07:00 | G10: All Other Times
A11: Notes | C11: All the above times are in UK Clock time
A13: Generic demand and generation LLFs
A14: Metered voltage, respective periods and associated LLFCs/DUoS Tariff IDs
A15: Metered voltage | B15: Period 1 | C15: Period 2 | D15: Period 3 | E15: Period 4 | F15: Period 5 | G15: Associated LLFC/DUoS Tariff ID
A16: Low-voltage network | B16: 1.139 | C16: 1.097 | D16: 1.121 | E16: 1.09 | F16: 1.105 | G16: 1, 2, 3, 7, 70, 71, 72, 73, 74, 100, 101, 102, 103, 110, 111, 112, 113, 150, 151, 152, 153, 160, 161, 162, 163, 199, 200, 201, 202, 203, 204, 350, 932, 980, 981, N01, N02, N03, N04
A17: Low-voltage substation | B17: 1.046 | C17: 1.04 | D17: 1.043 | E17: 1.041 | F17: 1.041 | G17: 80, 81, 82, 83, 84, 984, 985
A18: High-voltage network | B18: 1.036 | C18: 1.028 | D18: 1.033 | E18: 1.027 | F18: 1.029 | G18: 90, 91, 92, 93, 94, 988, 989
A19: High-voltage substation | B19: 1.027 | C19: 1.022 | D19: 1.025 | E19: 1.022 | F19: 1.023 | G19: 771, 791, 792
A20: 33kV generic | B20: 1.022 | C20: 1.016 | D20: 1.02 | E20: 1.016 | F20: 1.018 | G20: 796, 797
A21: 132kV generic | B21: 1.007 | C21: 1.005 | D21: 1.006 | E21: 1.005 | F21: 1.005 | G21: 798, 799
A23: EHV site specific LLFs
A24: Demand
A25: Site | B25: Period 1 | C25: Period 2 | D25: Period 3 | E25: Period 4 | F25: Period 5 | G25: Associated LLFC/DUoS Tariff ID
A26: MEDESF - Import | B26: 1.007 | C26: 1.005 | D26: 1.006 | E26: 1.005 | F26: 1.005 | G26: 280
A27: ALCORG - Import | B27: 1.022 | C27: 1.016 | D27: 1.02 | E27: 1.016 | F27: 1.018 | G27: 300
A28: BARNFM - Import | B28: 1.022 | C28: 1.016 | D28: 1.02 | E28: 1.016 | F28: 1.018 | G28: 301
A29: BERDHF - Import | B29: 1 | C29: 1 | D29: 1 | E29: 1 | F29: 1 | G29: 302
A30: CLAYPV - Import | B30: 1.032 | C30: 1.032 | D30: 1.033 | E30: 1.032 | F30: 1.032 | G30: 303
A31: CLFFQY - Import | B31: 1.007 | C31: 1.005 | D31: 1.006 | E31: 1.005 | F31: 1.005 | G31: 304
A32: CLRDWN - Import | B32: 1.033 | C32: 1.023 | D32: 1.029 | E32: 1.027 | F32: 1.024 | G32: 305
A33: COMBRN - Import | B33: 1.022 | C33: 1.016 | D33: 1.02 | E33: 1.016 | F33: 1.018 | G33: 306
A34: CRSSNG - Import | B34: 1.022 | C34: 1.016 | D34: 1.02 | E34: 1.016 | F34: 1.018 | G34: 307
A35: ERNUNN - Import | B35: 1.007 | C35: 1.005 | D35: 1.006 | E35: 1.005 | F35: 1.005 | G35: 308
A36: GOOSFM - Import | B36: 1.022 | C36: 1.016 | D36: 1.02 | E36: 1.016 | F36: 1.018 | G36: 309
A37: GREYSH - Import | B37: 1.022 | C37: 1.016 | D37: 1.02 | E37: 1.016 | F37: 1.018 | G37: 310
... A308: STWBRG - Import | B308: 1.022 | C308: 1.016 | D308: 1.02 | E308: 1.016 | F308: 1.018 | G308: 898
A310: EHV site specific LLFs
A311: Generation
A312: Site | B312: Period 1 | C312: Period 2 | D312: Period 3 | E312: Period 4 | F312: Period 5 | G312: Associated LLFC/DUoS Tariff ID
A313: BMPTSF - Export | B313: 1.022 | C313: 1.016 | D313: 1.02 | E313: 1.016 | F313: 1.018 | G313: 385
A314: GRNDSF - Import | B314: 1.022 | C314: 1.016 | D314: 1.02 | E314: 1.016 | F314: 1.018 | G314: 386
A315: BRACSF - Export | B315: 1.005 | C315: 0.995 | D315: 0.998 | E315: 1.003 | F315: 0.998 | G315: 388
A316: SHOTSF - Export | B316: 0.997 | C316: 0.998 | D316: 1 | E316: 0.999 | F316: 1 | G316: 389
A317: STCLSF - Export | B317: 1.003 | C317: 1 | D317: 1.001 | E317: 1.002 | F317: 1.001 | G317: 390
A318: CROUSF - Export | B318: 1.022 | C318: 1.016 | D318: 1.02 | E318: 1.016 | F318: 1.018 | G318: 391
A319: PENTSF - Export | B319: 1.022 | C319: 1.016 | D319: 1.02 | E319: 1.016 | F319: 1.018 | G319: 392
A320: LINKSF - Export | B320: 1.022 | C320: 1.016 | D320: 1.02 | E320: 1.016 | F320: 1.018 | G320: 393
A321: MOATSF - Export | B321: 1.022 | C321: 1.016 | D321: 1.02 | E321: 1.016 | F321: 1.018 | G321: 394
A322: PEMBSF - Export | B322: 1.022 | C322: 1.016 | D322: 1.02 | E322: 1.016 | F322: 1.018 | G322: 395
A323: BURGSF - Export | B323: 1.022 | C323: 1.016 | D323: 1.02 | E323: 1.016 | F323: 1.018 | G323: 396
A324: BRASSF - Export | B324: 1.022 | C324: 1.016 | D324: 1.02 | E324: 1.016 | F324: 1.018 | G324: 397
... A531: SFAMSF - Export | B531: 1.007 | C531: 1.005 | D531: 1.006 | E531: 1.005 | F531: 1.005 | G531: 941
A533: CVA site specific LLFs
A534: Site | B534: Period 1 | C534: Period 2 | D534: Period 3 | E534: Period 4 | F534: Period 5 | G534: MSID
A535: Norwich Main SGT 1 and 2 | B535: 1 | C535: 0.999 | D535: 1.001 | E535: 1 | F535: 1 | G535: 1413
A536: Norwich Main SGT 3 and 4 | B536: 1 | C536: 0.999 | D536: 1 | E536: 1 | F536: 1 | G536: 1414
A537: Sundon SGT5 & 6 | B537: 1 | C537: 1 | D537: 1 | E537: 1 | F537: 1 | G537: 1419
A538: Walpole Boston 1 | B538: 1.008 | C538: 1.003 | D538: 1.005 | E538: 1.004 | F538: 1.005 | G538: 2035
A539: Peterborough Power Station | B539: 1.003 | C539: 1 | D539: 1.002 | E539: 1.002 | F539: 1.002 | G539: 7006
A540: Kings Lynn Power Station | B540: 0.999 | C540: 0.999 | D540: 0.999 | E540: 0.999 | F540: 0.999 | G540: 7044
A541: Enfield Energy Centre | B541: 1.036 | C541: 1.028 | D541: 1.033 | E541: 1.027 | F541: 1.029 | G541: 7074
A542: Great Yarmouth Power Station | B542: 0.991 | C542: 0.988 | D542: 0.99 | E542: 0.989 | F542: 0.991 | G542: 7111
A543: Gunfleet Sands Demo | B543: 1.002 | C543: 0.995 | D543: 0.999 | E543: 0.996 | F543: 0.998 | G543: 7277
A544: BALDOCK RD STOR (Letchworth) Export | B544: 1.003 | C544: 1.002 | D544: 1.002 | E544: 1.001 | F544: 1.002 | G544: 7308
A545: BALDOCK RD STOR (Letchworth) Import | B545: 1.022 | C545: 1.016 | D545: 1.02 | E545: 1.016 | F545: 1.018 | G545: 7309
A546: Tilbury Green | B546: 0.999 | C546: 0.999 | D546: 0.999 | E546: 0.999 | F546: 0.999 | G546: 7323
... A576: Peterborough 2 Power Station - Export | B576: 1.01 | C576: 1.005 | D576: 1.008 | E576: 1.007 | F576: 1.008 | G576: 7567
A577: Indaver Rivenhall - Import | B577: 1.007 | C577: 1.005 | D577: 1.006 | E577: 1.005 | F577: 1.005 | G577: 0050
A578: Indaver Rivenhall - Export | B578: 1.007 | C578: 1.005 | D578: 1.006 | E578: 1.005 | F578: 1.005 | G578: 0051

Sheet Annex 6 New or Amended EHV
A1: Back to Overview | D1: Note: The DNO reserves the right to apply the listed charges to any other MPANs/MSIDs associated with the site. This includes reallocating charges to a traded MPAN at the same site where another MPAN has been disconnected or de-energised. If sites appear in both Annex 2 and Annex 6, the charges in Annex 6 take precedence. Where an existing Designated EHV Property is modified and energised in the charging year, we may revise the EDCM charges for the modified Designated EHV Property.
A2: Annex 6 - Charges for New or Amended Designated EHV Properties
A4: =Overview!B4& " - Effective from "&Overview!D4&" - "&Overview!E4&" new designated EHV charges" -> Eastern Power Networks - Effective from 1 April 2026 - Final new designated EHV charges
A5: Effective from date | B5: Import Unique Identifier | C5: LLFC/ DUoS Tariff ID | D5: Import MPANs/MSIDs | E5: Export Unique Identifier | F5: LLFC/ DUoS Tariff ID | G5: Export MPANs/MSIDs | H5: Name | I5: Residual Charging Band | J5: ='Annex 2 Designated EHV charges'!I9 -> Import Super Red unit charge (p/kWh) | K5: ='Annex 2 Designated EHV charges'!J9 -> Import fixed charge (p/day) | L5: ='Annex 2 Designated EHV charges'!K9 -> Import capacity charge (p/kVA/day) | M5: ='Annex 2 Designated EHV charges'!L9 -> Import exceeded capacity charge (p/kVA/day) | N5: ='Annex 2 Designated EHV charges'!M9 -> Export Super Red unit charge (p/kWh) | O5: ='Annex 2 Designated EHV charges'!N9 -> Export fixed charge (p/day) | P5: ='Annex 2 Designated EHV charges'!O9 -> Export capacity charge (p/kVA/day) | Q5: ='Annex 2 Designated EHV charges'!P9 -> Export exceeded capacity charge (p/kVA/day)
A6: 46113 | B6: CROWNP | C6: 335 | D6: 1050001472920 | E6: CROWNP | F6: 413 | G6: 1050002018370 | H6: CROWNP | I6: 2 | J6: 0 | K6: 24662.9 | L6: 1.62 | M6: 1.62 | N6: 0 | O6: 1114.6 | P6: 0.05 | Q6: 0.05
A7: 46113 | B7: STCLSF | C7: 352 | D7: 1050002797108 | E7: STCLSF | F7: 390 | G7: 1050002797117 | H7: STCLSF | J7: 0.973 | K7: 8.97 | L7: 1.24 | M7: 1.24 | N7: 0 | O7: 1415.67 | P7: 0.05 | Q7: 0.05
A8: 46113 | B8: EDLMUC | C8: 810 | D8: 1023497822125;1023497822357;1023514863056;1030010107819 | E8: EDLMUC | F8: 702 | G8: 1023497821664;1023497821896;1023514686185;1030010107580 | H8: EDLMUC | J8: 0.52 | K8: 22.06 | L8: 1.23 | M8: 1.23 | N8: -0.52 | O8: 1520.94 | P8: 0.05 | Q8: 0.05
A9: 46113 | B9: EDLPIT | C9: 811 | D9: 1030020271288 | E9: EDLPIT | F9: 713 | G9: 1030020271056 | H9: EDLPIT | J9: 0 | K9: 45.15 | L9: 4.87 | M9: 4.87
A10: 46113 | B10: RAINHM | C10: 862 | D10: 1023487352751;1023487353212 | E10: RAINHM | F10: 703 | G10: 1023487353444;1023525149808 | H10: RAINHM | J10: 1.315 | K10: 57.19 | L10: 2.29 | M10: 2.29 | N10: -2.846 | O10: 4427.04 | P10: 0.05 | Q10: 0.05
A11: 46113 | B11: CEDABS | C11: 362 | D11: 1050003229659 | E11: CEDABS | F11: 398 | G11: 1050003229668 | H11: CEDABS | J11: 0 | K11: 812.26 | L11: 1.33 | M11: 1.33 | N11: -0.046 | O11: 812.26 | P11: 0.05 | Q11: 0.05
A12: 46113 | B12: RIVERF | C12: 347 | D12: 1050002912463 | E12: RIVERF | F12: 425 | G12: 1050002912472 | H12: RIVERF | I12: 4 | J12: 0 | K12: 82741.48 | L12: 1.39 | M12: 1.39 | N12: 0 | O12: 23718.92 | P12: 0.05 | Q12: 0.05
A13: 46113 | B13: RYMESF | C13: 367 | D13: 1050002509767 | E13: RYMESF | F13: 424 | G13: 1050002509776 | H13: RYMESF | J13: 0.056 | K13: 211.33 | L13: 2.11 | M13: 2.11 | N13: 0 | O13: 21090.71 | P13: 0.05 | Q13: 0.05
A14: 46113 | B14: WOBRBS | D14: ENET | E14: WOBRBS | G14: ENET | H14: WOBRBS | J14: 1.092 | K14: 220.87 | L14: 0.8 | M14: 0.8 | N14: -1.092 | O14: 220.87 | P14: 0.05 | Q14: 0.05
A15: 46113 | B15: LMEASF | C15: 361 | D15: 1050003331176 | E15: LMEASF | F15: 399 | G15: 1050003331185 | H15: LMEASF | J15: 2.111 | K15: 10.58 | L15: 2.83 | M15: 2.83 | N15: 0 | O15: 1336.55 | P15: 0.05 | Q15: 0.05
A16: 46113 | B16: POBAIL | C16: 565 | D16: 1050001118598 | E16: POBAIL | F16: 448 | G16: 1050001118490 | H16: POBAIL | J16: 0.308 | K16: 33.2 | L16: 6.91 | M16: 6.91 | N16: 0 | O16: 3320.36 | P16: 0.05 | Q16: 0.05
A17: 46113 | B17: CMRODC | C17: 594 | D17: 1050001068050;1050001068069 | H17: CMRODC | I17: 2 | J17: 2.422 | K17: 24158.72 | L17: 1.34 | M17: 1.34
A18: 46113 | B18: BMPTSF | C18: 370 | D18: 1050003106511 | E18: BMPTSF | F18: 385 | G18: 1050003106520 | H18: BMPTSF | J18: 0 | K18: 11.13 | L18: 6.68 | M18: 6.68 | N18: 0 | O18: 1171.42 | P18: 0.05 | Q18: 0.05
A19: 46113 | B19: MAYLDC | D19: ENET | H19: MAYLDC | I19: 4 | J19: 0 | K19: 72110.47 | L19: 1.31 | M19: 1.31
A20: 46113 | B20: RIVERF | C20: 347 | D20: 1050002912463 | E20: RIVERF | F20: 425 | G20: 1050002912472 | H20: RIVERF | J20: 0 | K20: 10406.14 | L20: 1.39 | M20: 1.39 | N20: 0 | O20: 23718.92 | P20: 0.05 | Q20: 0.05
A21: 46113 | B21: COMBRN | C21: 306 | D21: 1050001662241 | E21: COMBRN | F21: 440 | G21: 1050001662250 | H21: COMBRN | J21: 0.198 | K21: 11.57 | L21: 1.89 | M21: 1.89 | N21: 0 | O21: 1423.06 | P21: 0.05 | Q21: 0.05
A22: 46113 | B22: DELTAP | D22: ENET | H22: DELTAP | I22: 3 | J22: 1.212 | K22: 49412.5 | L22: 1.72 | M22: 1.72
A23: 46113 | B23: LAYRSF | D23: ENET | E23: LAYRSF | G23: ENET | H23: LAYRSF | J23: 0 | K23: 1.9 | L23: 1.9 | M23: 1.9 | N23: 0 | O23: 601.41 | P23: 0.05 | Q23: 0.05
A24: 46113 | B24: BRCHBS | D24: ENET | E24: BRCHBS | G24: ENET | H24: BRCHBS | J24: 0 | K24: 329.08 | L24: 1.37 | M24: 1.37 | N24: -0.85 | O24: 274.23 | P24: 0.05 | Q24: 0.05
A25: 46113 | B25: OCKESF | C25: 343 | D25: 1050003405828 | E25: OCKESF | F25: 420 | G25: 1050003405873 | H25: OCKESF | J25: 0 | K25: 24.76 | L25: 1.94 | M25: 1.94 | N25: 0 | O25: 11414.42 | P25: 0.05 | Q25: 0.05
A26: 46113 | B26: MEDESF | C26: 280 | D26: 1050003405846 | E26: MEDESF | F26: 426 | G26: 1050003405882 | H26: MEDESF | J26: 0 | K26: 23.56 | L26: 1.94 | M26: 1.94 | N26: 0 | O26: 11415.62 | P26: 0.05 | Q26: 0.05
A27: 46113 | B27: FLYFRM | C27: 512 | D27: 1050000822463 | E27: FLYFRM | F27: 790 | G27: 1050000822472 | H27: FLYFRM | J27: 4.307 | K27: 15.13 | L27: 2.4 | M27: 2.4 | N27: 0 | O27: 2268.81 | P27: 0.05 | Q27: 0.05
A28: 46113 | B28: BMPFM2 | C28: 330 | D28: 1050001658120 | E28: BMPFM2 | F28: 407 | G28: 1050001658148 | H28: BMPFM2 | J28: 2.557 | K28: 98.98 | L28: 1.25 | M28: 1.25 | N28: 0 | O28: 1065.89 | P28: 0.05 | Q28: 0.05
A29: 46113 | B29: SFAMSF | C29: 368 | D29: 1050002707683 | E29: SFAMSF | F29: 941 | G29: 1050002707692 | H29: SFAMSF | J29: 0 | K29: 4.17 | L29: 2.59 | M29: 2.59 | N29: 0 | O29: 1804.59 | P29: 0.05 | Q29: 0.05
A30: 46113 | B30: NEVEDN | C30: 315 | D30: 1050001507449 | E30: NEVEDN | F30: 446 | G30: 1050001507458 | H30: NEVEDN | J30: 2.29 | K30: 425.26 | L30: 1.22 | M30: 1.22 | N30: -2.224 | O30: 425.26 | P30: 0.05 | Q30: 0.05
A31: 46113 | B31: NEVED2 | C31: 315 | D31: 1050003511410 | E31: NEVED2 | F31: 446 | G31: 1050003511429 | H31: NEVED2 | J31: 2.29 | K31: 283.51 | L31: 1.22 | M31: 1.22 | N31: -2.224 | O31: 283.51 | P31: 0.05 | Q31: 0.05
A32: 46113 | B32: SHOTSF | C32: 329 | D32: 1050002464089 | E32: SHOTSF | F32: 389 | G32: 1050002464098 | H32: SHOTSF | J32: 0 | K32: 14.99 | L32: 2.37 | M32: 2.37 | N32: 0 | O32: 2968.37 | P32: 0.05 | Q32: 0.05
A33: 46113 | B33: ARLAFD | C33: 587 | D33: 1030081553176;1030081553404 | E33: ARLAFD | F33: 710 | G33: 1030085114723;1030085114955 | H33: ARLAFD | I33: 3 | J33: 2.143 | K33: 57343.27 | L33: 1.35 | M33: 1.35 | N33: -2.057 | O33: 146.58 | P33: 0.05 | Q33: 0.05
A34: 46113 | B34: AWOUSE | C34: 589 | D34: 1014571965793;1023475403798 | H34: AWOUSE | I34: 2 | J34: 0.739 | K34: 16774.88 | L34: 3.51 | M34: 3.51
A35: 46113 | B35: BERMAT | C35: 590 | D35: 1014571751895 | H35: BERMAT | I35: 2 | J35: 0 | K35: 16579.44 | L35: 4.04 | M35: 4.04
A36: 46113 | B36: BOCTHA | C36: 803 | D36: 1014572608412 | H36: BOCTHA | I36: 3 | J36: 1.772 | K36: 58637.27 | L36: 6.86 | M36: 6.86
A37: 46113 | B37: BTLCOM | C37: 592 | D37: 1014572546086;1023545733475;1050000169030 | H37: BTLCOM | I37: 3 | J37: 2.519 | K37: 57685.28 | L37: 3.96 | M37: 3.96
A38: 46113 | B38: DRABED | C38: 809 | D38: 1014572509517 | H38: DRABED | I38: 2 | J38: 0.614 | K38: 29855.81 | L38: 1.56 | M38: 1.56
A39: 46113 | B39: HEINZF | C39: 479 | D39: 1014573127752 | H39: HEINZF | I39: 2 | J39: 2.702 | K39: 16579.44 | L39: 4.47 | M39: 4.47
A40: 46113 | B40: HRLWDC | C40: 480 | D40: 1050001003372;1050001003381;1050001003390 | H40: HRLWDC | I40: 4 | J40: 0.349 | K40: 95230.91 | L40: 1.44 | M40: 1.44
A41: 46113 | B41: LAKENH | C41: 482 | D41: 1023504932800;1050002056960;1050001791601 | H41: LAKENH | I41: 3 | J41: 1.206 | K41: 57685.28 | L41: 5.35 | M41: 5.35
A42: 46113 | B42: LONWST | C42: 826 | D42: 1023497360519 | E42: LONWST | F42: 704 | G42: 1023479109093 | H42: LONWST | I42: 2 | J42: 0.078 | K42: 16728.83 | L42: 1.32 | M42: 1.32 | N42: -0.325 | O42: 5172.46 | P42: 0.05 | Q42: 0.05
A43: 46113 | B43: LS&E_N | C43: 823 | D43: 1014568599280;1023477604661 | H43: LS&E_N | I43: 2 | J43: 0.919 | K43: 18762.86 | L43: 2.02 | M43: 2.02
A44: 46113 | B44: MAXWDC | D44: ENET | H44: MAXWDC | I44: 3 | J44: 0.012 | K44: 53025.33 | L44: 1.16 | M44: 1.16
A45: 46113 | B45: MLVLCM | C45: 484 | D45: 1030062915127 | H45: MLVLCM | I45: 2 | J45: 0.114 | K45: 16579.44 | L45: 1.42 | M45: 1.42
A46: 46113 | B46: MSDHOD | C46: 828 | D46: 1023533706269;1023533706490 | H46: MSDHOD | I46: 2 | J46: 0 | K46: 22664.67 | L46: 2.98 | M46: 2.98
A47: 46113 | B47: NR_KNG | C47: 846 | D47: 1014572901666 | E47: NR_KNG | F47: 472 | G47: 1050000419767 | H47: NR_KNG | I47: 2 | J47: 0 | K47: 22967.67 | L47: 2.33 | M47: 2.33
A48: 46113 | B48: NR_LBR | C48: 847 | D48: 1014572780683 | H48: NR_LBR | I48: 4 | J48: 0.059 | K48: 86967.48 | L48: 2.77 | M48: 2.77
A49: 46113 | B49: NR_RAY | C49: 852 | D49: 1014573010682 | E49: NR_RAY | F49: 725 | G49: 1023545944911 | H49: NR_RAY | I49: 3 | J49: 0.773 | K49: 69789.16 | L49: 2.14 | M49: 2.14
A50: 46113 | B50: NR_TOT | C50: 859 | D50: 1014573142245 | H50: NR_TOT | I50: 4 | J50: 0.001 | K50: 86436.77 | L50: 2.46 | M50: 2.46
A51: 46113 | B51: NYSEIB | C51: 487 | D51: 1030062357607;1030062357839 | H51: NYSEIB | I51: 4 | J51: 2.728 | K51: 80390.77 | L51: 1.85 | M51: 1.85
A52: 46113 | B52: SFKEFW | C52: 502 | D52: 1050000628009 | E52: SFKEFW | F52: 470 | G52: 1050000628018 | H52: SFKEFW | I52: 2 | J52: 1.703 | K52: 18045.53 | L52: 1.29 | M52: 1.29 | N52: -1.785 | O52: 11538.38 | P52: 0.05 | Q52: 0.05
A53: 46113 | B53: TILGRN | C53: 582 | D53: 1050001109352 | E53: TILGRN | G53: MSID: 7323 | H53: TILGRN | I53: 2 | J53: 0 | K53: 18860.56 | L53: 1.26 | M53: 1.26 | N53: -0.035 | O53: 20852.63 | P53: 0.05 | Q53: 0.05
A54: 46113 | B54: WILLIA | C54: 819 | D54: 1030027859903 | H54: WILLIA | I54: 2 | J54: 0.902 | K54: 18510.96 | L54: 2.99 | M54: 2.99
A55: 46113 | B55: CORYBS | D55: ENET | E55: CORYBS | G55: ENET | H55: CORYBS | J55: 0 | K55: 113.54 | L55: 0.88 | M55: 0.88 | N55: -0.13 | O55: 124.9 | P55: 0.05 | Q55: 0.05
A56: 46113 | B56: CORYGE | D56: ENET | E56: CORYGE | G56: ENET | H56: CORYGE | J56: 0 | K56: 10.18 | L56: 1.19 | M56: 1.19 | N56: -0.13 | O56: 192.93 | P56: 0.05 | Q56: 0.05
A57: 46113 | B57: SANDSF | D57: ENET | E57: SANDSF | G57: ENET | H57: SANDSF | J57: 0 | K57: 1157.38 | L57: 1.3 | M57: 1.3 | N57: -0.531 | O57: 1650.09 | P57: 0.05 | Q57: 0.05
A58: 46113 | B58: GRNDSF | C58: 363 | D58: 1050003517021 | E58: GRNDSF | F58: 386 | G58: 1050003517030 | H58: GRNDSF | J58: 0 | K58: 5.46 | L58: 4.01 | M58: 4.01 | N58: 0 | O58: 2183.05 | P58: 0.05 | Q58: 0.05
A59: 46113 | B59: MAYLDC | D59: ENET | H59: MAYLDC | I59: 1 | J59: 0 | K59: 6987.95 | L59: 1.33 | M59: 1.33
A60: 46113 | B60: MAXWDC | D60: ENET | H60: MAXWDC | I60: 4 | J60: 0.012 | K60: 65302.59 | L60: 1.16 | M60: 1.16
A61: 46113 | B61: TRINSF | C61: 364 | D61: 1050003511730 | E61: TRINSF | F61: 387 | G61: 1050003511749 | H61: TRINSF | I61: 1 | J61: 0 | K61: 4215.7 | L61: 4.01 | M61: 4.01 | N61: 0 | O61: 1609.6 | P61: 0.05 | Q61: 0.05
A62: 46113 | B62: MANFRM | C62: 552 | D62: 1050000961361 | E62: MANFRM | F62: 668 | G62: 1050000961370 | H62: MANFRM | J62: 0 | K62: 29.88 | L62: 4.79 | M62: 4.79 | N62: 0 | O62: 6494.59 | P62: 0.05 | Q62: 0.05
A63: 46113 | B63: REYDON | C63: 896 | D63: 1050000612816 | E63: REYDON | F63: 776 | G63: 1050000612807 | H63: REYDON | J63: 3.587 | K63: 6.27 | L63: 2.05 | M63: 2.05 | N63: 0 | O63: 1003.7 | P63: 0.05 | Q63: 0.05
A64: 46113 | B64: RADISF | C64: 365 | D64: 1050003412081 | E64: RADISF | F64: 630 | G64: 1050003412090 | H64: RADISF | J64: 2.555 | K64: 75.44 | L64: 2.15 | M64: 2.15 | N64: 0 | O64: 7227.02 | P64: 0.05 | Q64: 0.05
A65: 46113 | B65: RAF_AL | C65: 491 | D65: 1014572929954 | H65: RAF_AL | I65: 1 | J65: 6.127 | K65: 7820.13 | L65: 1.28 | M65: 1.28
A66: 46113 | B66: RDHSSF | C66: 371 | D66: 1050003411956 | E66: RDHSSF | F66: 631 | G66: 1050003411965 | H66: RDHSSF | J66: 0.792 | K66: 7.29 | L66: 6.29 | M66: 6.29 | N66: 0 | O66: 1542.72 | P66: 0.05 | Q66: 0.05
A67: 46113 | B67: DBLANE | C67: 878 | D67: 1050000612950 | E67: DBLANE | F67: 752 | G67: 1050000612940 | H67: DBLANE | J67: 0.792 | K67: 12.18 | L67: 6.7 | M67: 6.7 | N67: 0 | O67: 2191.85 | P67: 0.05 | Q67: 0.05
A68: 46113 | B68: TRINSF | C68: 364 | D68: 1050003511730 | E68: TRINSF | F68: 387 | G68: 1050003511749 | H68: TRINSF | J68: 0 | K68: 10.73 | L68: 4.01 | M68: 4.01 | N68: 0 | O68: 1609.6 | P68: 0.05 | Q68: 0.05
A69: 46113 | B69: WCOTSF | C69: 372 | D69: 1050003575798 | E69: WCOTSF | F69: 632 | G69: 1050003575803 | H69: WCOTSF | I69: 2 | J69: 0.961 | K69: 15576.11 | L69: 9.94 | M69: 9.94 | N69: 0 | O69: 2732.28 | P69: 0.05 | Q69: 0.05
A70: 46113 | B70: CRAYSF | C70: 374 | D70: 1050003570318 | E70: CRAYSF | F70: 634 | G70: 1050003570327 | H70: CRAYSF | J70: 2.091 | K70: 52.52 | L70: 2.12 | M70: 2.12 | N70: 0 | O70: 2722.01 | P70: 0.05 | Q70: 0.05
A71: 46113 | B71: DENGSF | C71: 373 | D71: 1050003235449 | E71: DENGSF | F71: 633 | G71: 1050003235458 | H71: DENGSF | J71: 2.968 | K71: 117.64 | L71: 1.9 | M71: 1.9 | N71: -1.324 | O71: 323.52 | P71: 0.05 | Q71: 0.05
A72: 46175 | B72: BURWBS | D72: MSID: 7439; MSID: 0061 | E72: BURWBS | G72: MSID: 7440; MSID: 0062 | H72: BURWBS | J72: 0 | K72: 866.03 | L72: 1.4 | M72: 1.4 | N72: 0 | O72: 866.03 | P72: 0.05 | Q72: 0.05
A73: 46113 | B73: ATTLSF | D73: ENET | E73: ATTLSF | G73: ENET | H73: ATTLSF | J73: 0 | K73: 0 | L73: 6.72 | M73: 6.72 | N73: -1.68 | O73: 0 | P73: 0.05 | Q73: 0.05
A75: =Overview!B4& " - Effective from "&Overview!D4&" - "&Overview!E4&" new designated EHV line loss factors" -> Eastern Power Networks - Effective from 1 April 2026 - Final new designated EHV line loss factors
A76: Effective from date | B76: Import Unique Identifier | C76: LLFC/ DUoS Tariff ID | D76: Import MPANs/MSIDs | E76: Export Unique Identifier | F76: LLFC/ DUoS Tariff ID | G76: Export MPANs/MSIDs | H76: Name | I76: Residual Charging Band | J76: Import LLF period 1 | K76: Import LLF period 2 | L76: Import LLF period 3 | M76: Import LLF period 4 | N76: Import LLF period 5 | O76: Export LLF period 1 | P76: Export LLF period 2 | Q76: Export LLF period 3 | R76: Export LLF period 4 | S76: Export LLF period 5
A77: 46113 | B77: TRINSF | C77: 364 | D77: 1050003511730 | E77: TRINSF | F77: 387 | G77: 1050003511749 | H77: TRINSF | J77: 1.022 | K77: 1.016 | L77: 1.02 | M77: 1.016 | N77: 1.018 | O77: 1.022 | P77: 1.016 | Q77: 1.02 | R77: 1.016 | S77: 1.018
A78: 46113 | B78: RADISF | C78: 365 | D78: 1050003412081 | E78: RADISF | F78: 630 | G78: 1050003412090 | H78: RADISF | J78: 1.022 | K78: 1.016 | L78: 1.02 | M78: 1.016 | N78: 1.018 | O78: 1.022 | P78: 1.016 | Q78: 1.02 | R78: 1.016 | S78: 1.018
A79: 46113 | B79: RAF_AL | C79: 491 | D79: 1014572929954 | H79: RAF_AL | I79: 1 | J79: 1.027 | K79: 1.022 | L79: 1.025 | M79: 1.022 | N79: 1.023 | O79: 1.027 | P79: 1.022 | Q79: 1.025 | R79: 1.022 | S79: 1.023
A80: 46113 | B80: RDHSSF | C80: 371 | D80: 1050003411956 | E80: RDHSSF | F80: 631 | G80: 1050003411965 | H80: RDHSSF | J80: 1.022 | K80: 1.016 | L80: 1.02 | M80: 1.016 | N80: 1.018 | O80: 1.022 | P80: 1.016 | Q80: 1.02 | R80: 1.016 | S80: 1.018
A81: 46113 | B81: WCOTSF | C81: 372 | D81: 1050003575798 | E81: WCOTSF | F81: 632 | G81: 1050003575803 | H81: WCOTSF | I81: 2 | J81: 1.022 | K81: 1.016 | L81: 1.02 | M81: 1.016 | N81: 1.018 | O81: 1.022 | P81: 1.016 | Q81: 1.02 | R81: 1.016 | S81: 1.018
A82: 46113 | B82: CRAYSF | C82: 374 | D82: 1050003570318 | E82: CRAYSF | F82: 634 | G82: 1050003570327 | H82: CRAYSF | J82: 1.022 | K82: 1.016 | L82: 1.02 | M82: 1.016 | N82: 1.018 | O82: 1.022 | P82: 1.016 | Q82: 1.02 | R82: 1.016 | S82: 1.018
A83: 46113 | B83: DENGSF | C83: 373 | D83: 1050003235449 | E83: DENGSF | F83: 633 | G83: 1050003235458 | H83: DENGSF | J83: 1.022 | K83: 1.016 | L83: 1.02 | M83: 1.016 | N83: 1.018 | O83: 1.022 | P83: 1.016 | Q83: 1.02 | R83: 1.016 | S83: 1.018

Sheet Annex 7 Pass-Through Costs
A1: Back to Overview
A2: =Overview!B4& " - Effective from "&Overview!D4&" - "&Overview!E4&" Supplier of Last Resort and Eligible Bad Debt Pass-Through Costs" -> Eastern Power Networks - Effective from 1 April 2026 - Final Supplier of Last Resort and Eligible Bad Debt Pass-Through Costs
A4: Tariff name | B4: Open LLFCs/ DUoS Tariff IDs / LDNO unique billing identifier | C4: PCs | D4: Supplier of Last Resort Fixed charge adder* p/MPAN/day | E4: Eligible Bad Debt Fixed charge adder** p/MPAN/day
A5: Domestic Aggregated or CT with Residual | B5: =IFERROR(INDEX('Annex 1 LV, HV and UMS charges'!$B$12:$B$43,MATCH($A5,'Annex 1 LV, HV and UMS charges'!$A$12:$A$43,0)),IF(INDEX('Annex 4 LDNO charges'!$B$11:$B$199,MATCH($A5,'Annex 4 LDNO charges'!$A$11:$A$199,0))=0,"",INDEX('Annex 4 LDNO charges'!$B$11:$B$199,MATCH($A5,'Annex 4 LDNO charges'!$A$11:$A$199,0)))) -> 1 | C5: =IFERROR(INDEX('Annex 1 LV, HV and UMS charges'!$C$12:$C$43,MATCH($A5,'Annex 1 LV, HV and UMS charges'!$A$12:$A$43,0)),INDEX('Annex 4 LDNO charges'!$C$11:$C$199,MATCH($A5,'Annex 4 LDNO charges'!$A$11:$A$199,0))) -> 0, 1, 2 | D5: 0 | E5: 0
A6: Non-Domestic Aggregated or CT No Residual | B6: =IFERROR(INDEX('Annex 1 LV, HV and UMS charges'!$B$12:$B$43,MATCH($A6,'Annex 1 LV, HV and UMS charges'!$A$12:$A$43,0)),IF(INDEX('Annex 4 LDNO charges'!$B$11:$B$199,MATCH($A6,'Annex 4 LDNO charges'!$A$11:$A$199,0))=0,"",INDEX('Annex 4 LDNO charges'!$B$11:$B$199,MATCH($A6,'Annex 4 LDNO charges'!$A$11:$A$199,0)))) -> 199 | C6: =IFERROR(INDEX('Annex 1 LV, HV and UMS charges'!$C$12:$C$43,MATCH($A6,'Annex 1 LV, HV and UMS charges'!$A$12:$A$43,0)),INDEX('Annex 4 LDNO charges'!$C$11:$C$199,MATCH($A6,'Annex 4 LDNO charges'!$A$11:$A$199,0))) -> 0, 3, 4, 5-8 | E6: 0
A7: Non-Domestic Aggregated or CT Band 1 | B7: =IFERROR(INDEX('Annex 1 LV, HV and UMS charges'!$B$12:$B$43,MATCH($A7,'Annex 1 LV, HV and UMS charges'!$A$12:$A$43,0)),IF(INDEX('Annex 4 LDNO charges'!$B$11:$B$199,MATCH($A7,'Annex 4 LDNO charges'!$A$11:$A$199,0))=0,"",INDEX('Annex 4 LDNO charges'!$B$11:$B$199,MATCH($A7,'Annex 4 LDNO charges'!$A$11:$A$199,0)))) -> 201, N01 | C7: =IFERROR(INDEX('Annex 1 LV, HV and UMS charges'!$C$12:$C$43,MATCH($A7,'Annex 1 LV, HV and UMS charges'!$A$12:$A$43,0)),INDEX('Annex 4 LDNO charges'!$C$11:$C$199,MATCH($A7,'Annex 4 LDNO charges'!$A$11:$A$199,0))) -> 0, 3, 4, 5-8 | E7: 0
A8: Non-Domestic Aggregated or CT Band 2 | B8: =IFERROR(INDEX('Annex 1 LV, HV and UMS charges'!$B$12:$B$43,MATCH($A8,'Annex 1 LV, HV and UMS charges'!$A$12:$A$43,0)),IF(INDEX('Annex 4 LDNO charges'!$B$11:$B$199,MATCH($A8,'Annex 4 LDNO charges'!$A$11:$A$199,0))=0,"",INDEX('Annex 4 LDNO charges'!$B$11:$B$199,MATCH($A8,'Annex 4 LDNO charges'!$A$11:$A$199,0)))) -> 202, N02 | C8: =IFERROR(INDEX('Annex 1 LV, HV and UMS charges'!$C$12:$C$43,MATCH($A8,'Annex 1 LV, HV and UMS charges'!$A$12:$A$43,0)),INDEX('Annex 4 LDNO charges'!$C$11:$C$199,MATCH($A8,'Annex 4 LDNO charges'!$A$11:$A$199,0))) -> 0, 3, 4, 5-8 | E8: 0
A9: Non-Domestic Aggregated or CT Band 3 | B9: =IFERROR(INDEX('Annex 1 LV, HV and UMS charges'!$B$12:$B$43,MATCH($A9,'Annex 1 LV, HV and UMS charges'!$A$12:$A$43,0)),IF(INDEX('Annex 4 LDNO charges'!$B$11:$B$199,MATCH($A9,'Annex 4 LDNO charges'!$A$11:$A$199,0))=0,"",INDEX('Annex 4 LDNO charges'!$B$11:$B$199,MATCH($A9,'Annex 4 LDNO charges'!$A$11:$A$199,0)))) -> 203, N03 | C9: =IFERROR(INDEX('Annex 1 LV, HV and UMS charges'!$C$12:$C$43,MATCH($A9,'Annex 1 LV, HV and UMS charges'!$A$12:$A$43,0)),INDEX('Annex 4 LDNO charges'!$C$11:$C$199,MATCH($A9,'Annex 4 LDNO charges'!$A$11:$A$199,0))) -> 0, 3, 4, 5-8 | E9: 0
A10: Non-Domestic Aggregated or CT Band 4 | B10: =IFERROR(INDEX('Annex 1 LV, HV and UMS charges'!$B$12:$B$43,MATCH($A10,'Annex 1 LV, HV and UMS charges'!$A$12:$A$43,0)),IF(INDEX('Annex 4 LDNO charges'!$B$11:$B$199,MATCH($A10,'Annex 4 LDNO charges'!$A$11:$A$199,0))=0,"",INDEX('Annex 4 LDNO charges'!$B$11:$B$199,MATCH($A10,'Annex 4 LDNO charges'!$A$11:$A$199,0)))) -> 204, N04 | C10: =IFERROR(INDEX('Annex 1 LV, HV and UMS charges'!$C$12:$C$43,MATCH($A10,'Annex 1 LV, HV and UMS charges'!$A$12:$A$43,0)),INDEX('Annex 4 LDNO charges'!$C$11:$C$199,MATCH($A10,'Annex 4 LDNO charges'!$A$11:$A$199,0))) -> 0, 3, 4, 5-8 | E10: 0
A11: LV Site Specific No Residual | B11: =IFERROR(INDEX('Annex 1 LV, HV and UMS charges'!$B$12:$B$43,MATCH($A11,'Annex 1 LV, HV and UMS charges'!$A$12:$A$43,0)),IF(INDEX('Annex 4 LDNO charges'!$B$11:$B$199,MATCH($A11,'Annex 4 LDNO charges'!$A$11:$A$199,0))=0,"",INDEX('Annex 4 LDNO charges'!$B$11:$B$199,MATCH($A11,'Annex 4 LDNO charges'!$A$11:$A$199,0)))) -> 70 | C11: =IFERROR(INDEX('Annex 1 LV, HV and UMS charges'!$C$12:$C$43,MATCH($A11,'Annex 1 LV, HV and UMS charges'!$A$12:$A$43,0)),INDEX('Annex 4 LDNO charges'!$C$11:$C$199,MATCH($A11,'Annex 4 LDNO charges'!$A$11:$A$199,0))) -> 0 | E11: 0
A12: LV Site Specific Band 1 | B12: =IFERROR(INDEX('Annex 1 LV, HV and UMS charges'!$B$12:$B$43,MATCH($A12,'Annex 1 LV, HV and UMS charges'!$A$12:$A$43,0)),IF(INDEX('Annex 4 LDNO charges'!$B$11:$B$199,MATCH($A12,'Annex 4 LDNO charges'!$A$11:$A$199,0))=0,"",INDEX('Annex 4 LDNO charges'!$B$11:$B$199,MATCH($A12,'Annex 4 LDNO charges'!$A$11:$A$199,0)))) -> 71 | C12: =IFERROR(INDEX('Annex 1 LV, HV and UMS charges'!$C$12:$C$43,MATCH($A12,'Annex 1 LV, HV and UMS charges'!$A$12:$A$43,0)),INDEX('Annex 4 LDNO charges'!$C$11:$C$199,MATCH($A12,'Annex 4 LDNO charges'!$A$11:$A$199,0))) -> 0 | E12: 0
A13: LV Site Specific Band 2 | B13: =IFERROR(INDEX('Annex 1 LV, HV and UMS charges'!$B$12:$B$43,MATCH($A13,'Annex 1 LV, HV and UMS charges'!$A$12:$A$43,0)),IF(INDEX('Annex 4 LDNO charges'!$B$11:$B$199,MATCH($A13,'Annex 4 LDNO charges'!$A$11:$A$199,0))=0,"",INDEX('Annex 4 LDNO charges'!$B$11:$B$199,MATCH($A13,'Annex 4 LDNO charges'!$A$11:$A$199,0)))) -> 72 | C13: =IFERROR(INDEX('Annex 1 LV, HV and UMS charges'!$C$12:$C$43,MATCH($A13,'Annex 1 LV, HV and UMS charges'!$A$12:$A$43,0)),INDEX('Annex 4 LDNO charges'!$C$11:$C$199,MATCH($A13,'Annex 4 LDNO charges'!$A$11:$A$199,0))) -> 0 | E13: 0
A14: LV Site Specific Band 3 | B14: =IFERROR(INDEX('Annex 1 LV, HV and UMS charges'!$B$12:$B$43,MATCH($A14,'Annex 1 LV, HV and UMS charges'!$A$12:$A$43,0)),IF(INDEX('Annex 4 LDNO charges'!$B$11:$B$199,MATCH($A14,'Annex 4 LDNO charges'!$A$11:$A$199,0))=0,"",INDEX('Annex 4 LDNO charges'!$B$11:$B$199,MATCH($A14,'Annex 4 LDNO charges'!$A$11:$A$199,0)))) -> 73 | C14: =IFERROR(INDEX('Annex 1 LV, HV and UMS charges'!$C$12:$C$43,MATCH($A14,'Annex 1 LV, HV and UMS charges'!$A$12:$A$43,0)),INDEX('Annex 4 LDNO charges'!$C$11:$C$199,MATCH($A14,'Annex 4 LDNO charges'!$A$11:$A$199,0))) -> 0 | E14: 0
A15: LV Site Specific Band 4 | B15: =IFERROR(INDEX('Annex 1 LV, HV and UMS charges'!$B$12:$B$43,MATCH($A15,'Annex 1 LV, HV and UMS charges'!$A$12:$A$43,0)),IF(INDEX('Annex 4 LDNO charges'!$B$11:$B$199,MATCH($A15,'Annex 4 LDNO charges'!$A$11:$A$199,0))=0,"",INDEX('Annex 4 LDNO charges'!$B$11:$B$199,MATCH($A15,'Annex 4 LDNO charges'!$A$11:$A$199,0)))) -> 74 | C15: =IFERROR(INDEX('Annex 1 LV, HV and UMS charges'!$C$12:$C$43,MATCH($A15,'Annex 1 LV, HV and UMS charges'!$A$12:$A$43,0)),INDEX('Annex 4 LDNO charges'!$C$11:$C$199,MATCH($A15,'Annex 4 LDNO charges'!$A$11:$A$199,0))) -> 0 | E15: 0
A16: LV Sub Site Specific No Residual | B16: =IFERROR(INDEX('Annex 1 LV, HV and UMS charges'!$B$12:$B$43,MATCH($A16,'Annex 1 LV, HV and UMS charges'!$A$12:$A$43,0)),IF(INDEX('Annex 4 LDNO charges'!$B$11:$B$199,MATCH($A16,'Annex 4 LDNO charges'!$A$11:$A$199,0))=0,"",INDEX('Annex 4 LDNO charges'!$B$11:$B$199,MATCH($A16,'Annex 4 LDNO charges'!$A$11:$A$199,0)))) -> 80 | C16: =IFERROR(INDEX('Annex 1 LV, HV and UMS charges'!$C$12:$C$43,MATCH($A16,'Annex 1 LV, HV and UMS charges'!$A$12:$A$43,0)),INDEX('Annex 4 LDNO charges'!$C$11:$C$199,MATCH($A16,'Annex 4 LDNO charges'!$A$11:$A$199,0))) -> 0 | E16: 0
A17: LV Sub Site Specific Band 1 | B17: =IFERROR(INDEX('Annex 1 LV, HV and UMS charges'!$B$12:$B$43,MATCH($A17,'Annex 1 LV, HV and UMS charges'!$A$12:$A$43,0)),IF(INDEX('Annex 4 LDNO charges'!$B$11:$B$199,MATCH($A17,'Annex 4 LDNO charges'!$A$11:$A$199,0))=0,"",INDEX('Annex 4 LDNO charges'!$B$11:$B$199,MATCH($A17,'Annex 4 LDNO charges'!$A$11:$A$199,0)))) -> 81 | C17: =IFERROR(INDEX('Annex 1 LV, HV and UMS charges'!$C$12:$C$43,MATCH($A17,'Annex 1 LV, HV and UMS charges'!$A$12:$A$43,0)),INDEX('Annex 4 LDNO charges'!$C$11:$C$199,MATCH($A17,'Annex 4 LDNO charges'!$A$11:$A$199,0))) -> 0 | E17: 0
... A25: HV Site Specific Band 4 | B25: =IFERROR(INDEX('Annex 1 LV, HV and UMS charges'!$B$12:$B$43,MATCH($A25,'Annex 1 LV, HV and UMS charges'!$A$12:$A$43,0)),IF(INDEX('Annex 4 LDNO charges'!$B$11:$B$199,MATCH($A25,'Annex 4 LDNO charges'!$A$11:$A$199,0))=0,"",INDEX('Annex 4 LDNO charges'!$B$11:$B$199,MATCH($A25,'Annex 4 LDNO charges'!$A$11:$A$199,0)))) -> 94 | C25: =IFERROR(INDEX('Annex 1 LV, HV and UMS charges'!$C$12:$C$43,MATCH($A25,'Annex 1 LV, HV and UMS charges'!$A$12:$A$43,0)),INDEX('Annex 4 LDNO charges'!$C$11:$C$199,MATCH($A25,'Annex 4 LDNO charges'!$A$11:$A$199,0))) -> 0 | E25: 0
A26: LDNO LV: Domestic Aggregated or CT with Residual | B26: =IFERROR(INDEX('Annex 1 LV, HV and UMS charges'!$B$12:$B$43,MATCH($A26,'Annex 1 LV, HV and UMS charges'!$A$12:$A$43,0)),IF(INDEX('Annex 4 LDNO charges'!$B$11:$B$199,MATCH($A26,'Annex 4 LDNO charges'!$A$11:$A$199,0))=0,"",INDEX('Annex 4 LDNO charges'!$B$11:$B$199,MATCH($A26,'Annex 4 LDNO charges'!$A$11:$A$199,0)))) -> A00 | C26: =IFERROR(INDEX('Annex 1 LV, HV and UMS charges'!$C$12:$C$43,MATCH($A26,'Annex 1 LV, HV and UMS charges'!$A$12:$A$43,0)),INDEX('Annex 4 LDNO charges'!$C$11:$C$199,MATCH($A26,'Annex 4 LDNO charges'!$A$11:$A$199,0))) -> 0, 1, 2 | D26: 0 | E26: 0
A27: LDNO LV: Non-Domestic Aggregated or CT No Residual | B27: =IFERROR(INDEX('Annex 1 LV, HV and UMS charges'!$B$12:$B$43,MATCH($A27,'Annex 1 LV, HV and UMS charges'!$A$12:$A$43,0)),IF(INDEX('Annex 4 LDNO charges'!$B$11:$B$199,MATCH($A27,'Annex 4 LDNO charges'!$A$11:$A$199,0))=0,"",INDEX('Annex 4 LDNO charges'!$B$11:$B$199,MATCH($A27,'Annex 4 LDNO charges'!$A$11:$A$199,0)))) -> C00 | C27: =IFERROR(INDEX('Annex 1 LV, HV and UMS charges'!$C$12:$C$43,MATCH($A27,'Annex 1 LV, HV and UMS charges'!$A$12:$A$43,0)),INDEX('Annex 4 LDNO charges'!$C$11:$C$199,MATCH($A27,'Annex 4 LDNO charges'!$A$11:$A$199,0))) -> 0, 3, 4, 5-8 | E27: 0
A28: LDNO LV: Non-Domestic Aggregated or CT Band 1 | B28: =IFERROR(INDEX('Annex 1 LV, HV and UMS charges'!$B$12:$B$43,MATCH($A28,'Annex 1 LV, HV and UMS charges'!$A$12:$A$43,0)),IF(INDEX('Annex 4 LDNO charges'!$B$11:$B$199,MATCH($A28,'Annex 4 LDNO charges'!$A$11:$A$199,0))=0,"",INDEX('Annex 4 LDNO charges'!$B$11:$B$199,MATCH($A28,'Annex 4 LDNO charges'!$A$11:$A$199,0)))) -> C01 | C28: =IFERROR(INDEX('Annex 1 LV, HV and UMS charges'!$C$12:$C$43,MATCH($A28,'Annex 1 LV, HV and UMS charges'!$A$12:$A$43,0)),INDEX('Annex 4 LDNO charges'!$C$11:$C$199,MATCH($A28,'Annex 4 LDNO charges'!$A$11:$A$199,0))) -> 0, 3, 4, 5-8 | E28: 0
A29: LDNO LV: Non-Domestic Aggregated or CT Band 2 | B29: =IFERROR(INDEX('Annex 1 LV, HV and UMS charges'!$B$12:$B$43,MATCH($A29,'Annex 1 LV, HV and UMS charges'!$A$12:$A$43,0)),IF(INDEX('Annex 4 LDNO charges'!$B$11:$B$199,MATCH($A29,'Annex 4 LDNO charges'!$A$11:$A$199,0))=0,"",INDEX('Annex 4 LDNO charges'!$B$11:$B$199,MATCH($A29,'Annex 4 LDNO charges'!$A$11:$A$199,0)))) -> C02 | C29: =IFERROR(INDEX('Annex 1 LV, HV and UMS charges'!$C$12:$C$43,MATCH($A29,'Annex 1 LV, HV and UMS charges'!$A$12:$A$43,0)),INDEX('Annex 4 LDNO charges'!$C$11:$C$199,MATCH($A29,'Annex 4 LDNO charges'!$A$11:$A$199,0))) -> 0, 3, 4, 5-8 | E29: 0
A30: LDNO LV: Non-Domestic Aggregated or CT Band 3 | B30: =IFERROR(INDEX('Annex 1 LV, HV and UMS charges'!$B$12:$B$43,MATCH($A30,'Annex 1 LV, HV and UMS charges'!$A$12:$A$43,0)),IF(INDEX('Annex 4 LDNO charges'!$B$11:$B$199,MATCH($A30,'Annex 4 LDNO charges'!$A$11:$A$199,0))=0,"",INDEX('Annex 4 LDNO charges'!$B$11:$B$199,MATCH($A30,'Annex 4 LDNO charges'!$A$11:$A$199,0)))) -> C03 | C30: =IFERROR(INDEX('Annex 1 LV, HV and UMS charges'!$C$12:$C$43,MATCH($A30,'Annex 1 LV, HV and UMS charges'!$A$12:$A$43,0)),INDEX('Annex 4 LDNO charges'!$C$11:$C$199,MATCH($A30,'Annex 4 LDNO charges'!$A$11:$A$199,0))) -> 0, 3, 4, 5-8 | E30: 0
A31: LDNO LV: Non-Domestic Aggregated or CT Band 4 | B31: =IFERROR(INDEX('Annex 1 LV, HV and UMS charges'!$B$12:$B$43,MATCH($A31,'Annex 1 LV, HV and UMS charges'!$A$12:$A$43,0)),IF(INDEX('Annex 4 LDNO charges'!$B$11:$B$199,MATCH($A31,'Annex 4 LDNO charges'!$A$11:$A$199,0))=0,"",INDEX('Annex 4 LDNO charges'!$B$11:$B$199,MATCH($A31,'Annex 4 LDNO charges'!$A$11:$A$199,0)))) -> C04 | C31: =IFERROR(INDEX('Annex 1 LV, HV and UMS charges'!$C$12:$C$43,MATCH($A31,'Annex 1 LV, HV and UMS charges'!$A$12:$A$43,0)),INDEX('Annex 4 LDNO charges'!$C$11:$C$199,MATCH($A31,'Annex 4 LDNO charges'!$A$11:$A$199,0))) -> 0, 3, 4, 5-8 | E31: 0
A32: LDNO LV: LV Site Specific No Residual | B32: =IFERROR(INDEX('Annex 1 LV, HV and UMS charges'!$B$12:$B$43,MATCH($A32,'Annex 1 LV, HV and UMS charges'!$A$12:$A$43,0)),IF(INDEX('Annex 4 LDNO charges'!$B$11:$B$199,MATCH($A32,'Annex 4 LDNO charges'!$A$11:$A$199,0))=0,"",INDEX('Annex 4 LDNO charges'!$B$11:$B$199,MATCH($A32,'Annex 4 LDNO charges'!$A$11:$A$199,0)))) -> E00 | C32: =IFERROR(INDEX('Annex 1 LV, HV and UMS charges'!$C$12:$C$43,MATCH($A32,'Annex 1 LV, HV and UMS charges'!$A$12:$A$43,0)),INDEX('Annex 4 LDNO charges'!$C$11:$C$199,MATCH($A32,'Annex 4 LDNO charges'!$A$11:$A$199,0))) -> 0 | E32: 0
A33: LDNO LV: LV Site Specific Band 1 | B33: =IFERROR(INDEX('Annex 1 LV, HV and UMS charges'!$B$12:$B$43,MATCH($A33,'Annex 1 LV, HV and UMS charges'!$A$12:$A$43,0)),IF(INDEX('Annex 4 LDNO charges'!$B$11:$B$199,MATCH($A33,'Annex 4 LDNO charges'!$A$11:$A$199,0))=0,"",INDEX('Annex 4 LDNO charges'!$B$11:$B$199,MATCH($A33,'Annex 4 LDNO charges'!$A$11:$A$199,0)))) -> E01 | C33: =IFERROR(INDEX('Annex 1 LV, HV and UMS charges'!$C$12:$C$43,MATCH($A33,'Annex 1 LV, HV and UMS charges'!$A$12:$A$43,0)),INDEX('Annex 4 LDNO charges'!$C$11:$C$199,MATCH($A33,'Annex 4 LDNO charges'!$A$11:$A$199,0))) -> 0 | E33: 0
A34: LDNO LV: LV Site Specific Band 2 | B34: =IFERROR(INDEX('Annex 1 LV, HV and UMS charges'!$B$12:$B$43,MATCH($A34,'Annex 1 LV, HV and UMS charges'!$A$12:$A$43,0)),IF(INDEX('Annex 4 LDNO charges'!$B$11:$B$199,MATCH($A34,'Annex 4 LDNO charges'!$A$11:$A$199,0))=0,"",INDEX('Annex 4 LDNO charges'!$B$11:$B$199,MATCH($A34,'Annex 4 LDNO charges'!$A$11:$A$199,0)))) -> E02 | C34: =IFERROR(INDEX('Annex 1 LV, HV and UMS charges'!$C$12:$C$43,MATCH($A34,'Annex 1 LV, HV and UMS charges'!$A$12:$A$43,0)),INDEX('Annex 4 LDNO charges'!$C$11:$C$199,MATCH($A34,'Annex 4 LDNO charges'!$A$11:$A$199,0))) -> 0 | E34: 0
A35: LDNO LV: LV Site Specific Band 3 | B35: =IFERROR(INDEX('Annex 1 LV, HV and UMS charges'!$B$12:$B$43,MATCH($A35,'Annex 1 LV, HV and UMS charges'!$A$12:$A$43,0)),IF(INDEX('Annex 4 LDNO charges'!$B$11:$B$199,MATCH($A35,'Annex 4 LDNO charges'!$A$11:$A$199,0))=0,"",INDEX('Annex 4 LDNO charges'!$B$11:$B$199,MATCH($A35,'Annex 4 LDNO charges'!$A$11:$A$199,0)))) -> E03 | C35: =IFERROR(INDEX('Annex 1 LV, HV and UMS charges'!$C$12:$C$43,MATCH($A35,'Annex 1 LV, HV and UMS charges'!$A$12:$A$43,0)),INDEX('Annex 4 LDNO charges'!$C$11:$C$199,MATCH($A35,'Annex 4 LDNO charges'!$A$11:$A$199,0))) -> 0 | E35: 0
A36: LDNO LV: LV Site Specific Band 4 | B36: =IFERROR(INDEX('Annex 1 LV, HV and UMS charges'!$B$12:$B$43,MATCH($A36,'Annex 1 LV, HV and UMS charges'!$A$12:$A$43,0)),IF(INDEX('Annex 4 LDNO charges'!$B$11:$B$199,MATCH($A36,'Annex 4 LDNO charges'!$A$11:$A$199,0))=0,"",INDEX('Annex 4 LDNO charges'!$B$11:$B$199,MATCH($A36,'Annex 4 LDNO charges'!$A$11:$A$199,0)))) -> E04 | C36: =IFERROR(INDEX('Annex 1 LV, HV and UMS charges'!$C$12:$C$43,MATCH($A36,'Annex 1 LV, HV and UMS charges'!$A$12:$A$43,0)),INDEX('Annex 4 LDNO charges'!$C$11:$C$199,MATCH($A36,'Annex 4 LDNO charges'!$A$11:$A$199,0))) -> 0 | E36: 0
A37: LDNO HV: Domestic Aggregated or CT with Residual | B37: =IFERROR(INDEX('Annex 1 LV, HV and UMS charges'!$B$12:$B$43,MATCH($A37,'Annex 1 LV, HV and UMS charges'!$A$12:$A$43,0)),IF(INDEX('Annex 4 LDNO charges'!$B$11:$B$199,MATCH($A37,'Annex 4 LDNO charges'!$A$11:$A$199,0))=0,"",INDEX('Annex 4 LDNO charges'!$B$11:$B$199,MATCH($A37,'Annex 4 LDNO charges'!$A$11:$A$199,0)))) -> A10 | C37: =IFERROR(INDEX('Annex 1 LV, HV and UMS charges'!$C$12:$C$43,MATCH($A37,'Annex 1 LV, HV and UMS charges'!$A$12:$A$43,0)),INDEX('Annex 4 LDNO charges'!$C$11:$C$199,MATCH($A37,'Annex 4 LDNO charges'!$A$11:$A$199,0))) -> 0, 1, 2 | D37: 0 | E37: 0
A38: LDNO HV: Non-Domestic Aggregated or CT No Residual | B38: =IFERROR(INDEX('Annex 1 LV, HV and UMS charges'!$B$12:$B$43,MATCH($A38,'Annex 1 LV, HV and UMS charges'!$A$12:$A$43,0)),IF(INDEX('Annex 4 LDNO charges'!$B$11:$B$199,MATCH($A38,'Annex 4 LDNO charges'!$A$11:$A$199,0))=0,"",INDEX('Annex 4 LDNO charges'!$B$11:$B$199,MATCH($A38,'Annex 4 LDNO charges'!$A$11:$A$199,0)))) -> C10 | C38: =IFERROR(INDEX('Annex 1 LV, HV and UMS charges'!$C$12:$C$43,MATCH($A38,'Annex 1 LV, HV and UMS charges'!$A$12:$A$43,0)),INDEX('Annex 4 LDNO charges'!$C$11:$C$199,MATCH($A38,'Annex 4 LDNO charges'!$A$11:$A$199,0))) -> 0, 3, 4, 5-8 | E38: 0
A39: LDNO HV: Non-Domestic Aggregated or CT Band 1 | B39: =IFERROR(INDEX('Annex 1 LV, HV and UMS charges'!$B$12:$B$43,MATCH($A39,'Annex 1 LV, HV and UMS charges'!$A$12:$A$43,0)),IF(INDEX('Annex 4 LDNO charges'!$B$11:$B$199,MATCH($A39,'Annex 4 LDNO charges'!$A$11:$A$199,0))=0,"",INDEX('Annex 4 LDNO charges'!$B$11:$B$199,MATCH($A39,'Annex 4 LDNO charges'!$A$11:$A$199,0)))) -> C11 | C39: =IFERROR(INDEX('Annex 1 LV, HV and UMS charges'!$C$12:$C$43,MATCH($A39,'Annex 1 LV, HV and UMS charges'!$A$12:$A$43,0)),INDEX('Annex 4 LDNO charges'!$C$11:$C$199,MATCH($A39,'Annex 4 LDNO charges'!$A$11:$A$199,0))) -> 0, 3, 4, 5-8 | E39: 0
A40: LDNO HV: Non-Domestic Aggregated or CT Band 2 | B40: =IFERROR(INDEX('Annex 1 LV, HV and UMS charges'!$B$12:$B$43,MATCH($A40,'Annex 1 LV, HV and UMS charges'!$A$12:$A$43,0)),IF(INDEX('Annex 4 LDNO charges'!$B$11:$B$199,MATCH($A40,'Annex 4 LDNO charges'!$A$11:$A$199,0))=0,"",INDEX('Annex 4 LDNO charges'!$B$11:$B$199,MATCH($A40,'Annex 4 LDNO charges'!$A$11:$A$199,0)))) -> C12 | C40: =IFERROR(INDEX('Annex 1 LV, HV and UMS charges'!$C$12:$C$43,MATCH($A40,'Annex 1 LV, HV and UMS charges'!$A$12:$A$43,0)),INDEX('Annex 4 LDNO charges'!$C$11:$C$199,MATCH($A40,'Annex 4 LDNO charges'!$A$11:$A$199,0))) -> 0, 3, 4, 5-8 | E40: 0
A41: LDNO HV: Non-Domestic Aggregated or CT Band 3 | B41: =IFERROR(INDEX('Annex 1 LV, HV and UMS charges'!$B$12:$B$43,MATCH($A41,'Annex 1 LV, HV and UMS charges'!$A$12:$A$43,0)),IF(INDEX('Annex 4 LDNO charges'!$B$11:$B$199,MATCH($A41,'Annex 4 LDNO charges'!$A$11:$A$199,0))=0,"",INDEX('Annex 4 LDNO charges'!$B$11:$B$199,MATCH($A41,'Annex 4 LDNO charges'!$A$11:$A$199,0)))) -> C13 | C41: =IFERROR(INDEX('Annex 1 LV, HV and UMS charges'!$C$12:$C$43,MATCH($A41,'Annex 1 LV, HV and UMS charges'!$A$12:$A$43,0)),INDEX('Annex 4 LDNO charges'!$C$11:$C$199,MATCH($A41,'Annex 4 LDNO charges'!$A$11:$A$199,0))) -> 0, 3, 4, 5-8 | E41: 0
A42: LDNO HV: Non-Domestic Aggregated or CT Band 4 | B42: =IFERROR(INDEX('Annex 1 LV, HV and UMS charges'!$B$12:$B$43,MATCH($A42,'Annex 1 LV, HV and UMS charges'!$A$12:$A$43,0)),IF(INDEX('Annex 4 LDNO charges'!$B$11:$B$199,MATCH($A42,'Annex 4 LDNO charges'!$A$11:$A$199,0))=0,"",INDEX('Annex 4 LDNO charges'!$B$11:$B$199,MATCH($A42,'Annex 4 LDNO charges'!$A$11:$A$199,0)))) -> C14 | C42: =IFERROR(INDEX('Annex 1 LV, HV and UMS charges'!$C$12:$C$43,MATCH($A42,'Annex 1 LV, HV and UMS charges'!$A$12:$A$43,0)),INDEX('Annex 4 LDNO charges'!$C$11:$C$199,MATCH($A42,'Annex 4 LDNO charges'!$A$11:$A$199,0))) -> 0, 3, 4, 5-8 | E42: 0
A43: LDNO HV: LV Site Specific No Residual | B43: =IFERROR(INDEX('Annex 1 LV, HV and UMS charges'!$B$12:$B$43,MATCH($A43,'Annex 1 LV, HV and UMS charges'!$A$12:$A$43,0)),IF(INDEX('Annex 4 LDNO charges'!$B$11:$B$199,MATCH($A43,'Annex 4 LDNO charges'!$A$11:$A$199,0))=0,"",INDEX('Annex 4 LDNO charges'!$B$11:$B$199,MATCH($A43,'Annex 4 LDNO charges'!$A$11:$A$199,0)))) -> E10 | C43: =IFERROR(INDEX('Annex 1 LV, HV and UMS charges'!$C$12:$C$43,MATCH($A43,'Annex 1 LV, HV and UMS charges'!$A$12:$A$43,0)),INDEX('Annex 4 LDNO charges'!$C$11:$C$199,MATCH($A43,'Annex 4 LDNO charges'!$A$11:$A$199,0))) -> 0 | E43: 0
A44: LDNO HV: LV Site Specific Band 1 | B44: =IFERROR(INDEX('Annex 1 LV, HV and UMS charges'!$B$12:$B$43,MATCH($A44,'Annex 1 LV, HV and UMS charges'!$A$12:$A$43,0)),IF(INDEX('Annex 4 LDNO charges'!$B$11:$B$199,MATCH($A44,'Annex 4 LDNO charges'!$A$11:$A$199,0))=0,"",INDEX('Annex 4 LDNO charges'!$B$11:$B$199,MATCH($A44,'Annex 4 LDNO charges'!$A$11:$A$199,0)))) -> E11 | C44: =IFERROR(INDEX('Annex 1 LV, HV and UMS charges'!$C$12:$C$43,MATCH($A44,'Annex 1 LV, HV and UMS charges'!$A$12:$A$43,0)),INDEX('Annex 4 LDNO charges'!$C$11:$C$199,MATCH($A44,'Annex 4 LDNO charges'!$A$11:$A$199,0))) -> 0 | E44: 0
A45: LDNO HV: LV Site Specific Band 2 | B45: =IFERROR(INDEX('Annex 1 LV, HV and UMS charges'!$B$12:$B$43,MATCH($A45,'Annex 1 LV, HV and UMS charges'!$A$12:$A$43,0)),IF(INDEX('Annex 4 LDNO charges'!$B$11:$B$199,MATCH($A45,'Annex 4 LDNO charges'!$A$11:$A$199,0))=0,"",INDEX('Annex 4 LDNO charges'!$B$11:$B$199,MATCH($A45,'Annex 4 LDNO charges'!$A$11:$A$199,0)))) -> E12 | C45: =IFERROR(INDEX('Annex 1 LV, HV and UMS charges'!$C$12:$C$43,MATCH($A45,'Annex 1 LV, HV and UMS charges'!$A$12:$A$43,0)),INDEX('Annex 4 LDNO charges'!$C$11:$C$199,MATCH($A45,'Annex 4 LDNO charges'!$A$11:$A$199,0))) -> 0 | E45: 0
A46: LDNO HV: LV Site Specific Band 3 | B46: =IFERROR(INDEX('Annex 1 LV, HV and UMS charges'!$B$12:$B$43,MATCH($A46,'Annex 1 LV, HV and UMS charges'!$A$12:$A$43,0)),IF(INDEX('Annex 4 LDNO charges'!$B$11:$B$199,MATCH($A46,'Annex 4 LDNO charges'!$A$11:$A$199,0))=0,"",INDEX('Annex 4 LDNO charges'!$B$11:$B$199,MATCH($A46,'Annex 4 LDNO charges'!$A$11:$A$199,0)))) -> E13 | C46: =IFERROR(INDEX('Annex 1 LV, HV and UMS charges'!$C$12:$C$43,MATCH($A46,'Annex 1 LV, HV and UMS charges'!$A$12:$A$43,0)),INDEX('Annex 4 LDNO charges'!$C$11:$C$199,MATCH($A46,'Annex 4 LDNO charges'!$A$11:$A$199,0))) -> 0 | E46: 0
A47: LDNO HV: LV Site Specific Band 4 | B47: =IFERROR(INDEX('Annex 1 LV, HV and UMS charges'!$B$12:$B$43,MATCH($A47,'Annex 1 LV, HV and UMS charges'!$A$12:$A$43,0)),IF(INDEX('Annex 4 LDNO charges'!$B$11:$B$199,MATCH($A47,'Annex 4 LDNO charges'!$A$11:$A$199,0))=0,"",INDEX('Annex 4 LDNO charges'!$B$11:$B$199,MATCH($A47,'Annex 4 LDNO charges'!$A$11:$A$199,0)))) -> E14 | C47: =IFERROR(INDEX('Annex 1 LV, HV and UMS charges'!$C$12:$C$43,MATCH($A47,'Annex 1 LV, HV and UMS charges'!$A$12:$A$43,0)),INDEX('Annex 4 LDNO charges'!$C$11:$C$199,MATCH($A47,'Annex 4 LDNO charges'!$A$11:$A$199,0))) -> 0 | E47: 0
A48: LDNO HV: LV Sub Site Specific No Residual | B48: =IFERROR(INDEX('Annex 1 LV, HV and UMS charges'!$B$12:$B$43,MATCH($A48,'Annex 1 LV, HV and UMS charges'!$A$12:$A$43,0)),IF(INDEX('Annex 4 LDNO charges'!$B$11:$B$199,MATCH($A48,'Annex 4 LDNO charges'!$A$11:$A$199,0))=0,"",INDEX('Annex 4 LDNO charges'!$B$11:$B$199,MATCH($A48,'Annex 4 LDNO charges'!$A$11:$A$199,0)))) -> J10 | C48: =IFERROR(INDEX('Annex 1 LV, HV and UMS charges'!$C$12:$C$43,MATCH($A48,'Annex 1 LV, HV and UMS charges'!$A$12:$A$43,0)),INDEX('Annex 4 LDNO charges'!$C$11:$C$199,MATCH($A48,'Annex 4 LDNO charges'!$A$11:$A$199,0))) -> 0 | E48: 0
A49: LDNO HV: LV Sub Site Specific Band 1 | B49: =IFERROR(INDEX('Annex 1 LV, HV and UMS charges'!$B$12:$B$43,MATCH($A49,'Annex 1 LV, HV and UMS charges'!$A$12:$A$43,0)),IF(INDEX('Annex 4 LDNO charges'!$B$11:$B$199,MATCH($A49,'Annex 4 LDNO charges'!$A$11:$A$199,0))=0,"",INDEX('Annex 4 LDNO charges'!$B$11:$B$199,MATCH($A49,'Annex 4 LDNO charges'!$A$11:$A$199,0)))) -> J11 | C49: =IFERROR(INDEX('Annex 1 LV, HV and UMS charges'!$C$12:$C$43,MATCH($A49,'Annex 1 LV, HV and UMS charges'!$A$12:$A$43,0)),INDEX('Annex 4 LDNO charges'!$C$11:$C$199,MATCH($A49,'Annex 4 LDNO charges'!$A$11:$A$199,0))) -> 0 | E49: 0
... A57: LDNO HV: HV Site Specific Band 4 | B57: =IFERROR(INDEX('Annex 1 LV, HV and UMS charges'!$B$12:$B$43,MATCH($A57,'Annex 1 LV, HV and UMS charges'!$A$12:$A$43,0)),IF(INDEX('Annex 4 LDNO charges'!$B$11:$B$199,MATCH($A57,'Annex 4 LDNO charges'!$A$11:$A$199,0))=0,"",INDEX('Annex 4 LDNO charges'!$B$11:$B$199,MATCH($A57,'Annex 4 LDNO charges'!$A$11:$A$199,0)))) -> K14 | C57: =IFERROR(INDEX('Annex 1 LV, HV and UMS charges'!$C$12:$C$43,MATCH($A57,'Annex 1 LV, HV and UMS charges'!$A$12:$A$43,0)),INDEX('Annex 4 LDNO charges'!$C$11:$C$199,MATCH($A57,'Annex 4 LDNO charges'!$A$11:$A$199,0))) -> 0 | E57: 0
A58: LDNO HVplus: Domestic Aggregated or CT with Residual | B58: =IFERROR(INDEX('Annex 1 LV, HV and UMS charges'!$B$12:$B$43,MATCH($A58,'Annex 1 LV, HV and UMS charges'!$A$12:$A$43,0)),IF(INDEX('Annex 4 LDNO charges'!$B$11:$B$199,MATCH($A58,'Annex 4 LDNO charges'!$A$11:$A$199,0))=0,"",INDEX('Annex 4 LDNO charges'!$B$11:$B$199,MATCH($A58,'Annex 4 LDNO charges'!$A$11:$A$199,0)))) -> A20 | C58: =IFERROR(INDEX('Annex 1 LV, HV and UMS charges'!$C$12:$C$43,MATCH($A58,'Annex 1 LV, HV and UMS charges'!$A$12:$A$43,0)),INDEX('Annex 4 LDNO charges'!$C$11:$C$199,MATCH($A58,'Annex 4 LDNO charges'!$A$11:$A$199,0))) -> 0, 1, 2 | D58: 0 | E58: 0
A59: LDNO HVplus: Non-Domestic Aggregated or CT No Residual | B59: =IFERROR(INDEX('Annex 1 LV, HV and UMS charges'!$B$12:$B$43,MATCH($A59,'Annex 1 LV, HV and UMS charges'!$A$12:$A$43,0)),IF(INDEX('Annex 4 LDNO charges'!$B$11:$B$199,MATCH($A59,'Annex 4 LDNO charges'!$A$11:$A$199,0))=0,"",INDEX('Annex 4 LDNO charges'!$B$11:$B$199,MATCH($A59,'Annex 4 LDNO charges'!$A$11:$A$199,0)))) -> C20 | C59: =IFERROR(INDEX('Annex 1 LV, HV and UMS charges'!$C$12:$C$43,MATCH($A59,'Annex 1 LV, HV and UMS charges'!$A$12:$A$43,0)),INDEX('Annex 4 LDNO charges'!$C$11:$C$199,MATCH($A59,'Annex 4 LDNO charges'!$A$11:$A$199,0))) -> 0, 3, 4, 5-8 | E59: 0
A60: LDNO HVplus: Non-Domestic Aggregated or CT Band 1 | B60: =IFERROR(INDEX('Annex 1 LV, HV and UMS charges'!$B$12:$B$43,MATCH($A60,'Annex 1 LV, HV and UMS charges'!$A$12:$A$43,0)),IF(INDEX('Annex 4 LDNO charges'!$B$11:$B$199,MATCH($A60,'Annex 4 LDNO charges'!$A$11:$A$199,0))=0,"",INDEX('Annex 4 LDNO charges'!$B$11:$B$199,MATCH($A60,'Annex 4 LDNO charges'!$A$11:$A$199,0)))) -> C21 | C60: =IFERROR(INDEX('Annex 1 LV, HV and UMS charges'!$C$12:$C$43,MATCH($A60,'Annex 1 LV, HV and UMS charges'!$A$12:$A$43,0)),INDEX('Annex 4 LDNO charges'!$C$11:$C$199,MATCH($A60,'Annex 4 LDNO charges'!$A$11:$A$199,0))) -> 0, 3, 4, 5-8 | E60: 0
A61: LDNO HVplus: Non-Domestic Aggregated or CT Band 2 | B61: =IFERROR(INDEX('Annex 1 LV, HV and UMS charges'!$B$12:$B$43,MATCH($A61,'Annex 1 LV, HV and UMS charges'!$A$12:$A$43,0)),IF(INDEX('Annex 4 LDNO charges'!$B$11:$B$199,MATCH($A61,'Annex 4 LDNO charges'!$A$11:$A$199,0))=0,"",INDEX('Annex 4 LDNO charges'!$B$11:$B$199,MATCH($A61,'Annex 4 LDNO charges'!$A$11:$A$199,0)))) -> C22 | C61: =IFERROR(INDEX('Annex 1 LV, HV and UMS charges'!$C$12:$C$43,MATCH($A61,'Annex 1 LV, HV and UMS charges'!$A$12:$A$43,0)),INDEX('Annex 4 LDNO charges'!$C$11:$C$199,MATCH($A61,'Annex 4 LDNO charges'!$A$11:$A$199,0))) -> 0, 3, 4, 5-8 | E61: 0
A62: LDNO HVplus: Non-Domestic Aggregated or CT Band 3 | B62: =IFERROR(INDEX('Annex 1 LV, HV and UMS charges'!$B$12:$B$43,MATCH($A62,'Annex 1 LV, HV and UMS charges'!$A$12:$A$43,0)),IF(INDEX('Annex 4 LDNO charges'!$B$11:$B$199,MATCH($A62,'Annex 4 LDNO charges'!$A$11:$A$199,0))=0,"",INDEX('Annex 4 LDNO charges'!$B$11:$B$199,MATCH($A62,'Annex 4 LDNO charges'!$A$11:$A$199,0)))) -> C23 | C62: =IFERROR(INDEX('Annex 1 LV, HV and UMS charges'!$C$12:$C$43,MATCH($A62,'Annex 1 LV, HV and UMS charges'!$A$12:$A$43,0)),INDEX('Annex 4 LDNO charges'!$C$11:$C$199,MATCH($A62,'Annex 4 LDNO charges'!$A$11:$A$199,0))) -> 0, 3, 4, 5-8 | E62: 0
A63: LDNO HVplus: Non-Domestic Aggregated or CT Band 4 | B63: =IFERROR(INDEX('Annex 1 LV, HV and UMS charges'!$B$12:$B$43,MATCH($A63,'Annex 1 LV, HV and UMS charges'!$A$12:$A$43,0)),IF(INDEX('Annex 4 LDNO charges'!$B$11:$B$199,MATCH($A63,'Annex 4 LDNO charges'!$A$11:$A$199,0))=0,"",INDEX('Annex 4 LDNO charges'!$B$11:$B$199,MATCH($A63,'Annex 4 LDNO charges'!$A$11:$A$199,0)))) -> C24 | C63: =IFERROR(INDEX('Annex 1 LV, HV and UMS charges'!$C$12:$C$43,MATCH($A63,'Annex 1 LV, HV and UMS charges'!$A$12:$A$43,0)),INDEX('Annex 4 LDNO charges'!$C$11:$C$199,MATCH($A63,'Annex 4 LDNO charges'!$A$11:$A$199,0))) -> 0, 3, 4, 5-8 | E63: 0
A64: LDNO HVplus: LV Site Specific No Residual | B64: =IFERROR(INDEX('Annex 1 LV, HV and UMS charges'!$B$12:$B$43,MATCH($A64,'Annex 1 LV, HV and UMS charges'!$A$12:$A$43,0)),IF(INDEX('Annex 4 LDNO charges'!$B$11:$B$199,MATCH($A64,'Annex 4 LDNO charges'!$A$11:$A$199,0))=0,"",INDEX('Annex 4 LDNO charges'!$B$11:$B$199,MATCH($A64,'Annex 4 LDNO charges'!$A$11:$A$199,0)))) -> E20 | C64: =IFERROR(INDEX('Annex 1 LV, HV and UMS charges'!$C$12:$C$43,MATCH($A64,'Annex 1 LV, HV and UMS charges'!$A$12:$A$43,0)),INDEX('Annex 4 LDNO charges'!$C$11:$C$199,MATCH($A64,'Annex 4 LDNO charges'!$A$11:$A$199,0))) -> 0 | E64: 0
A65: LDNO HVplus: LV Site Specific Band 1 | B65: =IFERROR(INDEX('Annex 1 LV, HV and UMS charges'!$B$12:$B$43,MATCH($A65,'Annex 1 LV, HV and UMS charges'!$A$12:$A$43,0)),IF(INDEX('Annex 4 LDNO charges'!$B$11:$B$199,MATCH($A65,'Annex 4 LDNO charges'!$A$11:$A$199,0))=0,"",INDEX('Annex 4 LDNO charges'!$B$11:$B$199,MATCH($A65,'Annex 4 LDNO charges'!$A$11:$A$199,0)))) -> E21 | C65: =IFERROR(INDEX('Annex 1 LV, HV and UMS charges'!$C$12:$C$43,MATCH($A65,'Annex 1 LV, HV and UMS charges'!$A$12:$A$43,0)),INDEX('Annex 4 LDNO charges'!$C$11:$C$199,MATCH($A65,'Annex 4 LDNO charges'!$A$11:$A$199,0))) -> 0 | E65: 0
A66: LDNO HVplus: LV Site Specific Band 2 | B66: =IFERROR(INDEX('Annex 1 LV, HV and UMS charges'!$B$12:$B$43,MATCH($A66,'Annex 1 LV, HV and UMS charges'!$A$12:$A$43,0)),IF(INDEX('Annex 4 LDNO charges'!$B$11:$B$199,MATCH($A66,'Annex 4 LDNO charges'!$A$11:$A$199,0))=0,"",INDEX('Annex 4 LDNO charges'!$B$11:$B$199,MATCH($A66,'Annex 4 LDNO charges'!$A$11:$A$199,0)))) -> E22 | C66: =IFERROR(INDEX('Annex 1 LV, HV and UMS charges'!$C$12:$C$43,MATCH($A66,'Annex 1 LV, HV and UMS charges'!$A$12:$A$43,0)),INDEX('Annex 4 LDNO charges'!$C$11:$C$199,MATCH($A66,'Annex 4 LDNO charges'!$A$11:$A$199,0))) -> 0 | E66: 0
A67: LDNO HVplus: LV Site Specific Band 3 | B67: =IFERROR(INDEX('Annex 1 LV, HV and UMS charges'!$B$12:$B$43,MATCH($A67,'Annex 1 LV, HV and UMS charges'!$A$12:$A$43,0)),IF(INDEX('Annex 4 LDNO charges'!$B$11:$B$199,MATCH($A67,'Annex 4 LDNO charges'!$A$11:$A$199,0))=0,"",INDEX('Annex 4 LDNO charges'!$B$11:$B$199,MATCH($A67,'Annex 4 LDNO charges'!$A$11:$A$199,0)))) -> E23 | C67: =IFERROR(INDEX('Annex 1 LV, HV and UMS charges'!$C$12:$C$43,MATCH($A67,'Annex 1 LV, HV and UMS charges'!$A$12:$A$43,0)),INDEX('Annex 4 LDNO charges'!$C$11:$C$199,MATCH($A67,'Annex 4 LDNO charges'!$A$11:$A$199,0))) -> 0 | E67: 0
A68: LDNO HVplus: LV Site Specific Band 4 | B68: =IFERROR(INDEX('Annex 1 LV, HV and UMS charges'!$B$12:$B$43,MATCH($A68,'Annex 1 LV, HV and UMS charges'!$A$12:$A$43,0)),IF(INDEX('Annex 4 LDNO charges'!$B$11:$B$199,MATCH($A68,'Annex 4 LDNO charges'!$A$11:$A$199,0))=0,"",INDEX('Annex 4 LDNO charges'!$B$11:$B$199,MATCH($A68,'Annex 4 LDNO charges'!$A$11:$A$199,0)))) -> E24 | C68: =IFERROR(INDEX('Annex 1 LV, HV and UMS charges'!$C$12:$C$43,MATCH($A68,'Annex 1 LV, HV and UMS charges'!$A$12:$A$43,0)),INDEX('Annex 4 LDNO charges'!$C$11:$C$199,MATCH($A68,'Annex 4 LDNO charges'!$A$11:$A$199,0))) -> 0 | E68: 0
A69: LDNO HVplus: LV Sub Site Specific No Residual | B69: =IFERROR(INDEX('Annex 1 LV, HV and UMS charges'!$B$12:$B$43,MATCH($A69,'Annex 1 LV, HV and UMS charges'!$A$12:$A$43,0)),IF(INDEX('Annex 4 LDNO charges'!$B$11:$B$199,MATCH($A69,'Annex 4 LDNO charges'!$A$11:$A$199,0))=0,"",INDEX('Annex 4 LDNO charges'!$B$11:$B$199,MATCH($A69,'Annex 4 LDNO charges'!$A$11:$A$199,0)))) -> J20 | C69: =IFERROR(INDEX('Annex 1 LV, HV and UMS charges'!$C$12:$C$43,MATCH($A69,'Annex 1 LV, HV and UMS charges'!$A$12:$A$43,0)),INDEX('Annex 4 LDNO charges'!$C$11:$C$199,MATCH($A69,'Annex 4 LDNO charges'!$A$11:$A$199,0))) -> 0 | E69: 0
A70: LDNO HVplus: LV Sub Site Specific Band 1 | B70: =IFERROR(INDEX('Annex 1 LV, HV and UMS charges'!$B$12:$B$43,MATCH($A70,'Annex 1 LV, HV and UMS charges'!$A$12:$A$43,0)),IF(INDEX('Annex 4 LDNO charges'!$B$11:$B$199,MATCH($A70,'Annex 4 LDNO charges'!$A$11:$A$199,0))=0,"",INDEX('Annex 4 LDNO charges'!$B$11:$B$199,MATCH($A70,'Annex 4 LDNO charges'!$A$11:$A$199,0)))) -> J21 | C70: =IFERROR(INDEX('Annex 1 LV, HV and UMS charges'!$C$12:$C$43,MATCH($A70,'Annex 1 LV, HV and UMS charges'!$A$12:$A$43,0)),INDEX('Annex 4 LDNO charges'!$C$11:$C$199,MATCH($A70,'Annex 4 LDNO charges'!$A$11:$A$199,0))) -> 0 | E70: 0
... A78: LDNO HVplus: HV Site Specific Band 4 | B78: =IFERROR(INDEX('Annex 1 LV, HV and UMS charges'!$B$12:$B$43,MATCH($A78,'Annex 1 LV, HV and UMS charges'!$A$12:$A$43,0)),IF(INDEX('Annex 4 LDNO charges'!$B$11:$B$199,MATCH($A78,'Annex 4 LDNO charges'!$A$11:$A$199,0))=0,"",INDEX('Annex 4 LDNO charges'!$B$11:$B$199,MATCH($A78,'Annex 4 LDNO charges'!$A$11:$A$199,0)))) -> K24 | C78: =IFERROR(INDEX('Annex 1 LV, HV and UMS charges'!$C$12:$C$43,MATCH($A78,'Annex 1 LV, HV and UMS charges'!$A$12:$A$43,0)),INDEX('Annex 4 LDNO charges'!$C$11:$C$199,MATCH($A78,'Annex 4 LDNO charges'!$A$11:$A$199,0))) -> 0 | E78: 0
A79: LDNO EHV: Domestic Aggregated or CT with Residual | B79: =IFERROR(INDEX('Annex 1 LV, HV and UMS charges'!$B$12:$B$43,MATCH($A79,'Annex 1 LV, HV and UMS charges'!$A$12:$A$43,0)),IF(INDEX('Annex 4 LDNO charges'!$B$11:$B$199,MATCH($A79,'Annex 4 LDNO charges'!$A$11:$A$199,0))=0,"",INDEX('Annex 4 LDNO charges'!$B$11:$B$199,MATCH($A79,'Annex 4 LDNO charges'!$A$11:$A$199,0)))) -> A30 | C79: =IFERROR(INDEX('Annex 1 LV, HV and UMS charges'!$C$12:$C$43,MATCH($A79,'Annex 1 LV, HV and UMS charges'!$A$12:$A$43,0)),INDEX('Annex 4 LDNO charges'!$C$11:$C$199,MATCH($A79,'Annex 4 LDNO charges'!$A$11:$A$199,0))) -> 0, 1, 2 | D79: 0 | E79: 0
A80: LDNO EHV: Non-Domestic Aggregated or CT No Residual | B80: =IFERROR(INDEX('Annex 1 LV, HV and UMS charges'!$B$12:$B$43,MATCH($A80,'Annex 1 LV, HV and UMS charges'!$A$12:$A$43,0)),IF(INDEX('Annex 4 LDNO charges'!$B$11:$B$199,MATCH($A80,'Annex 4 LDNO charges'!$A$11:$A$199,0))=0,"",INDEX('Annex 4 LDNO charges'!$B$11:$B$199,MATCH($A80,'Annex 4 LDNO charges'!$A$11:$A$199,0)))) -> C30 | C80: =IFERROR(INDEX('Annex 1 LV, HV and UMS charges'!$C$12:$C$43,MATCH($A80,'Annex 1 LV, HV and UMS charges'!$A$12:$A$43,0)),INDEX('Annex 4 LDNO charges'!$C$11:$C$199,MATCH($A80,'Annex 4 LDNO charges'!$A$11:$A$199,0))) -> 0, 3, 4, 5-8 | E80: 0
A81: LDNO EHV: Non-Domestic Aggregated or CT Band 1 | B81: =IFERROR(INDEX('Annex 1 LV, HV and UMS charges'!$B$12:$B$43,MATCH($A81,'Annex 1 LV, HV and UMS charges'!$A$12:$A$43,0)),IF(INDEX('Annex 4 LDNO charges'!$B$11:$B$199,MATCH($A81,'Annex 4 LDNO charges'!$A$11:$A$199,0))=0,"",INDEX('Annex 4 LDNO charges'!$B$11:$B$199,MATCH($A81,'Annex 4 LDNO charges'!$A$11:$A$199,0)))) -> C31 | C81: =IFERROR(INDEX('Annex 1 LV, HV and UMS charges'!$C$12:$C$43,MATCH($A81,'Annex 1 LV, HV and UMS charges'!$A$12:$A$43,0)),INDEX('Annex 4 LDNO charges'!$C$11:$C$199,MATCH($A81,'Annex 4 LDNO charges'!$A$11:$A$199,0))) -> 0, 3, 4, 5-8 | E81: 0
A82: LDNO EHV: Non-Domestic Aggregated or CT Band 2 | B82: =IFERROR(INDEX('Annex 1 LV, HV and UMS charges'!$B$12:$B$43,MATCH($A82,'Annex 1 LV, HV and UMS charges'!$A$12:$A$43,0)),IF(INDEX('Annex 4 LDNO charges'!$B$11:$B$199,MATCH($A82,'Annex 4 LDNO charges'!$A$11:$A$199,0))=0,"",INDEX('Annex 4 LDNO charges'!$B$11:$B$199,MATCH($A82,'Annex 4 LDNO charges'!$A$11:$A$199,0)))) -> C32 | C82: =IFERROR(INDEX('Annex 1 LV, HV and UMS charges'!$C$12:$C$43,MATCH($A82,'Annex 1 LV, HV and UMS charges'!$A$12:$A$43,0)),INDEX('Annex 4 LDNO charges'!$C$11:$C$199,MATCH($A82,'Annex 4 LDNO charges'!$A$11:$A$199,0))) -> 0, 3, 4, 5-8 | E82: 0
A83: LDNO EHV: Non-Domestic Aggregated or CT Band 3 | B83: =IFERROR(INDEX('Annex 1 LV, HV and UMS charges'!$B$12:$B$43,MATCH($A83,'Annex 1 LV, HV and UMS charges'!$A$12:$A$43,0)),IF(INDEX('Annex 4 LDNO charges'!$B$11:$B$199,MATCH($A83,'Annex 4 LDNO charges'!$A$11:$A$199,0))=0,"",INDEX('Annex 4 LDNO charges'!$B$11:$B$199,MATCH($A83,'Annex 4 LDNO charges'!$A$11:$A$199,0)))) -> C33 | C83: =IFERROR(INDEX('Annex 1 LV, HV and UMS charges'!$C$12:$C$43,MATCH($A83,'Annex 1 LV, HV and UMS charges'!$A$12:$A$43,0)),INDEX('Annex 4 LDNO charges'!$C$11:$C$199,MATCH($A83,'Annex 4 LDNO charges'!$A$11:$A$199,0))) -> 0, 3, 4, 5-8 | E83: 0
A84: LDNO EHV: Non-Domestic Aggregated or CT Band 4 | B84: =IFERROR(INDEX('Annex 1 LV, HV and UMS charges'!$B$12:$B$43,MATCH($A84,'Annex 1 LV, HV and UMS charges'!$A$12:$A$43,0)),IF(INDEX('Annex 4 LDNO charges'!$B$11:$B$199,MATCH($A84,'Annex 4 LDNO charges'!$A$11:$A$199,0))=0,"",INDEX('Annex 4 LDNO charges'!$B$11:$B$199,MATCH($A84,'Annex 4 LDNO charges'!$A$11:$A$199,0)))) -> C34 | C84: =IFERROR(INDEX('Annex 1 LV, HV and UMS charges'!$C$12:$C$43,MATCH($A84,'Annex 1 LV, HV and UMS charges'!$A$12:$A$43,0)),INDEX('Annex 4 LDNO charges'!$C$11:$C$199,MATCH($A84,'Annex 4 LDNO charges'!$A$11:$A$199,0))) -> 0, 3, 4, 5-8 | E84: 0
A85: LDNO EHV: LV Site Specific No Residual | B85: =IFERROR(INDEX('Annex 1 LV, HV and UMS charges'!$B$12:$B$43,MATCH($A85,'Annex 1 LV, HV and UMS charges'!$A$12:$A$43,0)),IF(INDEX('Annex 4 LDNO charges'!$B$11:$B$199,MATCH($A85,'Annex 4 LDNO charges'!$A$11:$A$199,0))=0,"",INDEX('Annex 4 LDNO charges'!$B$11:$B$199,MATCH($A85,'Annex 4 LDNO charges'!$A$11:$A$199,0)))) -> E30 | C85: =IFERROR(INDEX('Annex 1 LV, HV and UMS charges'!$C$12:$C$43,MATCH($A85,'Annex 1 LV, HV and UMS charges'!$A$12:$A$43,0)),INDEX('Annex 4 LDNO charges'!$C$11:$C$199,MATCH($A85,'Annex 4 LDNO charges'!$A$11:$A$199,0))) -> 0 | E85: 0
A86: LDNO EHV: LV Site Specific Band 1 | B86: =IFERROR(INDEX('Annex 1 LV, HV and UMS charges'!$B$12:$B$43,MATCH($A86,'Annex 1 LV, HV and UMS charges'!$A$12:$A$43,0)),IF(INDEX('Annex 4 LDNO charges'!$B$11:$B$199,MATCH($A86,'Annex 4 LDNO charges'!$A$11:$A$199,0))=0,"",INDEX('Annex 4 LDNO charges'!$B$11:$B$199,MATCH($A86,'Annex 4 LDNO charges'!$A$11:$A$199,0)))) -> E31 | C86: =IFERROR(INDEX('Annex 1 LV, HV and UMS charges'!$C$12:$C$43,MATCH($A86,'Annex 1 LV, HV and UMS charges'!$A$12:$A$43,0)),INDEX('Annex 4 LDNO charges'!$C$11:$C$199,MATCH($A86,'Annex 4 LDNO charges'!$A$11:$A$199,0))) -> 0 | E86: 0
A87: LDNO EHV: LV Site Specific Band 2 | B87: =IFERROR(INDEX('Annex 1 LV, HV and UMS charges'!$B$12:$B$43,MATCH($A87,'Annex 1 LV, HV and UMS charges'!$A$12:$A$43,0)),IF(INDEX('Annex 4 LDNO charges'!$B$11:$B$199,MATCH($A87,'Annex 4 LDNO charges'!$A$11:$A$199,0))=0,"",INDEX('Annex 4 LDNO charges'!$B$11:$B$199,MATCH($A87,'Annex 4 LDNO charges'!$A$11:$A$199,0)))) -> E32 | C87: =IFERROR(INDEX('Annex 1 LV, HV and UMS charges'!$C$12:$C$43,MATCH($A87,'Annex 1 LV, HV and UMS charges'!$A$12:$A$43,0)),INDEX('Annex 4 LDNO charges'!$C$11:$C$199,MATCH($A87,'Annex 4 LDNO charges'!$A$11:$A$199,0))) -> 0 | E87: 0
A88: LDNO EHV: LV Site Specific Band 3 | B88: =IFERROR(INDEX('Annex 1 LV, HV and UMS charges'!$B$12:$B$43,MATCH($A88,'Annex 1 LV, HV and UMS charges'!$A$12:$A$43,0)),IF(INDEX('Annex 4 LDNO charges'!$B$11:$B$199,MATCH($A88,'Annex 4 LDNO charges'!$A$11:$A$199,0))=0,"",INDEX('Annex 4 LDNO charges'!$B$11:$B$199,MATCH($A88,'Annex 4 LDNO charges'!$A$11:$A$199,0)))) -> E33 | C88: =IFERROR(INDEX('Annex 1 LV, HV and UMS charges'!$C$12:$C$43,MATCH($A88,'Annex 1 LV, HV and UMS charges'!$A$12:$A$43,0)),INDEX('Annex 4 LDNO charges'!$C$11:$C$199,MATCH($A88,'Annex 4 LDNO charges'!$A$11:$A$199,0))) -> 0 | E88: 0
A89: LDNO EHV: LV Site Specific Band 4 | B89: =IFERROR(INDEX('Annex 1 LV, HV and UMS charges'!$B$12:$B$43,MATCH($A89,'Annex 1 LV, HV and UMS charges'!$A$12:$A$43,0)),IF(INDEX('Annex 4 LDNO charges'!$B$11:$B$199,MATCH($A89,'Annex 4 LDNO charges'!$A$11:$A$199,0))=0,"",INDEX('Annex 4 LDNO charges'!$B$11:$B$199,MATCH($A89,'Annex 4 LDNO charges'!$A$11:$A$199,0)))) -> E34 | C89: =IFERROR(INDEX('Annex 1 LV, HV and UMS charges'!$C$12:$C$43,MATCH($A89,'Annex 1 LV, HV and UMS charges'!$A$12:$A$43,0)),INDEX('Annex 4 LDNO charges'!$C$11:$C$199,MATCH($A89,'Annex 4 LDNO charges'!$A$11:$A$199,0))) -> 0 | E89: 0
A90: LDNO EHV: LV Sub Site Specific No Residual | B90: =IFERROR(INDEX('Annex 1 LV, HV and UMS charges'!$B$12:$B$43,MATCH($A90,'Annex 1 LV, HV and UMS charges'!$A$12:$A$43,0)),IF(INDEX('Annex 4 LDNO charges'!$B$11:$B$199,MATCH($A90,'Annex 4 LDNO charges'!$A$11:$A$199,0))=0,"",INDEX('Annex 4 LDNO charges'!$B$11:$B$199,MATCH($A90,'Annex 4 LDNO charges'!$A$11:$A$199,0)))) -> J30 | C90: =IFERROR(INDEX('Annex 1 LV, HV and UMS charges'!$C$12:$C$43,MATCH($A90,'Annex 1 LV, HV and UMS charges'!$A$12:$A$43,0)),INDEX('Annex 4 LDNO charges'!$C$11:$C$199,MATCH($A90,'Annex 4 LDNO charges'!$A$11:$A$199,0))) -> 0 | E90: 0
A91: LDNO EHV: LV Sub Site Specific Band 1 | B91: =IFERROR(INDEX('Annex 1 LV, HV and UMS charges'!$B$12:$B$43,MATCH($A91,'Annex 1 LV, HV and UMS charges'!$A$12:$A$43,0)),IF(INDEX('Annex 4 LDNO charges'!$B$11:$B$199,MATCH($A91,'Annex 4 LDNO charges'!$A$11:$A$199,0))=0,"",INDEX('Annex 4 LDNO charges'!$B$11:$B$199,MATCH($A91,'Annex 4 LDNO charges'!$A$11:$A$199,0)))) -> J31 | C91: =IFERROR(INDEX('Annex 1 LV, HV and UMS charges'!$C$12:$C$43,MATCH($A91,'Annex 1 LV, HV and UMS charges'!$A$12:$A$43,0)),INDEX('Annex 4 LDNO charges'!$C$11:$C$199,MATCH($A91,'Annex 4 LDNO charges'!$A$11:$A$199,0))) -> 0 | E91: 0
... A99: LDNO EHV: HV Site Specific Band 4 | B99: =IFERROR(INDEX('Annex 1 LV, HV and UMS charges'!$B$12:$B$43,MATCH($A99,'Annex 1 LV, HV and UMS charges'!$A$12:$A$43,0)),IF(INDEX('Annex 4 LDNO charges'!$B$11:$B$199,MATCH($A99,'Annex 4 LDNO charges'!$A$11:$A$199,0))=0,"",INDEX('Annex 4 LDNO charges'!$B$11:$B$199,MATCH($A99,'Annex 4 LDNO charges'!$A$11:$A$199,0)))) -> K34 | C99: =IFERROR(INDEX('Annex 1 LV, HV and UMS charges'!$C$12:$C$43,MATCH($A99,'Annex 1 LV, HV and UMS charges'!$A$12:$A$43,0)),INDEX('Annex 4 LDNO charges'!$C$11:$C$199,MATCH($A99,'Annex 4 LDNO charges'!$A$11:$A$199,0))) -> 0 | E99: 0
A100: LDNO 132kV/EHV: Domestic Aggregated or CT with Residual | B100: =IFERROR(INDEX('Annex 1 LV, HV and UMS charges'!$B$12:$B$43,MATCH($A100,'Annex 1 LV, HV and UMS charges'!$A$12:$A$43,0)),IF(INDEX('Annex 4 LDNO charges'!$B$11:$B$199,MATCH($A100,'Annex 4 LDNO charges'!$A$11:$A$199,0))=0,"",INDEX('Annex 4 LDNO charges'!$B$11:$B$199,MATCH($A100,'Annex 4 LDNO charges'!$A$11:$A$199,0)))) -> A40 | C100: =IFERROR(INDEX('Annex 1 LV, HV and UMS charges'!$C$12:$C$43,MATCH($A100,'Annex 1 LV, HV and UMS charges'!$A$12:$A$43,0)),INDEX('Annex 4 LDNO charges'!$C$11:$C$199,MATCH($A100,'Annex 4 LDNO charges'!$A$11:$A$199,0))) -> 0, 1, 2 | D100: 0 | E100: 0
A101: LDNO 132kV/EHV: Non-Domestic Aggregated or CT No Residual | B101: =IFERROR(INDEX('Annex 1 LV, HV and UMS charges'!$B$12:$B$43,MATCH($A101,'Annex 1 LV, HV and UMS charges'!$A$12:$A$43,0)),IF(INDEX('Annex 4 LDNO charges'!$B$11:$B$199,MATCH($A101,'Annex 4 LDNO charges'!$A$11:$A$199,0))=0,"",INDEX('Annex 4 LDNO charges'!$B$11:$B$199,MATCH($A101,'Annex 4 LDNO charges'!$A$11:$A$199,0)))) -> C40 | C101: =IFERROR(INDEX('Annex 1 LV, HV and UMS charges'!$C$12:$C$43,MATCH($A101,'Annex 1 LV, HV and UMS charges'!$A$12:$A$43,0)),INDEX('Annex 4 LDNO charges'!$C$11:$C$199,MATCH($A101,'Annex 4 LDNO charges'!$A$11:$A$199,0))) -> 0, 3, 4, 5-8 | E101: 0
A102: LDNO 132kV/EHV: Non-Domestic Aggregated or CT Band 1 | B102: =IFERROR(INDEX('Annex 1 LV, HV and UMS charges'!$B$12:$B$43,MATCH($A102,'Annex 1 LV, HV and UMS charges'!$A$12:$A$43,0)),IF(INDEX('Annex 4 LDNO charges'!$B$11:$B$199,MATCH($A102,'Annex 4 LDNO charges'!$A$11:$A$199,0))=0,"",INDEX('Annex 4 LDNO charges'!$B$11:$B$199,MATCH($A102,'Annex 4 LDNO charges'!$A$11:$A$199,0)))) -> C41 | C102: =IFERROR(INDEX('Annex 1 LV, HV and UMS charges'!$C$12:$C$43,MATCH($A102,'Annex 1 LV, HV and UMS charges'!$A$12:$A$43,0)),INDEX('Annex 4 LDNO charges'!$C$11:$C$199,MATCH($A102,'Annex 4 LDNO charges'!$A$11:$A$199,0))) -> 0, 3, 4, 5-8 | E102: 0
A103: LDNO 132kV/EHV: Non-Domestic Aggregated or CT Band 2 | B103: =IFERROR(INDEX('Annex 1 LV, HV and UMS charges'!$B$12:$B$43,MATCH($A103,'Annex 1 LV, HV and UMS charges'!$A$12:$A$43,0)),IF(INDEX('Annex 4 LDNO charges'!$B$11:$B$199,MATCH($A103,'Annex 4 LDNO charges'!$A$11:$A$199,0))=0,"",INDEX('Annex 4 LDNO charges'!$B$11:$B$199,MATCH($A103,'Annex 4 LDNO charges'!$A$11:$A$199,0)))) -> C42 | C103: =IFERROR(INDEX('Annex 1 LV, HV and UMS charges'!$C$12:$C$43,MATCH($A103,'Annex 1 LV, HV and UMS charges'!$A$12:$A$43,0)),INDEX('Annex 4 LDNO charges'!$C$11:$C$199,MATCH($A103,'Annex 4 LDNO charges'!$A$11:$A$199,0))) -> 0, 3, 4, 5-8 | E103: 0
A104: LDNO 132kV/EHV: Non-Domestic Aggregated or CT Band 3 | B104: =IFERROR(INDEX('Annex 1 LV, HV and UMS charges'!$B$12:$B$43,MATCH($A104,'Annex 1 LV, HV and UMS charges'!$A$12:$A$43,0)),IF(INDEX('Annex 4 LDNO charges'!$B$11:$B$199,MATCH($A104,'Annex 4 LDNO charges'!$A$11:$A$199,0))=0,"",INDEX('Annex 4 LDNO charges'!$B$11:$B$199,MATCH($A104,'Annex 4 LDNO charges'!$A$11:$A$199,0)))) -> C43 | C104: =IFERROR(INDEX('Annex 1 LV, HV and UMS charges'!$C$12:$C$43,MATCH($A104,'Annex 1 LV, HV and UMS charges'!$A$12:$A$43,0)),INDEX('Annex 4 LDNO charges'!$C$11:$C$199,MATCH($A104,'Annex 4 LDNO charges'!$A$11:$A$199,0))) -> 0, 3, 4, 5-8 | E104: 0
A105: LDNO 132kV/EHV: Non-Domestic Aggregated or CT Band 4 | B105: =IFERROR(INDEX('Annex 1 LV, HV and UMS charges'!$B$12:$B$43,MATCH($A105,'Annex 1 LV, HV and UMS charges'!$A$12:$A$43,0)),IF(INDEX('Annex 4 LDNO charges'!$B$11:$B$199,MATCH($A105,'Annex 4 LDNO charges'!$A$11:$A$199,0))=0,"",INDEX('Annex 4 LDNO charges'!$B$11:$B$199,MATCH($A105,'Annex 4 LDNO charges'!$A$11:$A$199,0)))) -> C44 | C105: =IFERROR(INDEX('Annex 1 LV, HV and UMS charges'!$C$12:$C$43,MATCH($A105,'Annex 1 LV, HV and UMS charges'!$A$12:$A$43,0)),INDEX('Annex 4 LDNO charges'!$C$11:$C$199,MATCH($A105,'Annex 4 LDNO charges'!$A$11:$A$199,0))) -> 0, 3, 4, 5-8 | E105: 0
A106: LDNO 132kV/EHV: LV Site Specific No Residual | B106: =IFERROR(INDEX('Annex 1 LV, HV and UMS charges'!$B$12:$B$43,MATCH($A106,'Annex 1 LV, HV and UMS charges'!$A$12:$A$43,0)),IF(INDEX('Annex 4 LDNO charges'!$B$11:$B$199,MATCH($A106,'Annex 4 LDNO charges'!$A$11:$A$199,0))=0,"",INDEX('Annex 4 LDNO charges'!$B$11:$B$199,MATCH($A106,'Annex 4 LDNO charges'!$A$11:$A$199,0)))) -> E40 | C106: =IFERROR(INDEX('Annex 1 LV, HV and UMS charges'!$C$12:$C$43,MATCH($A106,'Annex 1 LV, HV and UMS charges'!$A$12:$A$43,0)),INDEX('Annex 4 LDNO charges'!$C$11:$C$199,MATCH($A106,'Annex 4 LDNO charges'!$A$11:$A$199,0))) -> 0 | E106: 0
A107: LDNO 132kV/EHV: LV Site Specific Band 1 | B107: =IFERROR(INDEX('Annex 1 LV, HV and UMS charges'!$B$12:$B$43,MATCH($A107,'Annex 1 LV, HV and UMS charges'!$A$12:$A$43,0)),IF(INDEX('Annex 4 LDNO charges'!$B$11:$B$199,MATCH($A107,'Annex 4 LDNO charges'!$A$11:$A$199,0))=0,"",INDEX('Annex 4 LDNO charges'!$B$11:$B$199,MATCH($A107,'Annex 4 LDNO charges'!$A$11:$A$199,0)))) -> E41 | C107: =IFERROR(INDEX('Annex 1 LV, HV and UMS charges'!$C$12:$C$43,MATCH($A107,'Annex 1 LV, HV and UMS charges'!$A$12:$A$43,0)),INDEX('Annex 4 LDNO charges'!$C$11:$C$199,MATCH($A107,'Annex 4 LDNO charges'!$A$11:$A$199,0))) -> 0 | E107: 0
A108: LDNO 132kV/EHV: LV Site Specific Band 2 | B108: =IFERROR(INDEX('Annex 1 LV, HV and UMS charges'!$B$12:$B$43,MATCH($A108,'Annex 1 LV, HV and UMS charges'!$A$12:$A$43,0)),IF(INDEX('Annex 4 LDNO charges'!$B$11:$B$199,MATCH($A108,'Annex 4 LDNO charges'!$A$11:$A$199,0))=0,"",INDEX('Annex 4 LDNO charges'!$B$11:$B$199,MATCH($A108,'Annex 4 LDNO charges'!$A$11:$A$199,0)))) -> E42 | C108: =IFERROR(INDEX('Annex 1 LV, HV and UMS charges'!$C$12:$C$43,MATCH($A108,'Annex 1 LV, HV and UMS charges'!$A$12:$A$43,0)),INDEX('Annex 4 LDNO charges'!$C$11:$C$199,MATCH($A108,'Annex 4 LDNO charges'!$A$11:$A$199,0))) -> 0 | E108: 0
A109: LDNO 132kV/EHV: LV Site Specific Band 3 | B109: =IFERROR(INDEX('Annex 1 LV, HV and UMS charges'!$B$12:$B$43,MATCH($A109,'Annex 1 LV, HV and UMS charges'!$A$12:$A$43,0)),IF(INDEX('Annex 4 LDNO charges'!$B$11:$B$199,MATCH($A109,'Annex 4 LDNO charges'!$A$11:$A$199,0))=0,"",INDEX('Annex 4 LDNO charges'!$B$11:$B$199,MATCH($A109,'Annex 4 LDNO charges'!$A$11:$A$199,0)))) -> E43 | C109: =IFERROR(INDEX('Annex 1 LV, HV and UMS charges'!$C$12:$C$43,MATCH($A109,'Annex 1 LV, HV and UMS charges'!$A$12:$A$43,0)),INDEX('Annex 4 LDNO charges'!$C$11:$C$199,MATCH($A109,'Annex 4 LDNO charges'!$A$11:$A$199,0))) -> 0 | E109: 0
A110: LDNO 132kV/EHV: LV Site Specific Band 4 | B110: =IFERROR(INDEX('Annex 1 LV, HV and UMS charges'!$B$12:$B$43,MATCH($A110,'Annex 1 LV, HV and UMS charges'!$A$12:$A$43,0)),IF(INDEX('Annex 4 LDNO charges'!$B$11:$B$199,MATCH($A110,'Annex 4 LDNO charges'!$A$11:$A$199,0))=0,"",INDEX('Annex 4 LDNO charges'!$B$11:$B$199,MATCH($A110,'Annex 4 LDNO charges'!$A$11:$A$199,0)))) -> E44 | C110: =IFERROR(INDEX('Annex 1 LV, HV and UMS charges'!$C$12:$C$43,MATCH($A110,'Annex 1 LV, HV and UMS charges'!$A$12:$A$43,0)),INDEX('Annex 4 LDNO charges'!$C$11:$C$199,MATCH($A110,'Annex 4 LDNO charges'!$A$11:$A$199,0))) -> 0 | E110: 0
A111: LDNO 132kV/EHV: LV Sub Site Specific No Residual | B111: =IFERROR(INDEX('Annex 1 LV, HV and UMS charges'!$B$12:$B$43,MATCH($A111,'Annex 1 LV, HV and UMS charges'!$A$12:$A$43,0)),IF(INDEX('Annex 4 LDNO charges'!$B$11:$B$199,MATCH($A111,'Annex 4 LDNO charges'!$A$11:$A$199,0))=0,"",INDEX('Annex 4 LDNO charges'!$B$11:$B$199,MATCH($A111,'Annex 4 LDNO charges'!$A$11:$A$199,0)))) -> J40 | C111: =IFERROR(INDEX('Annex 1 LV, HV and UMS charges'!$C$12:$C$43,MATCH($A111,'Annex 1 LV, HV and UMS charges'!$A$12:$A$43,0)),INDEX('Annex 4 LDNO charges'!$C$11:$C$199,MATCH($A111,'Annex 4 LDNO charges'!$A$11:$A$199,0))) -> 0 | E111: 0
A112: LDNO 132kV/EHV: LV Sub Site Specific Band 1 | B112: =IFERROR(INDEX('Annex 1 LV, HV and UMS charges'!$B$12:$B$43,MATCH($A112,'Annex 1 LV, HV and UMS charges'!$A$12:$A$43,0)),IF(INDEX('Annex 4 LDNO charges'!$B$11:$B$199,MATCH($A112,'Annex 4 LDNO charges'!$A$11:$A$199,0))=0,"",INDEX('Annex 4 LDNO charges'!$B$11:$B$199,MATCH($A112,'Annex 4 LDNO charges'!$A$11:$A$199,0)))) -> J41 | C112: =IFERROR(INDEX('Annex 1 LV, HV and UMS charges'!$C$12:$C$43,MATCH($A112,'Annex 1 LV, HV and UMS charges'!$A$12:$A$43,0)),INDEX('Annex 4 LDNO charges'!$C$11:$C$199,MATCH($A112,'Annex 4 LDNO charges'!$A$11:$A$199,0))) -> 0 | E112: 0
... A120: LDNO 132kV/EHV: HV Site Specific Band 4 | B120: =IFERROR(INDEX('Annex 1 LV, HV and UMS charges'!$B$12:$B$43,MATCH($A120,'Annex 1 LV, HV and UMS charges'!$A$12:$A$43,0)),IF(INDEX('Annex 4 LDNO charges'!$B$11:$B$199,MATCH($A120,'Annex 4 LDNO charges'!$A$11:$A$199,0))=0,"",INDEX('Annex 4 LDNO charges'!$B$11:$B$199,MATCH($A120,'Annex 4 LDNO charges'!$A$11:$A$199,0)))) -> K44 | C120: =IFERROR(INDEX('Annex 1 LV, HV and UMS charges'!$C$12:$C$43,MATCH($A120,'Annex 1 LV, HV and UMS charges'!$A$12:$A$43,0)),INDEX('Annex 4 LDNO charges'!$C$11:$C$199,MATCH($A120,'Annex 4 LDNO charges'!$A$11:$A$199,0))) -> 0 | E120: 0
A121: LDNO 132kV: Domestic Aggregated or CT with Residual | B121: =IFERROR(INDEX('Annex 1 LV, HV and UMS charges'!$B$12:$B$43,MATCH($A121,'Annex 1 LV, HV and UMS charges'!$A$12:$A$43,0)),IF(INDEX('Annex 4 LDNO charges'!$B$11:$B$199,MATCH($A121,'Annex 4 LDNO charges'!$A$11:$A$199,0))=0,"",INDEX('Annex 4 LDNO charges'!$B$11:$B$199,MATCH($A121,'Annex 4 LDNO charges'!$A$11:$A$199,0)))) -> A50 | C121: =IFERROR(INDEX('Annex 1 LV, HV and UMS charges'!$C$12:$C$43,MATCH($A121,'Annex 1 LV, HV and UMS charges'!$A$12:$A$43,0)),INDEX('Annex 4 LDNO charges'!$C$11:$C$199,MATCH($A121,'Annex 4 LDNO charges'!$A$11:$A$199,0))) -> 0, 1, 2 | D121: 0 | E121: 0
A122: LDNO 132kV: Non-Domestic Aggregated or CT No Residual | B122: =IFERROR(INDEX('Annex 1 LV, HV and UMS charges'!$B$12:$B$43,MATCH($A122,'Annex 1 LV, HV and UMS charges'!$A$12:$A$43,0)),IF(INDEX('Annex 4 LDNO charges'!$B$11:$B$199,MATCH($A122,'Annex 4 LDNO charges'!$A$11:$A$199,0))=0,"",INDEX('Annex 4 LDNO charges'!$B$11:$B$199,MATCH($A122,'Annex 4 LDNO charges'!$A$11:$A$199,0)))) -> C50 | C122: =IFERROR(INDEX('Annex 1 LV, HV and UMS charges'!$C$12:$C$43,MATCH($A122,'Annex 1 LV, HV and UMS charges'!$A$12:$A$43,0)),INDEX('Annex 4 LDNO charges'!$C$11:$C$199,MATCH($A122,'Annex 4 LDNO charges'!$A$11:$A$199,0))) -> 0, 3, 4, 5-8 | E122: 0
A123: LDNO 132kV: Non-Domestic Aggregated or CT Band 1 | B123: =IFERROR(INDEX('Annex 1 LV, HV and UMS charges'!$B$12:$B$43,MATCH($A123,'Annex 1 LV, HV and UMS charges'!$A$12:$A$43,0)),IF(INDEX('Annex 4 LDNO charges'!$B$11:$B$199,MATCH($A123,'Annex 4 LDNO charges'!$A$11:$A$199,0))=0,"",INDEX('Annex 4 LDNO charges'!$B$11:$B$199,MATCH($A123,'Annex 4 LDNO charges'!$A$11:$A$199,0)))) -> C51 | C123: =IFERROR(INDEX('Annex 1 LV, HV and UMS charges'!$C$12:$C$43,MATCH($A123,'Annex 1 LV, HV and UMS charges'!$A$12:$A$43,0)),INDEX('Annex 4 LDNO charges'!$C$11:$C$199,MATCH($A123,'Annex 4 LDNO charges'!$A$11:$A$199,0))) -> 0, 3, 4, 5-8 | E123: 0
A124: LDNO 132kV: Non-Domestic Aggregated or CT Band 2 | B124: =IFERROR(INDEX('Annex 1 LV, HV and UMS charges'!$B$12:$B$43,MATCH($A124,'Annex 1 LV, HV and UMS charges'!$A$12:$A$43,0)),IF(INDEX('Annex 4 LDNO charges'!$B$11:$B$199,MATCH($A124,'Annex 4 LDNO charges'!$A$11:$A$199,0))=0,"",INDEX('Annex 4 LDNO charges'!$B$11:$B$199,MATCH($A124,'Annex 4 LDNO charges'!$A$11:$A$199,0)))) -> C52 | C124: =IFERROR(INDEX('Annex 1 LV, HV and UMS charges'!$C$12:$C$43,MATCH($A124,'Annex 1 LV, HV and UMS charges'!$A$12:$A$43,0)),INDEX('Annex 4 LDNO charges'!$C$11:$C$199,MATCH($A124,'Annex 4 LDNO charges'!$A$11:$A$199,0))) -> 0, 3, 4, 5-8 | E124: 0
A125: LDNO 132kV: Non-Domestic Aggregated or CT Band 3 | B125: =IFERROR(INDEX('Annex 1 LV, HV and UMS charges'!$B$12:$B$43,MATCH($A125,'Annex 1 LV, HV and UMS charges'!$A$12:$A$43,0)),IF(INDEX('Annex 4 LDNO charges'!$B$11:$B$199,MATCH($A125,'Annex 4 LDNO charges'!$A$11:$A$199,0))=0,"",INDEX('Annex 4 LDNO charges'!$B$11:$B$199,MATCH($A125,'Annex 4 LDNO charges'!$A$11:$A$199,0)))) -> C53 | C125: =IFERROR(INDEX('Annex 1 LV, HV and UMS charges'!$C$12:$C$43,MATCH($A125,'Annex 1 LV, HV and UMS charges'!$A$12:$A$43,0)),INDEX('Annex 4 LDNO charges'!$C$11:$C$199,MATCH($A125,'Annex 4 LDNO charges'!$A$11:$A$199,0))) -> 0, 3, 4, 5-8 | E125: 0
A126: LDNO 132kV: Non-Domestic Aggregated or CT Band 4 | B126: =IFERROR(INDEX('Annex 1 LV, HV and UMS charges'!$B$12:$B$43,MATCH($A126,'Annex 1 LV, HV and UMS charges'!$A$12:$A$43,0)),IF(INDEX('Annex 4 LDNO charges'!$B$11:$B$199,MATCH($A126,'Annex 4 LDNO charges'!$A$11:$A$199,0))=0,"",INDEX('Annex 4 LDNO charges'!$B$11:$B$199,MATCH($A126,'Annex 4 LDNO charges'!$A$11:$A$199,0)))) -> C54 | C126: =IFERROR(INDEX('Annex 1 LV, HV and UMS charges'!$C$12:$C$43,MATCH($A126,'Annex 1 LV, HV and UMS charges'!$A$12:$A$43,0)),INDEX('Annex 4 LDNO charges'!$C$11:$C$199,MATCH($A126,'Annex 4 LDNO charges'!$A$11:$A$199,0))) -> 0, 3, 4, 5-8 | E126: 0
A127: LDNO 132kV: LV Site Specific No Residual | B127: =IFERROR(INDEX('Annex 1 LV, HV and UMS charges'!$B$12:$B$43,MATCH($A127,'Annex 1 LV, HV and UMS charges'!$A$12:$A$43,0)),IF(INDEX('Annex 4 LDNO charges'!$B$11:$B$199,MATCH($A127,'Annex 4 LDNO charges'!$A$11:$A$199,0))=0,"",INDEX('Annex 4 LDNO charges'!$B$11:$B$199,MATCH($A127,'Annex 4 LDNO charges'!$A$11:$A$199,0)))) -> E50 | C127: =IFERROR(INDEX('Annex 1 LV, HV and UMS charges'!$C$12:$C$43,MATCH($A127,'Annex 1 LV, HV and UMS charges'!$A$12:$A$43,0)),INDEX('Annex 4 LDNO charges'!$C$11:$C$199,MATCH($A127,'Annex 4 LDNO charges'!$A$11:$A$199,0))) -> 0 | E127: 0
A128: LDNO 132kV: LV Site Specific Band 1 | B128: =IFERROR(INDEX('Annex 1 LV, HV and UMS charges'!$B$12:$B$43,MATCH($A128,'Annex 1 LV, HV and UMS charges'!$A$12:$A$43,0)),IF(INDEX('Annex 4 LDNO charges'!$B$11:$B$199,MATCH($A128,'Annex 4 LDNO charges'!$A$11:$A$199,0))=0,"",INDEX('Annex 4 LDNO charges'!$B$11:$B$199,MATCH($A128,'Annex 4 LDNO charges'!$A$11:$A$199,0)))) -> E51 | C128: =IFERROR(INDEX('Annex 1 LV, HV and UMS charges'!$C$12:$C$43,MATCH($A128,'Annex 1 LV, HV and UMS charges'!$A$12:$A$43,0)),INDEX('Annex 4 LDNO charges'!$C$11:$C$199,MATCH($A128,'Annex 4 LDNO charges'!$A$11:$A$199,0))) -> 0 | E128: 0
A129: LDNO 132kV: LV Site Specific Band 2 | B129: =IFERROR(INDEX('Annex 1 LV, HV and UMS charges'!$B$12:$B$43,MATCH($A129,'Annex 1 LV, HV and UMS charges'!$A$12:$A$43,0)),IF(INDEX('Annex 4 LDNO charges'!$B$11:$B$199,MATCH($A129,'Annex 4 LDNO charges'!$A$11:$A$199,0))=0,"",INDEX('Annex 4 LDNO charges'!$B$11:$B$199,MATCH($A129,'Annex 4 LDNO charges'!$A$11:$A$199,0)))) -> E52 | C129: =IFERROR(INDEX('Annex 1 LV, HV and UMS charges'!$C$12:$C$43,MATCH($A129,'Annex 1 LV, HV and UMS charges'!$A$12:$A$43,0)),INDEX('Annex 4 LDNO charges'!$C$11:$C$199,MATCH($A129,'Annex 4 LDNO charges'!$A$11:$A$199,0))) -> 0 | E129: 0
A130: LDNO 132kV: LV Site Specific Band 3 | B130: =IFERROR(INDEX('Annex 1 LV, HV and UMS charges'!$B$12:$B$43,MATCH($A130,'Annex 1 LV, HV and UMS charges'!$A$12:$A$43,0)),IF(INDEX('Annex 4 LDNO charges'!$B$11:$B$199,MATCH($A130,'Annex 4 LDNO charges'!$A$11:$A$199,0))=0,"",INDEX('Annex 4 LDNO charges'!$B$11:$B$199,MATCH($A130,'Annex 4 LDNO charges'!$A$11:$A$199,0)))) -> E53 | C130: =IFERROR(INDEX('Annex 1 LV, HV and UMS charges'!$C$12:$C$43,MATCH($A130,'Annex 1 LV, HV and UMS charges'!$A$12:$A$43,0)),INDEX('Annex 4 LDNO charges'!$C$11:$C$199,MATCH($A130,'Annex 4 LDNO charges'!$A$11:$A$199,0))) -> 0 | E130: 0
A131: LDNO 132kV: LV Site Specific Band 4 | B131: =IFERROR(INDEX('Annex 1 LV, HV and UMS charges'!$B$12:$B$43,MATCH($A131,'Annex 1 LV, HV and UMS charges'!$A$12:$A$43,0)),IF(INDEX('Annex 4 LDNO charges'!$B$11:$B$199,MATCH($A131,'Annex 4 LDNO charges'!$A$11:$A$199,0))=0,"",INDEX('Annex 4 LDNO charges'!$B$11:$B$199,MATCH($A131,'Annex 4 LDNO charges'!$A$11:$A$199,0)))) -> E54 | C131: =IFERROR(INDEX('Annex 1 LV, HV and UMS charges'!$C$12:$C$43,MATCH($A131,'Annex 1 LV, HV and UMS charges'!$A$12:$A$43,0)),INDEX('Annex 4 LDNO charges'!$C$11:$C$199,MATCH($A131,'Annex 4 LDNO charges'!$A$11:$A$199,0))) -> 0 | E131: 0
A132: LDNO 132kV: LV Sub Site Specific No Residual | B132: =IFERROR(INDEX('Annex 1 LV, HV and UMS charges'!$B$12:$B$43,MATCH($A132,'Annex 1 LV, HV and UMS charges'!$A$12:$A$43,0)),IF(INDEX('Annex 4 LDNO charges'!$B$11:$B$199,MATCH($A132,'Annex 4 LDNO charges'!$A$11:$A$199,0))=0,"",INDEX('Annex 4 LDNO charges'!$B$11:$B$199,MATCH($A132,'Annex 4 LDNO charges'!$A$11:$A$199,0)))) -> J50 | C132: =IFERROR(INDEX('Annex 1 LV, HV and UMS charges'!$C$12:$C$43,MATCH($A132,'Annex 1 LV, HV and UMS charges'!$A$12:$A$43,0)),INDEX('Annex 4 LDNO charges'!$C$11:$C$199,MATCH($A132,'Annex 4 LDNO charges'!$A$11:$A$199,0))) -> 0 | E132: 0
A133: LDNO 132kV: LV Sub Site Specific Band 1 | B133: =IFERROR(INDEX('Annex 1 LV, HV and UMS charges'!$B$12:$B$43,MATCH($A133,'Annex 1 LV, HV and UMS charges'!$A$12:$A$43,0)),IF(INDEX('Annex 4 LDNO charges'!$B$11:$B$199,MATCH($A133,'Annex 4 LDNO charges'!$A$11:$A$199,0))=0,"",INDEX('Annex 4 LDNO charges'!$B$11:$B$199,MATCH($A133,'Annex 4 LDNO charges'!$A$11:$A$199,0)))) -> J51 | C133: =IFERROR(INDEX('Annex 1 LV, HV and UMS charges'!$C$12:$C$43,MATCH($A133,'Annex 1 LV, HV and UMS charges'!$A$12:$A$43,0)),INDEX('Annex 4 LDNO charges'!$C$11:$C$199,MATCH($A133,'Annex 4 LDNO charges'!$A$11:$A$199,0))) -> 0 | E133: 0
... A141: LDNO 132kV: HV Site Specific Band 4 | B141: =IFERROR(INDEX('Annex 1 LV, HV and UMS charges'!$B$12:$B$43,MATCH($A141,'Annex 1 LV, HV and UMS charges'!$A$12:$A$43,0)),IF(INDEX('Annex 4 LDNO charges'!$B$11:$B$199,MATCH($A141,'Annex 4 LDNO charges'!$A$11:$A$199,0))=0,"",INDEX('Annex 4 LDNO charges'!$B$11:$B$199,MATCH($A141,'Annex 4 LDNO charges'!$A$11:$A$199,0)))) -> K54 | C141: =IFERROR(INDEX('Annex 1 LV, HV and UMS charges'!$C$12:$C$43,MATCH($A141,'Annex 1 LV, HV and UMS charges'!$A$12:$A$43,0)),INDEX('Annex 4 LDNO charges'!$C$11:$C$199,MATCH($A141,'Annex 4 LDNO charges'!$A$11:$A$199,0))) -> 0 | E141: 0
A142: LDNO 0000: Domestic Aggregated or CT with Residual | B142: =IFERROR(INDEX('Annex 1 LV, HV and UMS charges'!$B$12:$B$43,MATCH($A142,'Annex 1 LV, HV and UMS charges'!$A$12:$A$43,0)),IF(INDEX('Annex 4 LDNO charges'!$B$11:$B$199,MATCH($A142,'Annex 4 LDNO charges'!$A$11:$A$199,0))=0,"",INDEX('Annex 4 LDNO charges'!$B$11:$B$199,MATCH($A142,'Annex 4 LDNO charges'!$A$11:$A$199,0)))) -> A60 | C142: =IFERROR(INDEX('Annex 1 LV, HV and UMS charges'!$C$12:$C$43,MATCH($A142,'Annex 1 LV, HV and UMS charges'!$A$12:$A$43,0)),INDEX('Annex 4 LDNO charges'!$C$11:$C$199,MATCH($A142,'Annex 4 LDNO charges'!$A$11:$A$199,0))) -> 0, 1, 2 | D142: 0 | E142: 0
A143: LDNO 0000: Non-Domestic Aggregated or CT No Residual | B143: =IFERROR(INDEX('Annex 1 LV, HV and UMS charges'!$B$12:$B$43,MATCH($A143,'Annex 1 LV, HV and UMS charges'!$A$12:$A$43,0)),IF(INDEX('Annex 4 LDNO charges'!$B$11:$B$199,MATCH($A143,'Annex 4 LDNO charges'!$A$11:$A$199,0))=0,"",INDEX('Annex 4 LDNO charges'!$B$11:$B$199,MATCH($A143,'Annex 4 LDNO charges'!$A$11:$A$199,0)))) -> C60 | C143: =IFERROR(INDEX('Annex 1 LV, HV and UMS charges'!$C$12:$C$43,MATCH($A143,'Annex 1 LV, HV and UMS charges'!$A$12:$A$43,0)),INDEX('Annex 4 LDNO charges'!$C$11:$C$199,MATCH($A143,'Annex 4 LDNO charges'!$A$11:$A$199,0))) -> 0, 3, 4, 5-8 | E143: 0
...

Sheet Nodal prices
A1: Back to Overview
A2: =Overview!B4& " - Effective from "&Overview!D4&" - "&Overview!E4&" Nodal/Zonal charges" -> Eastern Power Networks - Effective from 1 April 2026 - Final Nodal/Zonal charges
A4: Node/Zone ID | B4: Geographical name | C4: Local charge 1 £/kVA | D4: Remote charge 1 £/kVA
A5: ABBE31 | B5: Abberton Grid 33kV | C5: 0 | D5: 14.8049
A6: ABBO51 | B6: Abbots Central Primary 11kV | C6: 8.1105028 | D6: 3.658329
A7: ACRO51 | B7: Acrows Primary 11kV | C7: -0.0085073755 | D7: 6.9280925
A8: ADEB51 | B8: Addenbrookes Primary 11kV | C8: 0.94192906 | D8: 3.8984892
A9: ADEL51 | B9: Adelaide St Primary 11kV | C9: 4.0320361 | D9: 7.778229
A10: ALDR51 | B10: Aldreth Primary 11kV | C10: 0.086355593 | D10: 6.5095037
A11: ALDR52 | B11: Aldreth Primary 11kV | C11: 0.24009028 | D11: 1.9403993
A12: ALPI51 | B12: Alpington Primary 11kV | C12: 0.31770666 | D12: 1.2414567
A13: ALRE51 | B13: Alresford Primary 11kV | C13: 3.7545804 | D13: -1.2017111
A14: AMEP51 | B14: Amersham Primary 11kV | C14: 0.0074500814 | D14: 5.7393275
A15: AMEP52 | B15: Amersham Primary 11kV | C15: 0.24243688 | D15: 5.4567854
A16: AMPT51 | B16: Ampthill Primary 11kV | C16: 1.5181706 | D16: 0.42522745
... A883: WYMG31 | B883: Wymondley Grid 33kV | C883: 0 | D883: 0.41628708

Sheet SSC unit rate lookup
A1: Back to Overview
A28: Standard Settlement Configuration Id | B28: Standard Settlement Configuration Desc | C28: Common Decode | F28: Change implemented | G28: Date | H28: Comments
A29: 3 | B29: 10-hour OP | C29: A/R | F29: Notes updated | G29: 43626 | H29: Updated to reflect DCP 268 which delinks all tariffs from the TPR bands
A30: 4 | B30: 10-hour OP | C30: A/R | F30: Code 1 & 2 changed to A | G30: 43626 | H30: Updated to reflect DCP 268 which delinks all tariffs from the TPR bands
A31: 5 | B31: 10-hour OP + w/e | C31: A/R | F31: Code O changed to A/R | G31: 43626 | H31: Updated to reflect DCP 268 which delinks all tariffs from the TPR bands
A32: 6 | B32: 10.5-hour OP | C32: A/R | F32: Removed TPR | G32: 43626 | H32: Removed TPR lookup element as this no longer effects which rate to apply
A33: 7 | B33: 10.5-hour OP | C33: A/R
A34: 8 | B34: 10.5-hour OP | C34: A/R
A35: 9 | B35: 10.5-hour OP | C35: A/R
A36: 10 | B36: 10.5-hour OP | C36: A/R
A37: 11 | B37: 10.5-hour OP | C37: A/R
A38: 12 | B38: 10.5-hour OP | C38: A/R
A39: 13 | B39: 11 Hour OP | C39: A/R
A40: 15 | B40: 11 Hour OP | C40: A/R
A41: 16 | B41: 11.5-hour OP | C41: A/R
A42: 17 | B42: 11.5-hour OP | C42: A/R
A43: 18 | B43: 11.5-hour OP | C43: A/R
A44: 19 | B44: 11.5-hour OP | C44: A/R
... A764: 997 | B764: Evening/Weekend - BST | C764: A

Sheet Residual Charging Bands
A1: Back to Overview
A2: =Overview!B4& " - Effective from "&Overview!C4&" - "&Overview!E4&" Residual Charging Bands" -> Eastern Power Networks - Effective from 2026/27 - Final Residual Charging Bands
A4: Voltage of Connection | B4: Band | C4: Units | D4: Lower Threshold* | E4: Upper Threshold* | F4: Residual Charge per MPAN (£/year)
A5: Domestic Aggregated | B5: Single band | C5: - | D5: - | E5: - | F5: 0.92548289
A6: Designated Properties connected at LV, billing with no MIC | B6: 1 | C6: kWh | D6: 0 | E6: 3986 | F6: 0.84210476
B7: 2 | C7: kWh | D7: 3986 | E7: 13677 | F7: 2.4140692
B8: 3 | C8: kWh | D8: 13677 | E8: 27543 | F8: 5.0986358
B9: 4 | C9: kWh | D9: 27543 | E9: ∞ | F9: 13.187614
A10: Designated Properties connected at LV, billing with MIC | B10: 1 | C10: kVA | D10: 0 | E10: 90 | F10: 26.166394
B11: 2 | C11: kVA | D11: 90 | E11: 150 | F11: 42.302082
B12: 3 | C12: kVA | D12: 150 | E12: 250 | F12: 58.200232
B13: 4 | C13: kVA | D13: 250 | E13: ∞ | F13: 164.84681
A14: Designated Properties connected at HV | B14: 1 | C14: kVA | D14: 0 | E14: 500 | F14: 215.53052
B15: 2 | C15: kVA | D15: 500 | E15: 1100 | F15: 451.76028
B16: 3 | C16: kVA | D16: 1100 | E16: 2000 | F16: 826.81931
B17: 4 | C17: kVA | D17: 2000 | E17: ∞ | F17: 2459.4617
A18: Designated EHV Properties | B18: 1 | C18: kVA | D18: 0 | E18: 3500 | F18: 18297.449
B19: 2 | C19: kVA | D19: 3500 | E19: 11000 | F19: 88775.988
B20: 3 | C20: kVA | D20: 11000 | E20: 20000 | F20: 212600.29
B21: 4 | C21: kVA | D21: 20000 | E21: ∞ | F21: 278592.24
A22: * All boundaries are inclusive of the upper threshold and exclusive of the lower threshold i.e. Lower < x ≤ Upper.

Sheet TNUoS Mapping
A1: Back to Overview
A2: =Overview!C4&" - Effective from "&Overview!D4&" - "&Overview!F4&" TNUoS Mapping" -> 2026/27 - Effective from 1 April 2026 - TNUoS Mapping
A4: DUoS Tariff name | B4: TNUoS Site Charging Band
A5: Domestic Aggregated or CT with Residual | B5: Domestic
A6: Domestic Aggregated (Related MPAN) | B6: n/a (Non-Final Demand Site)
A7: Non-Domestic Aggregated or CT No Residual | B7: =$B$6 -> n/a (Non-Final Demand Site)
A8: Non-Domestic Aggregated or CT Band 1 | B8: LV_NoMIC_1
A9: Non-Domestic Aggregated or CT Band 2 | B9: LV_NoMIC_2
A10: Non-Domestic Aggregated or CT Band 3 | B10: LV_NoMIC_3
A11: Non-Domestic Aggregated or CT Band 4 | B11: LV_NoMIC_4
A12: Non-Domestic Aggregated (related MPAN) | B12: =$B$6 -> n/a (Non-Final Demand Site)
A13: LV Site Specific No Residual | B13: =$B$6 -> n/a (Non-Final Demand Site)
A14: LV Site Specific Band 1 | B14: LV1
A15: LV Site Specific Band 2 | B15: LV2
A16: LV Site Specific Band 3 | B16: LV3
A17: LV Site Specific Band 4 | B17: LV4
A18: LV Sub Site Specific No Residual | B18: =$B$6 -> n/a (Non-Final Demand Site)
A19: LV Sub Site Specific Band 1 | B19: LV1
A20: LV Sub Site Specific Band 2 | B20: LV2
A21: LV Sub Site Specific Band 3 | B21: LV3
A22: LV Sub Site Specific Band 4 | B22: LV4
A23: HV Site Specific No Residual | B23: =$B$6 -> n/a (Non-Final Demand Site)
A24: HV Site Specific Band 1 | B24: HV1
A25: HV Site Specific Band 2 | B25: HV2
A26: HV Site Specific Band 3 | B26: HV3
A27: HV Site Specific Band 4 | B27: HV4
A28: Unmetered Supplies | B28: n/a (p/kWh charge)
A29: LV Generation Aggregated | B29: =$B$6 -> n/a (Non-Final Demand Site)
A30: LV Sub Generation Aggregated | B30: =$B$6 -> n/a (Non-Final Demand Site)
A31: LV Generation Site Specific | B31: =$B$6 -> n/a (Non-Final Demand Site)
A32: LV Generation Site Specific no RP charge | B32: =$B$6 -> n/a (Non-Final Demand Site)
A33: LV Sub Generation Site Specific | B33: =$B$6 -> n/a (Non-Final Demand Site)
A34: LV Sub Generation Site Specific no RP charge | B34: =$B$6 -> n/a (Non-Final Demand Site)
A35: HV Generation Site Specific | B35: =$B$6 -> n/a (Non-Final Demand Site)
A36: HV Generation Site Specific no RP charge | B36: =$B$6 -> n/a (Non-Final Demand Site)
A37: Designated EHV Site Specific No Residual | B37: =$B$6 -> n/a (Non-Final Demand Site)
A38: Designated EHV Site Specific Band 1 | B38: EHV1
A39: Designated EHV Site Specific Band 2 | B39: EHV2
A40: Designated EHV Site Specific Band 3 | B40: EHV3
A41: Designated EHV Site Specific Band 4 | B41: EHV4

Sheet Charge Calculator
B1: Back to Overview
B2: =Overview!B4& " - Effective from "&Overview!D4&" - "&Overview!E4 -> Eastern Power Networks - Effective from 1 April 2026 - Final | AB2: Tariff name | AC2: Red/black unit charge p/kWh | AD2: Amber/yellow unit charge p/kWh | AE2: Green unit charge p/kWh | AF2: Fixed charge p/MPAN/day | AG2: Capacity charge p/kVA/day | AH2: Exceeded capacity charge p/kVA/day | AI2: Reactive power charge p/kVArh
AB3: Domestic Aggregated or CT with Residual | AC3: Red unit charge p/kWh | AD3: Amber unit charge p/kWh | AE3: Green unit charge p/kWh | AF3: Fixed charge p/MPAN/day | AG3: n/a | AH3: n/a | AI3: n/a
B4: LV and HV designated properties and Unmetered Supplies tariff calculator | L4: EHV designated property calculator | AB4: Domestic Aggregated (Related MPAN) | AC4: Red unit charge p/kWh | AD4: Amber unit charge p/kWh | AE4: Green unit charge p/kWh | AF4: n/a | AG4: n/a | AH4: n/a | AI4: n/a
B5: Step 1, Choose your tariff using the drop down list in cell B10 | L5: Step 1, Choose your tariff using the drop down list in cell L10. Please note, this calculator returns tariffs from Annex 2 only. If your site has a new or amended tariff in Annex 6 this will need to be entered manually. | AB5: Non-Domestic Aggregated or CT No Residual | AC5: Red unit charge p/kWh | AD5: Amber unit charge p/kWh | AE5: Green unit charge p/kWh | AF5: Fixed charge p/MPAN/day | AG5: n/a | AH5: n/a | AI5: n/a
B6: Step 2, After selecting a tariff in step 1, Cells C12-I12 will generate headings, please enter your consumption in cells C13:I13 underneath each heading generated (if no heading leave cell blank) | L6: Step 2, After selecting a tariff in step 1, Cells M12-T12 will generate headings, please enter your consumption in cells M13:T13 underneath each heading generated (if no heading leave cell blank) | AB6: Non-Domestic Aggregated or CT Band 1 | AC6: Red unit charge p/kWh | AD6: Amber unit charge p/kWh | AE6: Green unit charge p/kWh | AF6: Fixed charge p/MPAN/day | AG6: n/a | AH6: n/a | AI6: n/a
B7: Step 3, Enter a forecast of consumption if required in cells C14:I14 | L7: Step 3, Enter a forecast of consumption if required in cells M14:T14 | AB7: Non-Domestic Aggregated or CT Band 2 | AC7: Red unit charge p/kWh | AD7: Amber unit charge p/kWh | AE7: Green unit charge p/kWh | AF7: Fixed charge p/MPAN/day | AG7: n/a | AH7: n/a | AI7: n/a
AB8: Non-Domestic Aggregated or CT Band 3 | AC8: Red unit charge p/kWh | AD8: Amber unit charge p/kWh | AE8: Green unit charge p/kWh | AF8: Fixed charge p/MPAN/day | AG8: n/a | AH8: n/a | AI8: n/a
B9: Tariff details Choose tariff name from drop down box below | C9: =IFERROR(_xlfn.XLOOKUP($B$10,$AB$2:$AB$34,AC$2:AC$34),AC2) -> Red/black unit charge p/kWh | D9: =IFERROR(_xlfn.XLOOKUP($B$10,$AB$2:$AB$34,AD$2:AD$34),AD2) -> Amber/yellow unit charge p/kWh | E9: =IFERROR(_xlfn.XLOOKUP($B$10,$AB$2:$AB$34,AE$2:AE$34),AE2) -> Green unit charge p/kWh | F9: =IFERROR(_xlfn.XLOOKUP($B$10,$AB$2:$AB$34,AF$2:AF$34),AF2) -> Fixed charge p/MPAN/day | G9: =IFERROR(_xlfn.XLOOKUP($B$10,$AB$2:$AB$34,AG$2:AG$34),AG2) -> Capacity charge p/kVA/day | H9: =IFERROR(_xlfn.XLOOKUP($B$10,$AB$2:$AB$34,AH$2:AH$34),AH2) -> Exceeded capacity charge p/kVA/day | I9: =IFERROR(_xlfn.XLOOKUP($B$10,$AB$2:$AB$34,AI$2:AI$34),AI2) -> Reactive power charge p/kVArh | L9: Site details Choose the site name from the drop down box below | M9: ='Annex 2 Designated EHV charges'!I9 -> Import Super Red unit charge (p/kWh) | N9: ='Annex 2 Designated EHV charges'!J9 -> Import fixed charge (p/day) | O9: ='Annex 2 Designated EHV charges'!K9 -> Import capacity charge (p/kVA/day) | P9: ='Annex 2 Designated EHV charges'!L9 -> Import exceeded capacity charge (p/kVA/day) | Q9: ='Annex 2 Designated EHV charges'!M9 -> Export Super Red unit charge (p/kWh) | R9: ='Annex 2 Designated EHV charges'!N9 -> Export fixed charge (p/day) | S9: ='Annex 2 Designated EHV charges'!O9 -> Export capacity charge (p/kVA/day) | T9: ='Annex 2 Designated EHV charges'!P9 -> Export exceeded capacity charge (p/kVA/day) | AB9: Non-Domestic Aggregated or CT Band 4 | AC9: Red unit charge p/kWh | AD9: Amber unit charge p/kWh | AE9: Green unit charge p/kWh | AF9: Fixed charge p/MPAN/day | AG9: n/a | AH9: n/a | AI9: n/a
C10: =IFERROR(VLOOKUP($B$10,'Annex 1 LV, HV and UMS charges'!$A:$K,4,FALSE),"") | D10: =IFERROR(VLOOKUP($B$10,'Annex 1 LV, HV and UMS charges'!$A:$K,5,FALSE),"") | E10: =IFERROR(VLOOKUP($B$10,'Annex 1 LV, HV and UMS charges'!$A:$K,6,FALSE),"") | F10: =IFERROR(VLOOKUP($B$10,'Annex 1 LV, HV and UMS charges'!$A:$K,7,FALSE),"") | G10: =IFERROR(VLOOKUP($B$10,'Annex 1 LV, HV and UMS charges'!$A:$K,8,FALSE),"") | H10: =IFERROR(VLOOKUP($B$10,'Annex 1 LV, HV and UMS charges'!$A:$K,9,FALSE),"") | I10: =IFERROR(VLOOKUP($B$10,'Annex 1 LV, HV and UMS charges'!$A:$K,10,FALSE),"") | M10: =IFERROR(_xlfn.XLOOKUP($L$10,'Annex 2 Designated EHV charges'!$G:$G,'Annex 2 Designated EHV charges'!I:I),"") -> 0 | N10: =IFERROR(_xlfn.XLOOKUP($L$10,'Annex 2 Designated EHV charges'!$G:$G,'Annex 2 Designated EHV charges'!J:J),"") -> 0 | O10: =IFERROR(_xlfn.XLOOKUP($L$10,'Annex 2 Designated EHV charges'!$G:$G,'Annex 2 Designated EHV charges'!K:K),"") -> 0 | P10: =IFERROR(_xlfn.XLOOKUP($L$10,'Annex 2 Designated EHV charges'!$G:$G,'Annex 2 Designated EHV charges'!L:L),"") -> 0 | Q10: =IFERROR(_xlfn.XLOOKUP($L$10,'Annex 2 Designated EHV charges'!$G:$G,'Annex 2 Designated EHV charges'!M:M),"") -> 0 | R10: =IFERROR(_xlfn.XLOOKUP($L$10,'Annex 2 Designated EHV charges'!$G:$G,'Annex 2 Designated EHV charges'!N:N),"") -> 0 | S10: =IFERROR(_xlfn.XLOOKUP($L$10,'Annex 2 Designated EHV charges'!$G:$G,'Annex 2 Designated EHV charges'!O:O),"") -> 0 | T10: =IFERROR(_xlfn.XLOOKUP($L$10,'Annex 2 Designated EHV charges'!$G:$G,'Annex 2 Designated EHV charges'!P:P),"") -> 0 | AB10: Non-Domestic Aggregated (related MPAN) | AC10: Red unit charge p/kWh | AD10: Amber unit charge p/kWh | AE10: Green unit charge p/kWh | AF10: n/a | AG10: n/a | AH10: n/a | AI10: n/a
AB11: LV Site Specific No Residual | AC11: Red unit charge p/kWh | AD11: Amber unit charge p/kWh | AE11: Green unit charge p/kWh | AF11: Fixed charge p/MPAN/day | AG11: Capacity charge p/kVA/day | AH11: Exceeded Capacity charge p/kVA/day | AI11: Reactive power charge p/kVArh
B12: Tariff components | C12: =C9 -> Red/black unit charge p/kWh | D12: =D9 -> Amber/yellow unit charge p/kWh | E12: =E9 -> Green unit charge p/kWh | F12: Number of days in consumption period i.e. 365 if one year | G12: Maximum import or export capacity kVA | H12: Average daily exceeded capacity kVA | I12: Excess reactive units kVArh | L12: Tariff components | M12: Import super red kWh | N12: Number of days in consumption period i.e. 365 if one year | O12: Maximum import capacity kVA | P12: Average daily exceeded capacity kVA | Q12: Export Super Red kWh | R12: Number of days in consumption period i.e. 365 if one year | S12: Maximum export capacity kVA | T12: Average daily exceeded capacity kVA | AB12: LV Site Specific Band 1 | AC12: Red unit charge p/kWh | AD12: Amber unit charge p/kWh | AE12: Green unit charge p/kWh | AF12: Fixed charge p/MPAN/day | AG12: Capacity charge p/kVA/day | AH12: Exceeded Capacity charge p/kVA/day | AI12: Reactive power charge p/kVArh
B13: Enter current consumption details | L13: Enter current consumption details | R13: =N13 -> 0 | AB13: LV Site Specific Band 2 | AC13: Red unit charge p/kWh | AD13: Amber unit charge p/kWh | AE13: Green unit charge p/kWh | AF13: Fixed charge p/MPAN/day | AG13: Capacity charge p/kVA/day | AH13: Exceeded Capacity charge p/kVA/day | AI13: Reactive power charge p/kVArh
B14: Enter forecast consumption details (if different) | C14: =C13 -> 0 | D14: =D13 -> 0 | E14: =E13 -> 0 | F14: =F13 -> 0 | G14: =G13 -> 0 | H14: =H13 -> 0 | I14: =I13 -> 0 | L14: Enter forecast consumption details (if different) | M14: =M13 -> 0 | N14: =N13 -> 0 | O14: =O13 -> 0 | P14: =P13 -> 0 | Q14: =Q13 -> 0 | R14: =R13 -> 0 | S14: =S13 -> 0 | T14: =T13 -> 0 | AB14: LV Site Specific Band 3 | AC14: Red unit charge p/kWh | AD14: Amber unit charge p/kWh | AE14: Green unit charge p/kWh | AF14: Fixed charge p/MPAN/day | AG14: Capacity charge p/kVA/day | AH14: Exceeded Capacity charge p/kVA/day | AI14: Reactive power charge p/kVArh
AB15: LV Site Specific Band 4 | AC15: Red unit charge p/kWh | AD15: Amber unit charge p/kWh | AE15: Green unit charge p/kWh | AF15: Fixed charge p/MPAN/day | AG15: Capacity charge p/kVA/day | AH15: Exceeded Capacity charge p/kVA/day | AI15: Reactive power charge p/kVArh
B16: Charge components | C16: Unit 1 £ | D16: Unit 2 £ | E16: Unit 3 £ | F16: Fixed charge £ | G16: Capacity charge £ | H16: Exceeded capacity charge £ | I16: Reactive power charge £ | L16: Charge components | M16: Import super red charge £ | N16: Import fixed charge £ | O16: Import capacity charge £ | P16: Import exceeded capacity charge £ | Q16: Export super red charge £ | R16: Export fixed charge £ | S16: Export capacity charge £ | T16: Export exceeded capacity charge £ | AB16: LV Sub Site Specific No Residual | AC16: Red unit charge p/kWh | AD16: Amber unit charge p/kWh | AE16: Green unit charge p/kWh | AF16: Fixed charge p/MPAN/day | AG16: Capacity charge p/kVA/day | AH16: Exceeded Capacity charge p/kVA/day | AI16: Reactive power charge p/kVArh
B17: Current consumption period charges | C17: =IFERROR(C10*C13/100,"") | D17: =IFERROR(D10*D13/100,"") | E17: =IFERROR(E10*E13/100,"") | F17: =IFERROR(F10*F13/100,"") | G17: =IFERROR(G10*G13*F13/100,"") | H17: =IFERROR(H10*H13*F13/100,"") | I17: =IFERROR(I10*I13/100,"") | L17: Current consumption period charges | M17: =IFERROR(M10*M13/100,"") -> 0 | N17: =IFERROR(N10*N13/100,"") -> 0 | O17: =IFERROR(O10*O13*N13/100,"") -> 0 | P17: =IFERROR(P10*P13*N13/100,"") -> 0 | Q17: =IFERROR(Q10*Q13/100,"") -> 0 | R17: =IFERROR(R10*R13/100,"") -> 0 | S17: =IFERROR(S10*S13*R13/100,"") -> 0 | T17: =IFERROR(T10*T13*R13/100,"") -> 0 | AB17: LV Sub Site Specific Band 1 | AC17: Red unit charge p/kWh | AD17: Amber unit charge p/kWh | AE17: Green unit charge p/kWh | AF17: Fixed charge p/MPAN/day | AG17: Capacity charge p/kVA/day | AH17: Exceeded Capacity charge p/kVA/day | AI17: Reactive power charge p/kVArh
B18: Forecast consumption period charges | C18: =IFERROR(C10*C14/100,"") | D18: =IFERROR(D10*D14/100,"") | E18: =IFERROR(E10*E14/100,"") | F18: =IFERROR(F10*F14/100,"") | G18: =IFERROR(G10*G14*F14/100,"") | H18: =IFERROR(H10*H14*F14/100,"") | I18: =IFERROR(I10*I14/100,"") | L18: Forecast consumption period charges | M18: =IFERROR(M10*M14/100,"") -> 0 | N18: =IFERROR(N10*N14/100,"") -> 0 | O18: =IFERROR(O10*O14*N14/100,"") -> 0 | P18: =IFERROR(P10*P14*N14/100,"") -> 0 | Q18: =IFERROR(Q10*Q14/100,"") -> 0 | R18: =IFERROR(R10*R14/100,"") -> 0 | S18: =IFERROR(S10*S14*R14/100,"") -> 0 | T18: =IFERROR(T10*T14*R14/100,"") -> 0 | AB18: LV Sub Site Specific Band 2 | AC18: Red unit charge p/kWh | AD18: Amber unit charge p/kWh | AE18: Green unit charge p/kWh | AF18: Fixed charge p/MPAN/day | AG18: Capacity charge p/kVA/day | AH18: Exceeded Capacity charge p/kVA/day | AI18: Reactive power charge p/kVArh
AB19: LV Sub Site Specific Band 3 | AC19: Red unit charge p/kWh | AD19: Amber unit charge p/kWh | AE19: Green unit charge p/kWh | AF19: Fixed charge p/MPAN/day | AG19: Capacity charge p/kVA/day | AH19: Exceeded Capacity charge p/kVA/day | AI19: Reactive power charge p/kVArh
C20: Total charge £ | M20: Import total charge £ | N20: Export total charge £ | AB20: LV Sub Site Specific Band 4 | AC20: Red unit charge p/kWh | AD20: Amber unit charge p/kWh | AE20: Green unit charge p/kWh | AF20: Fixed charge p/MPAN/day | AG20: Capacity charge p/kVA/day | AH20: Exceeded Capacity charge p/kVA/day | AI20: Reactive power charge p/kVArh
B21: Current consumption period charges | C21: =SUM(C17:I17) -> 0 | L21: Current consumption period charges | M21: =SUM(M17:P17) -> 0 | N21: =SUM(Q17:T17) -> 0 | AB21: HV Site Specific No Residual | AC21: Red unit charge p/kWh | AD21: Amber unit charge p/kWh | AE21: Green unit charge p/kWh | AF21: Fixed charge p/MPAN/day | AG21: Capacity charge p/kVA/day | AH21: Exceeded Capacity charge p/kVA/day | AI21: Reactive power charge p/kVArh
B22: Forecast consumption period charges | C22: =SUM(C18:I18) -> 0 | L22: Forecast consumption period charges | M22: =SUM(M18:P18) -> 0 | N22: =SUM(Q18:T18) -> 0 | AB22: HV Site Specific Band 1 | AC22: Red unit charge p/kWh | AD22: Amber unit charge p/kWh | AE22: Green unit charge p/kWh | AF22: Fixed charge p/MPAN/day | AG22: Capacity charge p/kVA/day | AH22: Exceeded Capacity charge p/kVA/day | AI22: Reactive power charge p/kVArh
AB23: HV Site Specific Band 2 | AC23: Red unit charge p/kWh | AD23: Amber unit charge p/kWh | AE23: Green unit charge p/kWh | AF23: Fixed charge p/MPAN/day | AG23: Capacity charge p/kVA/day | AH23: Exceeded Capacity charge p/kVA/day | AI23: Reactive power charge p/kVArh
B24: These charges are estimates based on tariff selected and consumption values entered. | L24: These charges are estimates based on site selected and consumption values entered. | AB24: HV Site Specific Band 3 | AC24: Red unit charge p/kWh | AD24: Amber unit charge p/kWh | AE24: Green unit charge p/kWh | AF24: Fixed charge p/MPAN/day | AG24: Capacity charge p/kVA/day | AH24: Exceeded Capacity charge p/kVA/day | AI24: Reactive power charge p/kVArh
AB25: HV Site Specific Band 4 | AC25: Red unit charge p/kWh | AD25: Amber unit charge p/kWh | AE25: Green unit charge p/kWh | AF25: Fixed charge p/MPAN/day | AG25: Capacity charge p/kVA/day | AH25: Exceeded Capacity charge p/kVA/day | AI25: Reactive power charge p/kVArh
AB26: Unmetered Supplies | AC26: Black unit charge p/kWh | AD26: Yellow unit charge p/kWh | AE26: Green unit charge p/kWh | AF26: n/a | AG26: n/a | AH26: n/a | AI26: n/a
AB27: LV Generation Aggregated | AC27: Red unit charge p/kWh | AD27: Amber unit charge p/kWh | AE27: Green unit charge p/kWh | AF27: Fixed charge p/MPAN/day | AG27: n/a | AH27: n/a | AI27: n/a
AB28: LV Sub Generation Aggregated | AC28: Red unit charge p/kWh | AD28: Amber unit charge p/kWh | AE28: Green unit charge p/kWh | AF28: Fixed charge p/MPAN/day | AG28: n/a | AH28: n/a | AI28: n/a
AB29: LV Generation Site Specific | AC29: Red unit charge p/kWh | AD29: Amber unit charge p/kWh | AE29: Green unit charge p/kWh | AF29: Fixed charge p/MPAN/day | AG29: n/a | AH29: n/a | AI29: Reactive power charge p/kVArh
AB30: LV Generation Site Specific no RP charge | AC30: Red unit charge p/kWh | AD30: Amber unit charge p/kWh | AE30: Green unit charge p/kWh | AF30: Fixed charge p/MPAN/day | AG30: n/a | AH30: n/a | AI30: n/a
AB31: LV Sub Generation Site Specific | AC31: Red unit charge p/kWh | AD31: Amber unit charge p/kWh | AE31: Green unit charge p/kWh | AF31: Fixed charge p/MPAN/day | AG31: n/a | AH31: n/a | AI31: Reactive power charge p/kVArh
AB32: LV Sub Generation Site Specific no RP charge | AC32: Red unit charge p/kWh | AD32: Amber unit charge p/kWh | AE32: Green unit charge p/kWh | AF32: Fixed charge p/MPAN/day | AG32: n/a | AH32: n/a | AI32: n/a
AB33: HV Generation Site Specific | AC33: Red unit charge p/kWh | AD33: Amber unit charge p/kWh | AE33: Green unit charge p/kWh | AF33: Fixed charge p/MPAN/day | AG33: n/a | AH33: n/a | AI33: Reactive power charge p/kVArh
AB34: HV Generation Site Specific no RP charge | AC34: Red unit charge p/kWh | AD34: Amber unit charge p/kWh | AE34: Green unit charge p/kWh | AF34: Fixed charge p/MPAN/day | AG34: n/a | AH34: n/a | AI34: n/a
